Workbook

Sheet PADRAO E REFERENCIA
B1: Produtividade | F1: Jornada Diária | G1: 8.8 | H1: Jornada Semanal | I1: 44 | L1: Agente x Líder x Encarregado
A2: Nº | B2: Tipo de Área | C2: Selecionar o tipo da superfície | D2: Padrão Definido | F2: Selecione a Periodicidade | G2: Horas de Trabalho no Mês | H2: % da Diária | I2: Jornadas no mês | J2: % 1 Hora na Jornada | L2: Mão de Obra | M2: Proporção (Mín) | N2: Proporção (Máx)
A3: 1 | B3: ='IN 05-2017'!A2 -> Área Interna | C3: ='IN 05-2017'!B2 -> 01.01.Pisos Acarpetados | D3: =MAX('IN 05-2017'!C2,'IN 05-2017'!D2) -> 1200 | F3: 01.Diária | G3: 220 | H3: =Tabela3[[#This Row],[Horas de Trabalho no Mês]]/Tabela3[[#This Row],[Horas de Trabalho no Mês]] -> 1 | I3: 22 | J3: =1/Tabela3[[#This Row],[Horas de Trabalho no Mês]] -> 0.0045454545 | L3: Agente | M3: 1 | N3: 4
A4: 2 | B4: ='IN 05-2017'!A3 -> Área Interna | C4: ='IN 05-2017'!B3 -> 01.02.Pisos Frios | D4: =MAX('IN 05-2017'!C3,'IN 05-2017'!D3) -> 1200 | F4: 02.Semanal | G4: =ROUND((G3/44),2)*8.8 -> 44 | H4: =Tabela3[[#This Row],[Horas de Trabalho no Mês]]/G3 -> 0.2 | I4: 5 | J4: =1/Tabela3[[#This Row],[Horas de Trabalho no Mês]] -> 0.022727273 | L4: Líder de Serviços | M4: 5 | N4: 10
A5: 3 | B5: ='IN 05-2017'!A4 -> Área Interna | C5: ='IN 05-2017'!B4 -> 01.02.Laboratórios | D5: =MAX('IN 05-2017'!C4,'IN 05-2017'!D4) -> 450 | F5: 03.Quinzenal | G5: =G4/2 -> 22 | H5: =Tabela3[[#This Row],[Horas de Trabalho no Mês]]/G3 -> 0.1 | I5: =I4/2 -> 2.5 | J5: =1/Tabela3[[#This Row],[Horas de Trabalho no Mês]] -> 0.045454545 | L5: Encarregado | M5: 11 | N5: 30
A6: 4 | B6: ='IN 05-2017'!A5 -> Área Interna | C6: ='IN 05-2017'!B5 -> 01.03.Almoxarifados e Galpões | D6: =MAX('IN 05-2017'!C5,'IN 05-2017'!D5) -> 2500 | F6: 04.Mensal | G6: =G1 -> 8.8 | H6: =Tabela3[[#This Row],[Horas de Trabalho no Mês]]/G3 -> 0.04 | I6: 1 | J6: =1/Tabela3[[#This Row],[Horas de Trabalho no Mês]] -> 0.11363636
A7: 5 | B7: ='IN 05-2017'!A6 -> Área Interna | C7: ='IN 05-2017'!B6 -> 01.04.Oficinas | D7: =MAX('IN 05-2017'!C6,'IN 05-2017'!D6) -> 1800 | F7: 05.Semestral | G7: =G6/6 -> 1.4666667 | H7: =Tabela3[[#This Row],[Horas de Trabalho no Mês]]/G3 -> 0.0066666667 | I7: =I6/6 -> 0.16666667 | J7: =J3*6 -> 0.027272727
A8: 6 | B8: ='IN 05-2017'!A7 -> Área Interna | C8: ='IN 05-2017'!B7 -> 01.05.Áreas com espaços livres (saguão, hall e salão) | D8: =MAX('IN 05-2017'!C7,'IN 05-2017'!D7) -> 1500
A9: 7 | B9: ='IN 05-2017'!A8 -> Área Interna | C9: ='IN 05-2017'!B8 -> 01.06.Banheiros | D9: =MAX('IN 05-2017'!C8,'IN 05-2017'!D8) -> 300
A10: 8 | B10: ='IN 05-2017'!A9 -> Área Externa | C10: ='IN 05-2017'!B9 -> 02.01.Pisos pavimentados adjacentes e contíguos às edificações | D10: =MAX('IN 05-2017'!C9,'IN 05-2017'!D9) -> 2700 | F10: PERCENTUAIS DE DESLIGAMENTOS - SEM JUSTA CAUSA | G10: PERCENTUAIS
A11: 9 | B11: ='IN 05-2017'!A10 -> Área Externa | C11: ='IN 05-2017'!B10 -> 02.01.Varrição de passeios e arruamentos | D11: =MAX('IN 05-2017'!C10,'IN 05-2017'!D10) -> 9000 | F11: AP INDENIZADO | G11: 0.0555
A12: 10 | B12: ='IN 05-2017'!A11 -> Área Externa | C12: ='IN 05-2017'!B11 -> 02.03.Pátios e áreas verdes com alta frequência | D12: =MAX('IN 05-2017'!C11,'IN 05-2017'!D11) -> 2700 | F12: AP TRABALHADO | G12: =100%-G11 -> 0.9445
A13: 11 | B13: ='IN 05-2017'!A12 -> Área Externa | C13: ='IN 05-2017'!B12 -> 02.04.Pátios e áreas verdes com média frequência | D13: =MAX('IN 05-2017'!C12,'IN 05-2017'!D12) -> 2700
A14: 12 | B14: ='IN 05-2017'!A13 -> Área Externa | C14: ='IN 05-2017'!B13 -> 02.05.Pátios e áreas verdes com baixa frequência | D14: =MAX('IN 05-2017'!C13,'IN 05-2017'!D13) -> 2700
A15: 13 | B15: ='IN 05-2017'!A14 -> Área Externa | C15: ='IN 05-2017'!B14 -> 02.06.Coleta de detritos em pátios e áreas verdes com frequência diária | D15: =MAX('IN 05-2017'!C14,'IN 05-2017'!D14) -> 100000
A16: 14 | B16: ='IN 05-2017'!A15 -> Esquadrias | C16: ='IN 05-2017'!B15 -> 03.01.Face externa com exposição a situação de risco | D16: =MAX('IN 05-2017'!C15,'IN 05-2017'!D15) -> 160
A17: 15 | B17: ='IN 05-2017'!A16 -> Esquadrias | C17: ='IN 05-2017'!B16 -> 03.02.Face externa sem exposição a situação de risco | D17: =MAX('IN 05-2017'!C16,'IN 05-2017'!D16) -> 380
A18: 16 | B18: ='IN 05-2017'!A17 -> Esquadrias | C18: ='IN 05-2017'!B17 -> 03.03.Face interna | D18: =MAX('IN 05-2017'!C17,'IN 05-2017'!D17) -> 380
A19: 17 | B19: ='IN 05-2017'!A18 -> Fachadas Envidraçadas | C19: ='IN 05-2017'!B18 -> 04.01.Fachadas Envidraçadas | D19: =MAX('IN 05-2017'!C18,'IN 05-2017'!D18) -> 160
A20: 18 | B20: ='IN 05-2017'!A19 -> Áreas Hospitalares e similares | C20: ='IN 05-2017'!B19 -> 05.01.Enfermaria | D20: =MAX('IN 05-2017'!C19,'IN 05-2017'!D19) -> 450
A21: 19 | B21: ='IN 05-2017'!A20 -> Não definido | C21: ='IN 05-2017'!B20 -> 99.99.Não definido | D21: =MAX('IN 05-2017'!C20,'IN 05-2017'!D20) -> 0
B22: ='IN 05-2017'!A21 -> 0 | C22: ='IN 05-2017'!B21 -> 0 | D22: =MAX('IN 05-2017'!C21,'IN 05-2017'!D21) -> 0

Sheet IN 05-2017
A1: Tipo de Área | B1: Subtipo | C1: Produtividade Mínima (m2) | D1: Produtividade Máxima (m2)
A2: Área Interna | B2: 01.01.Pisos Acarpetados | C2: 800 | D2: 1200
A3: Área Interna | B3: 01.02.Pisos Frios | C3: 800 | D3: 1200
A4: Área Interna | B4: 01.02.Laboratórios | C4: 360 | D4: 450
A5: Área Interna | B5: 01.03.Almoxarifados e Galpões | C5: 1500 | D5: 2500
A6: Área Interna | B6: 01.04.Oficinas | C6: 1200 | D6: 1800
A7: Área Interna | B7: 01.05.Áreas com espaços livres (saguão, hall e salão) | C7: 1000 | D7: 1500
A8: Área Interna | B8: 01.06.Banheiros | C8: 200 | D8: 300
A9: Área Externa | B9: 02.01.Pisos pavimentados adjacentes e contíguos às edificações | C9: 1800 | D9: 2700
A10: Área Externa | B10: 02.01.Varrição de passeios e arruamentos | C10: 6000 | D10: 9000
A11: Área Externa | B11: 02.03.Pátios e áreas verdes com alta frequência | C11: 1800 | D11: 2700
A12: Área Externa | B12: 02.04.Pátios e áreas verdes com média frequência | C12: 1800 | D12: 2700
A13: Área Externa | B13: 02.05.Pátios e áreas verdes com baixa frequência | C13: 1800 | D13: 2700
... A20: Não definido | B20: 99.99.Não definido | C20: 0 | D20: 0
B24: LIMPEZA E CONSERVAÇÃO | C24: Maximo | D24: Mínimo
B25: Custos Indiretos | C25: 0.06 | D25: 0.035
B26: Tributos | C26: =SUM(C27:C29) -> 0.0865 | D26: =SUM(D27:D29) -> 0.082
B27: PIS | C27: 0.0065 | D27: 0.0057
B28: COFINS | C28: 0.03 | D28: 0.0263
B29: ISS | C29: 0.05 | D29: 0.05
B30: Lucro | C30: 0.0679 | D30: 0.039

Sheet VERIFICAÇÃO DO DESEQUILÍBRIO
A1: Item | B1: Tipo da Área | C1: Área Efetiva Mensal | D1: Produtividade Média Diária | E1: Mão de Obra | F1: Média de custos do M2 limpo pelo Agente | G1: Média de custos do M2 limpo pelo Líder | H1: Média de Custos do M2 limpo total | I1: Remuneração Mensal Agente | J1: Remuneração Mensal Líder | K1: Remuneração Mensal Total | L1: Meses do Contrato | M1: Remuneração Anual
A2: 1 | B2: 01.02.Pisos Frios | C2: =IF(Tabela756[[#This Row],[Tipo da Área]]="","",VLOOKUP(Tabela756[[#This Row],[Tipo da Área]],'TABELA DE ATUALIZAÇÃO PROPOSTA'!$A$3:$K$59,2,FALSE)) -> 3199.422 | D2: =VLOOKUP(Tabela756[[#This Row],[Tipo da Área]],'TABELA DE ATUALIZAÇÃO PROPOSTA'!$A$4:$K$60,3,FALSE) -> 1200 | E2: =IF(Tabela756[[#This Row],[Tipo da Área]]="","",VLOOKUP(Tabela756[[#This Row],[Tipo da Área]],'TABELA DE ATUALIZAÇÃO PROPOSTA'!$A$3:$K$59,4,FALSE)) -> 2.666185 | F2: =IF(Tabela756[[#This Row],[Tipo da Área]]="","",VLOOKUP(Tabela756[[#This Row],[Tipo da Área]],'TABELA DE ATUALIZAÇÃO PROPOSTA'!$A$3:$K$59,5,FALSE)) -> 2.2584762 | G2: =IF(Tabela756[[#This Row],[Tipo da Área]]="","",VLOOKUP(Tabela756[[#This Row],[Tipo da Área]],'TABELA DE ATUALIZAÇÃO PROPOSTA'!$A$3:$K$59,6,FALSE)) -> 0.52328362 | H2: =IF(Tabela756[[#This Row],[Tipo da Área]]="","",VLOOKUP(Tabela756[[#This Row],[Tipo da Área]],'TABELA DE ATUALIZAÇÃO PROPOSTA'!$A$3:$K$59,7,FALSE)) -> 2.7817598 | I2: =IF(Tabela756[[#This Row],[Tipo da Área]]="","",VLOOKUP(Tabela756[[#This Row],[Tipo da Área]],'TABELA DE ATUALIZAÇÃO PROPOSTA'!$A$3:$K$59,8,FALSE)) -> 7225.8185 | J2: =IF(Tabela756[[#This Row],[Tipo da Área]]="","",VLOOKUP(Tabela756[[#This Row],[Tipo da Área]],'TABELA DE ATUALIZAÇÃO PROPOSTA'!$A$3:$K$59,9,FALSE)) -> 1674.2051 | K2: =IF(Tabela756[[#This Row],[Tipo da Área]]="","",VLOOKUP(Tabela756[[#This Row],[Tipo da Área]],'TABELA DE ATUALIZAÇÃO PROPOSTA'!$A$3:$K$59,10,FALSE)) -> 8900.0236 | L2: 12 | M2: =Tabela756[[#This Row],[Meses do Contrato]]*Tabela756[[#This Row],[Remuneração Mensal Total]] -> 106800.28
A3: 2 | B3: 01.02.Laboratórios | C3: =IF(Tabela756[[#This Row],[Tipo da Área]]="","",VLOOKUP(Tabela756[[#This Row],[Tipo da Área]],'TABELA DE ATUALIZAÇÃO PROPOSTA'!$A$3:$K$59,2,FALSE)) -> 328.38 | D3: =VLOOKUP(Tabela756[[#This Row],[Tipo da Área]],'TABELA DE ATUALIZAÇÃO PROPOSTA'!$A$4:$K$60,3,FALSE) -> 392 | E3: =IF(Tabela756[[#This Row],[Tipo da Área]]="","",VLOOKUP(Tabela756[[#This Row],[Tipo da Área]],'TABELA DE ATUALIZAÇÃO PROPOSTA'!$A$3:$K$59,4,FALSE)) -> 0.83671329 | F3: =IF(Tabela756[[#This Row],[Tipo da Área]]="","",VLOOKUP(Tabela756[[#This Row],[Tipo da Área]],'TABELA DE ATUALIZAÇÃO PROPOSTA'!$A$3:$K$59,5,FALSE)) -> 6.9140608 | G3: =IF(Tabela756[[#This Row],[Tipo da Área]]="","",VLOOKUP(Tabela756[[#This Row],[Tipo da Área]],'TABELA DE ATUALIZAÇÃO PROPOSTA'!$A$3:$K$59,6,FALSE)) -> 1.6019716 | H3: =IF(Tabela756[[#This Row],[Tipo da Área]]="","",VLOOKUP(Tabela756[[#This Row],[Tipo da Área]],'TABELA DE ATUALIZAÇÃO PROPOSTA'!$A$3:$K$59,7,FALSE)) -> 8.5160324 | I3: =IF(Tabela756[[#This Row],[Tipo da Área]]="","",VLOOKUP(Tabela756[[#This Row],[Tipo da Área]],'TABELA DE ATUALIZAÇÃO PROPOSTA'!$A$3:$K$59,8,FALSE)) -> 2267.6365 | J3: =IF(Tabela756[[#This Row],[Tipo da Área]]="","",VLOOKUP(Tabela756[[#This Row],[Tipo da Área]],'TABELA DE ATUALIZAÇÃO PROPOSTA'!$A$3:$K$59,9,FALSE)) -> 525.40603 | K3: =IF(Tabela756[[#This Row],[Tipo da Área]]="","",VLOOKUP(Tabela756[[#This Row],[Tipo da Área]],'TABELA DE ATUALIZAÇÃO PROPOSTA'!$A$3:$K$59,10,FALSE)) -> 2793.0425 | L3: 12 | M3: =Tabela756[[#This Row],[Meses do Contrato]]*Tabela756[[#This Row],[Remuneração Mensal Total]] -> 33516.51
A4: 3 | B4: 01.06.Banheiros | C4: =IF(Tabela756[[#This Row],[Tipo da Área]]="","",VLOOKUP(Tabela756[[#This Row],[Tipo da Área]],'TABELA DE ATUALIZAÇÃO PROPOSTA'!$A$3:$K$59,2,FALSE)) -> 155.9784 | D4: =VLOOKUP(Tabela756[[#This Row],[Tipo da Área]],'TABELA DE ATUALIZAÇÃO PROPOSTA'!$A$4:$K$60,3,FALSE) -> 300 | E4: =IF(Tabela756[[#This Row],[Tipo da Área]]="","",VLOOKUP(Tabela756[[#This Row],[Tipo da Área]],'TABELA DE ATUALIZAÇÃO PROPOSTA'!$A$3:$K$59,4,FALSE)) -> 0.519928 | F4: =IF(Tabela756[[#This Row],[Tipo da Área]]="","",VLOOKUP(Tabela756[[#This Row],[Tipo da Área]],'TABELA DE ATUALIZAÇÃO PROPOSTA'!$A$3:$K$59,5,FALSE)) -> 9.0339049 | G4: =IF(Tabela756[[#This Row],[Tipo da Área]]="","",VLOOKUP(Tabela756[[#This Row],[Tipo da Área]],'TABELA DE ATUALIZAÇÃO PROPOSTA'!$A$3:$K$59,6,FALSE)) -> 2.0931345 | H4: =IF(Tabela756[[#This Row],[Tipo da Área]]="","",VLOOKUP(Tabela756[[#This Row],[Tipo da Área]],'TABELA DE ATUALIZAÇÃO PROPOSTA'!$A$3:$K$59,7,FALSE)) -> 11.127039 | I4: =IF(Tabela756[[#This Row],[Tipo da Área]]="","",VLOOKUP(Tabela756[[#This Row],[Tipo da Área]],'TABELA DE ATUALIZAÇÃO PROPOSTA'!$A$3:$K$59,8,FALSE)) -> 1409.094 | J4: =IF(Tabela756[[#This Row],[Tipo da Área]]="","",VLOOKUP(Tabela756[[#This Row],[Tipo da Área]],'TABELA DE ATUALIZAÇÃO PROPOSTA'!$A$3:$K$59,9,FALSE)) -> 326.48376 | K4: =IF(Tabela756[[#This Row],[Tipo da Área]]="","",VLOOKUP(Tabela756[[#This Row],[Tipo da Área]],'TABELA DE ATUALIZAÇÃO PROPOSTA'!$A$3:$K$59,10,FALSE)) -> 1735.5778 | L4: 12 | M4: =Tabela756[[#This Row],[Meses do Contrato]]*Tabela756[[#This Row],[Remuneração Mensal Total]] -> 20826.933
A5: 4 | B5: 02.01.Pisos pavimentados adjacentes e contíguos às edificações | C5: =IF(Tabela756[[#This Row],[Tipo da Área]]="","",VLOOKUP(Tabela756[[#This Row],[Tipo da Área]],'TABELA DE ATUALIZAÇÃO PROPOSTA'!$A$3:$K$59,2,FALSE)) -> 424.5 | D5: =VLOOKUP(Tabela756[[#This Row],[Tipo da Área]],'TABELA DE ATUALIZAÇÃO PROPOSTA'!$A$4:$K$60,3,FALSE) -> 2700 | E5: =IF(Tabela756[[#This Row],[Tipo da Área]]="","",VLOOKUP(Tabela756[[#This Row],[Tipo da Área]],'TABELA DE ATUALIZAÇÃO PROPOSTA'!$A$3:$K$59,4,FALSE)) -> 0.15722222 | F5: =IF(Tabela756[[#This Row],[Tipo da Área]]="","",VLOOKUP(Tabela756[[#This Row],[Tipo da Área]],'TABELA DE ATUALIZAÇÃO PROPOSTA'!$A$3:$K$59,5,FALSE)) -> 1.0037672 | G5: =IF(Tabela756[[#This Row],[Tipo da Área]]="","",VLOOKUP(Tabela756[[#This Row],[Tipo da Área]],'TABELA DE ATUALIZAÇÃO PROPOSTA'!$A$3:$K$59,6,FALSE)) -> 0.2325705 | H5: =IF(Tabela756[[#This Row],[Tipo da Área]]="","",VLOOKUP(Tabela756[[#This Row],[Tipo da Área]],'TABELA DE ATUALIZAÇÃO PROPOSTA'!$A$3:$K$59,7,FALSE)) -> 1.2363377 | I5: =IF(Tabela756[[#This Row],[Tipo da Área]]="","",VLOOKUP(Tabela756[[#This Row],[Tipo da Área]],'TABELA DE ATUALIZAÇÃO PROPOSTA'!$A$3:$K$59,8,FALSE)) -> 426.09918 | J5: =IF(Tabela756[[#This Row],[Tipo da Área]]="","",VLOOKUP(Tabela756[[#This Row],[Tipo da Área]],'TABELA DE ATUALIZAÇÃO PROPOSTA'!$A$3:$K$59,9,FALSE)) -> 98.726176 | K5: =IF(Tabela756[[#This Row],[Tipo da Área]]="","",VLOOKUP(Tabela756[[#This Row],[Tipo da Área]],'TABELA DE ATUALIZAÇÃO PROPOSTA'!$A$3:$K$59,10,FALSE)) -> 524.82535 | L5: 12 | M5: =Tabela756[[#This Row],[Meses do Contrato]]*Tabela756[[#This Row],[Remuneração Mensal Total]] -> 6297.9043
A6: 5 | B6: 03.01.Face externa com exposição a situação de risco | C6: =IF(Tabela756[[#This Row],[Tipo da Área]]="","",VLOOKUP(Tabela756[[#This Row],[Tipo da Área]],'TABELA DE ATUALIZAÇÃO PROPOSTA'!$A$3:$K$59,2,FALSE)) -> 99.64 | D6: =VLOOKUP(Tabela756[[#This Row],[Tipo da Área]],'TABELA DE ATUALIZAÇÃO PROPOSTA'!$A$4:$K$60,3,FALSE) -> 160 | E6: =IF(Tabela756[[#This Row],[Tipo da Área]]="","",VLOOKUP(Tabela756[[#This Row],[Tipo da Área]],'TABELA DE ATUALIZAÇÃO PROPOSTA'!$A$3:$K$59,4,FALSE)) -> 0.62275 | F6: =IF(Tabela756[[#This Row],[Tipo da Área]]="","",VLOOKUP(Tabela756[[#This Row],[Tipo da Área]],'TABELA DE ATUALIZAÇÃO PROPOSTA'!$A$3:$K$59,5,FALSE)) -> 16.938572 | G6: =IF(Tabela756[[#This Row],[Tipo da Área]]="","",VLOOKUP(Tabela756[[#This Row],[Tipo da Área]],'TABELA DE ATUALIZAÇÃO PROPOSTA'!$A$3:$K$59,6,FALSE)) -> 3.9246271 | H6: =IF(Tabela756[[#This Row],[Tipo da Área]]="","",VLOOKUP(Tabela756[[#This Row],[Tipo da Área]],'TABELA DE ATUALIZAÇÃO PROPOSTA'!$A$3:$K$59,7,FALSE)) -> 20.863199 | I6: =IF(Tabela756[[#This Row],[Tipo da Área]]="","",VLOOKUP(Tabela756[[#This Row],[Tipo da Área]],'TABELA DE ATUALIZAÇÃO PROPOSTA'!$A$3:$K$59,8,FALSE)) -> 1687.7593 | J6: =IF(Tabela756[[#This Row],[Tipo da Área]]="","",VLOOKUP(Tabela756[[#This Row],[Tipo da Área]],'TABELA DE ATUALIZAÇÃO PROPOSTA'!$A$3:$K$59,9,FALSE)) -> 391.04985 | K6: =IF(Tabela756[[#This Row],[Tipo da Área]]="","",VLOOKUP(Tabela756[[#This Row],[Tipo da Área]],'TABELA DE ATUALIZAÇÃO PROPOSTA'!$A$3:$K$59,10,FALSE)) -> 2078.8091 | L6: 12 | M6: =Tabela756[[#This Row],[Meses do Contrato]]*Tabela756[[#This Row],[Remuneração Mensal Total]] -> 24945.709
A7: 6 | B7: 03.03.Face interna | C7: =IF(Tabela756[[#This Row],[Tipo da Área]]="","",VLOOKUP(Tabela756[[#This Row],[Tipo da Área]],'TABELA DE ATUALIZAÇÃO PROPOSTA'!$A$3:$K$59,2,FALSE)) -> 21.8 | D7: =VLOOKUP(Tabela756[[#This Row],[Tipo da Área]],'TABELA DE ATUALIZAÇÃO PROPOSTA'!$A$4:$K$60,3,FALSE) -> 380 | E7: =IF(Tabela756[[#This Row],[Tipo da Área]]="","",VLOOKUP(Tabela756[[#This Row],[Tipo da Área]],'TABELA DE ATUALIZAÇÃO PROPOSTA'!$A$3:$K$59,4,FALSE)) -> 0.057368421 | F7: =IF(Tabela756[[#This Row],[Tipo da Área]]="","",VLOOKUP(Tabela756[[#This Row],[Tipo da Área]],'TABELA DE ATUALIZAÇÃO PROPOSTA'!$A$3:$K$59,5,FALSE)) -> 7.1320302 | G7: =IF(Tabela756[[#This Row],[Tipo da Área]]="","",VLOOKUP(Tabela756[[#This Row],[Tipo da Área]],'TABELA DE ATUALIZAÇÃO PROPOSTA'!$A$3:$K$59,6,FALSE)) -> 1.6524746 | H7: =IF(Tabela756[[#This Row],[Tipo da Área]]="","",VLOOKUP(Tabela756[[#This Row],[Tipo da Área]],'TABELA DE ATUALIZAÇÃO PROPOSTA'!$A$3:$K$59,7,FALSE)) -> 8.7845047 | I7: =IF(Tabela756[[#This Row],[Tipo da Área]]="","",VLOOKUP(Tabela756[[#This Row],[Tipo da Área]],'TABELA DE ATUALIZAÇÃO PROPOSTA'!$A$3:$K$59,8,FALSE)) -> 155.47826 | J7: =IF(Tabela756[[#This Row],[Tipo da Área]]="","",VLOOKUP(Tabela756[[#This Row],[Tipo da Área]],'TABELA DE ATUALIZAÇÃO PROPOSTA'!$A$3:$K$59,9,FALSE)) -> 36.023946 | K7: =IF(Tabela756[[#This Row],[Tipo da Área]]="","",VLOOKUP(Tabela756[[#This Row],[Tipo da Área]],'TABELA DE ATUALIZAÇÃO PROPOSTA'!$A$3:$K$59,10,FALSE)) -> 191.5022 | L7: 12 | M7: =Tabela756[[#This Row],[Meses do Contrato]]*Tabela756[[#This Row],[Remuneração Mensal Total]] -> 2298.0264
A8: 7 | B8: 04.01.Fachadas Envidraçadas | C8: =IF(Tabela756[[#This Row],[Tipo da Área]]="","",VLOOKUP(Tabela756[[#This Row],[Tipo da Área]],'TABELA DE ATUALIZAÇÃO PROPOSTA'!$A$3:$K$59,2,FALSE)) -> 22.42 | D8: =VLOOKUP(Tabela756[[#This Row],[Tipo da Área]],'TABELA DE ATUALIZAÇÃO PROPOSTA'!$A$4:$K$60,3,FALSE) -> 160 | E8: =IF(Tabela756[[#This Row],[Tipo da Área]]="","",VLOOKUP(Tabela756[[#This Row],[Tipo da Área]],'TABELA DE ATUALIZAÇÃO PROPOSTA'!$A$3:$K$59,4,FALSE)) -> 0.140125 | F8: =IF(Tabela756[[#This Row],[Tipo da Área]]="","",VLOOKUP(Tabela756[[#This Row],[Tipo da Área]],'TABELA DE ATUALIZAÇÃO PROPOSTA'!$A$3:$K$59,5,FALSE)) -> 16.938572 | G8: =IF(Tabela756[[#This Row],[Tipo da Área]]="","",VLOOKUP(Tabela756[[#This Row],[Tipo da Área]],'TABELA DE ATUALIZAÇÃO PROPOSTA'!$A$3:$K$59,6,FALSE)) -> 3.9246271 | H8: =IF(Tabela756[[#This Row],[Tipo da Área]]="","",VLOOKUP(Tabela756[[#This Row],[Tipo da Área]],'TABELA DE ATUALIZAÇÃO PROPOSTA'!$A$3:$K$59,7,FALSE)) -> 20.863199 | I8: =IF(Tabela756[[#This Row],[Tipo da Área]]="","",VLOOKUP(Tabela756[[#This Row],[Tipo da Área]],'TABELA DE ATUALIZAÇÃO PROPOSTA'!$A$3:$K$59,8,FALSE)) -> 379.76278 | J8: =IF(Tabela756[[#This Row],[Tipo da Área]]="","",VLOOKUP(Tabela756[[#This Row],[Tipo da Área]],'TABELA DE ATUALIZAÇÃO PROPOSTA'!$A$3:$K$59,9,FALSE)) -> 87.99014 | K8: =IF(Tabela756[[#This Row],[Tipo da Área]]="","",VLOOKUP(Tabela756[[#This Row],[Tipo da Área]],'TABELA DE ATUALIZAÇÃO PROPOSTA'!$A$3:$K$59,10,FALSE)) -> 467.75292 | L8: 12 | M8: =Tabela756[[#This Row],[Meses do Contrato]]*Tabela756[[#This Row],[Remuneração Mensal Total]] -> 5613.035
B9: Total | C9: =SUBTOTAL(109,Tabela756[Área Efetiva Mensal]) -> 4252.1404 | D9: Calculado | E9: =SUBTOTAL(109,Tabela756[Mão de Obra]) -> 5.0002919 | F9: =SUBTOTAL(101,Tabela756[Média de custos do M2 limpo pelo Agente]) -> 8.6027689 | G9: =SUBTOTAL(101,Tabela756[Média de custos do M2 limpo pelo Líder]) -> 1.9932413 | H9: =SUBTOTAL(101,Tabela756[Média de Custos do M2 limpo total]) -> 10.59601 | I9: =SUBTOTAL(109,Tabela756[Remuneração Mensal Agente]) -> 13551.648 | J9: =SUBTOTAL(109,Tabela756[Remuneração Mensal Líder]) -> 3139.885 | K9: =SUBTOTAL(109,Tabela756[Remuneração Mensal Total]) -> 16691.533 | L9: =SUBTOTAL(101,Tabela756[Meses do Contrato]) -> 12 | M9: =SUBTOTAL(109,Tabela756[Remuneração Anual]) -> 200298.4
D10: Material | K10: =Tabela14[[#Totals],[CUSTO MÉDIO MENSAL (R$)]] -> 3308.4662 | L10: 12 | M10: =L10*K10 -> 39701.595
D11: Total Geral | M11: =Tabela756[[#Totals],[Remuneração Anual]]+M10 -> 240000
A15: Item | B15: Encargo | C15: Qtd | D15: Valor Médio Mensal por empregado | E15: Valor Médio Mensal Total | F15: Vigência do Contrato em Meses | G15: Valor Médio Anual do Contrato | H15: Proporção dos Custos do Contrato
B16: Agente de Limpeza | C16: =Tabela5[[#Totals],[Mão de Obras]] -> 5.0002919 | D16: ='PLANILHA DE CUSTOS'!G14 -> 2710.1715 | E16: =D16*C16 -> 13551.648 | F16: 12 | G16: =F16*E16 -> 162619.78 | H16: =G16/$G$20 -> 0.67758243
B17: Líder de Serviços | C17: =IF(C16>4,1,0) -> 1 | D17: ='PLANILHA DE CUSTOS'!G13 -> 3139.885 | E17: =D17*C17 -> 3139.885 | F17: 12 | G17: =F17*E17 -> 37678.62 | H17: =G17/$G$20 -> 0.15699425
A18: 1 | B18: Total da Mão de Obra | C18: =SUBTOTAL(109,C16:C17) -> 6.0002919 | D18: =SUBTOTAL(109,D16:D17) -> 5850.0565 | E18: =SUM(E16:E17) -> 16691.533 | F18: 12 | G18: =SUM(G16:G17) -> 200298.4 | H18: =G18/$G$20 -> 0.83457669
A19: 2 | B19: Materiais | C19: Diversos | E19: =Tabela14[[#Totals],[CUSTO MÉDIO MENSAL (R$)]] -> 3308.4662 | F19: 12 | G19: =F19*E19 -> 39701.595 | H19: =G19/$G$20 -> 0.16542331
B20: Custo Global | E20: =SUM(E18:E19) -> 20000 | F20: 12 | G20: =SUM(G18:G19) -> 240000 | H20: =G20/$G$20 -> 1
A22: DESEQUILÍBRIO DA PROPOSTA
A24: Item | B24: Descrição | C24: Valor Médio Mensal por empregado M2 | D24: Valor Médio anual Total M2 | E24: Valor Médio Mensal por empregado quantidade | F24: Valor Médio anual Total Quantidade | G24: Desequilíbrio de Confronto Mensal | H24: Desequilíbrio de Confronto Anual
B25: Agente de Limpeza | C25: =Tabela756[[#Totals],[Remuneração Mensal Agente]] -> 13551.648 | D25: =Tabela640[[#This Row],[Valor Médio Mensal por empregado M2]]*12 -> 162619.78 | E25: =E16 -> 13551.648 | F25: =Tabela640[[#This Row],[Valor Médio Mensal por empregado quantidade]]*12 -> 162619.78 | G25: =Tabela640[[#This Row],[Valor Médio Mensal por empregado M2]]-Tabela640[[#This Row],[Valor Médio Mensal por empregado quantidade]] -> 0 | H25: =Tabela640[[#This Row],[Valor Médio anual Total M2]]-Tabela640[[#This Row],[Valor Médio anual Total Quantidade]] -> 0
B26: Líder de Serviços | C26: =Tabela756[[#Totals],[Remuneração Mensal Líder]] -> 3139.885 | D26: =Tabela640[[#This Row],[Valor Médio Mensal por empregado M2]]*12 -> 37678.62 | E26: =E17 -> 3139.885 | F26: =Tabela640[[#This Row],[Valor Médio Mensal por empregado quantidade]]*12 -> 37678.62 | G26: =Tabela640[[#This Row],[Valor Médio Mensal por empregado M2]]-Tabela640[[#This Row],[Valor Médio Mensal por empregado quantidade]] -> 0 | H26: =Tabela640[[#This Row],[Valor Médio anual Total M2]]-Tabela640[[#This Row],[Valor Médio anual Total Quantidade]] -> 0
A27: 1 | B27: Total da Mão de Obra | C27: =SUM(C25:C26) -> 16691.533 | D27: =SUM(D25:D26) -> 200298.4 | E27: =SUM(E25:E26) -> 16691.533 | F27: =SUM(F25:F26) -> 200298.4 | G27: =Tabela640[[#This Row],[Valor Médio Mensal por empregado M2]]-Tabela640[[#This Row],[Valor Médio Mensal por empregado quantidade]] -> 0 | H27: =Tabela640[[#This Row],[Valor Médio anual Total M2]]-Tabela640[[#This Row],[Valor Médio anual Total Quantidade]] -> 0
A28: 2 | B28: Materiais | C28: =K10 -> 3308.4662 | D28: =Tabela640[[#This Row],[Valor Médio Mensal por empregado M2]]*12 -> 39701.595 | E28: =E19 -> 3308.4662 | F28: =Tabela640[[#This Row],[Valor Médio Mensal por empregado quantidade]]*12 -> 39701.595 | G28: =Tabela640[[#This Row],[Valor Médio Mensal por empregado M2]]-Tabela640[[#This Row],[Valor Médio Mensal por empregado quantidade]] -> 0 | H28: =Tabela640[[#This Row],[Valor Médio anual Total M2]]-Tabela640[[#This Row],[Valor Médio anual Total Quantidade]] -> 0
B29: Custo Global | C29: =SUM(C27:C28) -> 20000 | D29: =SUM(D27:D28) -> 240000 | E29: =SUM(E27:E28) -> 20000 | F29: =SUM(F27:F28) -> 240000 | G29: =SUM(G27:G28) -> 0 | H29: =Tabela640[[#This Row],[Valor Médio anual Total M2]]-Tabela640[[#This Row],[Valor Médio anual Total Quantidade]] -> 0
A31: Importante: Quando o desequilíbrio é positivo o prejuizo é para o IFAM, quando torna-se negativo o prejuizo é para a empresa
A32: NOTA 01: | B32: Quando houver prejuizo para a empresa, no momento da análise da proposta deve-se colocar em contrapartida com o lucro anual, ou seja, prejuizo anual da empresa versus lucro anual da proposta
A33: NOTA 02: Quando houver prejuizo para o IFAM o pregoeiro pode solicitar um desconto no limite do prejuizo sem afetar a proposta

Sheet PARAMETROS DA CONTRATAÇÃO
A1: INDENTIFICAÇÃO DA EMPRESA LICITANTE E PROPOSTA DA LICITAÇÃO | D1: PARÂMETROS DA CONVENÇÃO COLETIVA | J1: PARÂMETRO PARA TRIBUTAÇÃO, LUCRO E CUSTOS INDIRETOS | P1: PARÂMETROS PARA MÓDULO RESCISÃO E SUBSTITUTO NAS AUSÊNCIAS LEGAIS | W1: PARÂMETRO PARA FARDAMENTO, EQUIPAMENTOS E UTENSÍLIOS | AB1: PARÂMETRO PARA MATERIAIS
A6: INDETIFICAÇÃO DA LICITANTE | B6: RESULTADO | D6: CONVEÇÃO COLETIVA VIGENTE | E6: LIMPEZA E CONSERVAÇÃO | G6: CONVEÇÃO COLETIVA VIGENTE | H6: LIMPEZA E CONSERVAÇÃO | J6: PARÂMETROS - SUBMÓDULO 2.2 | K6: AGENTE DE LIMPEZA | M6: PARÂMETROS - SUBMÓDULO 2.2 | N6: LIDER DE LIMPEZA | P6: Módulo Rescisão | Q6: Percentuais (%) | S6: Parâmetros- Módulo Substituto nas Ausências Legais | T6: Categoria | U6: Percentual de Incidencia Estudo | W6: ITEM | X6: FARDAMENTO | Y6: VALOR (R$) | AB6: ITEM | AC6: DESCRIÇÃO | AD6: UNIDADE | AE6: CATMAT | AF6: PREÇO MÉDIO UNITÁRIO (R$)
A7: RAZÃO SOCIAL: | B7: GM CONSERVAÇÃO E LIMPEZA EIRELI | D7: Município | E7: MANAUS - AM | G7: Município | H7: MANAUS - AM | J7: Total de Encargos | K7: =SUM(K8:K15) -> 0.31 | M7: Total de Encargos | N7: =SUM(N8:N15) -> 0.31 | P7: Demissão sem justa Causa | Q7: 0.5624 | S7: A. Substituto na cobertura de Férias | T7: Férias | U7: =(1+1/3)/12 -> 0.11111111 | W7: 1 | X7: Calça comprida com elástico e cordão, em gabardine, c/ bolsos frontais. | Y7: 25 | AB7: 1 | AC7: Água sanitária de 1ª qualidade | AD7: GARRAFAS 1L | AE7: 226700 | AF7: 6.5
A8: CNPJ: | B8: 17.764.351/0001-71 | D8: Meses do Contrato | E8: 12 | G8: Meses do Contrato | H8: 12 | J8: INSS - empregador | K8: 0.2 | M8: INSS - empregador | N8: 0.2 | P8: Demissão com justa causa | Q8: 0.0231 | S8: B. Substituto na cobertura de Ausências Legais | T8: Ausência justificada | U8: 1 | W8: 2 | X8: Calçado feminino/masculino de segurança de couro, com biqueira de polipropileno, elástico nas laterais, palmilha antibacteriana. | Y8: 30 | AB8: 2 | AC8: Álcool , de 1ª qualidade, 92° a 93° INPM | AD8: GARRAFAS 1L | AE8: 441577 | AF8: 1.758
A9: NOME FANTASIA: | B9: GM CONSERVADORA | D9: Serviço | E9: Conservação e Limpeza | G9: Serviço | H9: Conservação e Limpeza | J9: Salário-Educação | K9: 0 | M9: Salário-Educação | N9: 0 | P9: Desligamento outros | Q9: 0.4145 | S9: C. Substituto na cobertura de Licença-Paternidade | T9: Paternidade | U9: 0.0122 | W9: 3 | X9: Camiseta malha fria manga longa, com gola esporte, em gabardine, com emblema da empresa pintado ou bordado. | Y9: 20 | AB9: 3 | AC9: Álcool em gel 70º INPM embalagem de 500 ML | AD9: UNIDADE | AE9: 269943 | AF9: 2.25
A10: NÚMERO DO PROCESSO LICITATÓRIO | B10: 23443.018810/2020-61 | D10: Categoria Profissional | E10: Agente de Limpeza | G10: Categoria Profissional | H10: Líder de Limpeza | J10: SAT- GIL/RAT | K10: 0.03 | M10: SAT- GIL/RAT | N10: 0.03 | P10: Total de Desligamentos | Q10: =SUBTOTAL(109,Tabela1551[Percentuais (%)]) -> 1 | S10: D. Subst. na cob. de Ausênc. por acidente de trabalho | T10: Acidente de trabalho | U10: =154800/34808000 -> 0.0044472535 | W10: 4 | X10: Chapéu tipo pescador com protetor de pescoço | Y10: 12 | AB10: 4 | AC10: Aromatizantes de ambientes concentrado liquido | AD10: GALÃO 5 L | AE10: 452508 | AF10: 12
A11: MUNICÍPIO DE PRESTAÇÃO DO SERVIÇO: | B11: EIRUNEPÉ | D11: Ano acordo, Convenção ou sentença normativa em dissídio coletivo da Repactuação | E11: AM000546/2021 | G11: Ano acordo, Convenção ou sentença normativa em dissídio coletivo da Repactuação | H11: AM000546/2021 | J11: SESC | K11: 0 | M11: SESC | N11: 0 | S11: E. Substituto na cobertura de Afastamento Maternidade | T11: Maternidade | U11: =13.54%*1.416%*36.8% -> 0.00070555315 | W11: 5 | X11: Crachá de identificação com Foto | Y11: 6 | AB11: 5 | AC11: Bobina de fio de nylon quadrado 3,0 mm 2kg para roçadeira | AD11: UNIDADE | AE11: 401337 | AF11: 15
A12: DATA DE APRESENTAÇÃO DA PROPOSTA (dia/mês/ano): | B12: 44624 | D12: Data base da categoria (Repactuação) | E12: 44562 | G12: Data base da categoria (Repactuação) | H12: 44562 | J12: SENAC | K12: 0 | M12: SENAC | N12: 0 | S12: F. Subst. na cob. de outras ausências (especificar) | T12: Afastamento por doença | U12: 1 | W12: 6 | X12: Meia em algodão, tipo soquete. | Y12: 6 | AB12: 6 | AC12: Cera acrílica autobrilhante, antiderrapante (incolor) | AD12: GALÃO 5L | AE12: 449257 | AF12: 15
A13: NÚMERO DA LICITAÇÃO | B13: 44562 | D13: Tipo de Trabalhador | E13: 44 h | G13: Tipo de Trabalhador | H13: 44 h | J13: SEBRAE | K13: 0 | M13: SEBRAE | N13: 0 | S13: F. Subst. na cob. de outras ausências (especificar) | T13: Consulta médica filho | U13: 0.1344 | X13: TOTAL | Y13: =SUBTOTAL(109,Y7:Y12) -> 99 | AB13: 7 | AC13: Cera acrílico. Galão 5 litros | AD13: GALÂO 5 L | AE13: 350872 | AF13: 15
A14: NUMERO DA CONVÊNCÃO COLETIVA DA CATEGORIA | B14: AM000546/2021 | D14: Dias de Trabalho | E14: 22 | G14: Dias de Trabalho | H14: 22 | J14: INCRA | K14: 0 | M14: INCRA | N14: 0 | S14: F. Subst. na cob. de outras ausências (especificar) | T14: Óbitos na família | U14: 0.0305 | AB14: 8 | AC14: Cera impermeabilizante 5L | AD14: GALÃO 5L | AE14: 351129 | AF14: 15
A15: NÚMERO DE MESES DE EXECUÇÃO CONTRATUAL | B15: 12 | D15: Carga Horária mensal | E15: 220 | G15: Carga Horária mensal | H15: 220 | J15: FGTS | K15: 0.08 | M15: FGTS | N15: 0.08 | S15: F. Subst. na cob. de outras ausências (especificar) | T15: Casamento | U15: 0.0118 | W15: ITEM | X15: EQUIPAMENTOS | Y15: CATMAT | Z15: PREÇO MEDIO UNITÁRIO | AB15: 9 | AC15: Cera impermeabilizante líquida de proteção e resistência prolongada a pisos com grande tráfego, com alto brilho, embalagem de 5 litros | AD15: GALÃO 5L | AE15: 355838 | AF15: 15
D16: Salario base CCT | E16: 1113 | G16: Salario base CCT | H16: 1355.05 | J16: PARÂMETROS - MÓDULO 6 | K16: =SUM(K17:K19) -> 0.1296 | M16: PARÂMETROS - MÓDULO 6 | N16: =SUM(N17:N19) -> 0.1296 | S16: F. Subst. na cob. de outras ausências (especificar) | T16: Doação de sangue | U16: 0.02 | X16: Aspirador de pó e água, tipo semi-profissional | Y16: 302248 | Z16: 240 | AB16: 10 | AC16: Cera liquida incolor | AD16: GALÃO 5L | AE16: 292586 | AF16: 15
D17: Hora Extra | E17: 0.5 | G17: Hora Extra | H17: 0.5 | J17: Custos Indiretos | K17: 0.05 | M17: Custos Indiretos | N17: 0.05 | S17: F. Subst. na cob. de outras ausências (especificar) | T17: Testemunho | U17: 0.004 | X17: Carrinho Plataforma | Y17: 225280 | Z17: 350 | AB17: 11 | AC17: Conjunto para proteção de chuvas, sendo Blusão e calça confeccionados em nylon emborrachado e/ou FR, costura e termoselado, jaqueta mangas longas, pala de ventilação na frente e nas costa, faixa refletiva nos braços e envolta do tórax, fechamento por zíper e pala com velcro. Calça elástico e cadarço na cintura, aleta com velcro para ajuste no tornozelo. | AD17: UNIDADE | AE17: 460643 | AF17: 35
D18: Hora Extra | E18: 0.6 | G18: Hora Extra | H18: 0.6 | J18: Lucro | K18: 0.05 | M18: Lucro | N18: 0.05 | S18: F. Subst. na cob. de outras ausências (especificar) | T18: Consulta pré-natal | U18: 0.0016 | X18: Lavadora/Enceradeira Industrial completa com acessórios (escova para limpeza, base suporte com velcro, Discos de Piso para Limpeza) | Y18: 30163 | Z18: 1200 | AB18: 12 | AC18: Desinfetante Concetrados com 5L | AD18: GALÃO 5L | AE18: 420084 | AF18: 15
D19: Hora Extra | E19: 1 | G19: Hora Extra | H19: 1 | J19: Tributos | K19: =SUM(K20:K22) -> 0.0296 | M19: Tributos | N19: =SUM(N20:N22) -> 0.0296 | X19: Escada de alumínio com 12 degraus, 3 m. | Y19: 267027 | Z19: 350 | AB19: 14 | AC19: Desencrustante alcalino (para desentupir banheiros e pias), frasco de 1 LITRO | AD19: FRASCO 1L | AE19: 472191 | AF19: 12
D20: Percentual de Periculosidade | E20: 0.3 | G20: Percentual de Periculosidade | H20: 0.3 | J20: PIS | K20: 0.0017 | M20: PIS | N20: 0.0017 | X20: Escada em alumínio de abrir com 7 degraus. | Y20: 231351 | Z20: 250 | AB20: 15 | AC20: Desengraxante líquido pra uso geral | AD20: LITRO | AE20: 388864 | AF20: 8
D21: Percentual de Insalubridade | E21: 0.1 | G21: Percentual de Insalubridade | H21: 0.1 | J21: COFINS | K21: 0.0079 | M21: COFINS | N21: 0.0079 | X21: Carro funcional para limpeza. | Y21: 298356 | Z21: 950 | AB21: 16 | AC21: Desentupidor de vaso sanitário | AD21: UNIDADE | AE21: 241711 | AF21: 8
D22: Vale Transporte | E22: 3.8 | G22: Vale Transporte | H22: 3.8 | J22: ISS | K22: 0.02 | M22: ISS | N22: 0.02 | X22: Lavadora de alta pressão compacta 2 rodas, no minimo de potencia 1,5 kW. Tipo semi-profissional, 110V . Modelo equivalente, ou similar e ou de melhor qualidade à KARCHER. | Y22: 150245 | Z22: 600 | AB22: 17 | AC22: Desinfetante concentrado líquido limpeza em geral, embalagem lacrada de 5 litros. | AD22: GALÃO 5L | AE22: 293351 | AF22: 12
D23: Vale Alimentação | E23: 14 | G23: Vale Alimentação | H23: 14 | J23: Enquadramento Tributário | K23: SIMPLES NACIONAL | M23: Enquadramento Tributário | N23: SIMPLES NACIONAL | X23: Óculos de Proteção. | Y23: 151039 | Z23: 12 | AB23: 18 | AC23: Desodorizador de ar, cada unidade contendo 400 ml | AD23: FRASCO 400ml | AE23: 331905 | AF23: 3.5
D24: Cesta Básica | E24: 85 | G24: Cesta Básica | H24: 85 | X24: Placa sinalizadora "cuidado piso molhado" | Y24: 347968 | Z24: 20 | AB24: 19 | AC24: Detergente biodegradável líquido para lavar louça, frasco com 500ml | AD24: FRASCO 500ml | AE24: 299607 | AF24: 1.5
D25: Qtde de V. Transporte Dia | E25: 2 | G25: Qtde de V. Transporte Dia | H25: 2 | X25: Podador PROFISSIONAL a gasolina | Y25: 468666 | Z25: 350 | AB25: 20 | AC25: Detergente 500ml | AD25: FRASCO 500ml | AE25: 449798 | AF25: 1.5
D26: % de Desconto Transporte | E26: 0.06 | G26: % de Desconto Transporte | H26: 0.06 | X26: Pulverizador Costal Manual Compressão Prévia 20 Litros com 4 bicos | Y26: 321859 | Z26: 120 | AB26: 21 | AC26: Detergente líquido neutro | AD26: LITRO | AE26: 432428 | AF26: 2.5
D27: Qtde de V. Alimentação Dia | E27: 1 | G27: Qtde de V. Alimentação Dia | H27: 1 | X27: Roçadeira STIHL FS 220 PROFISSIONAL | Y27: 151031 | Z27: 1200 | AB27: 22 | AC27: Detergente neutro emblagem em 5 litro | AD27: GALÃO 5L | AE27: 463157 | AF27: 9.5
D28: % de Desconto Alimentação | E28: 0.1 | G28: % de Desconto Alimentação | H28: 0.1 | X28: Carrinho de mão com caçamba metalica de 45 cm | Y28: 468625 | Z28: 75 | AB28: 23 | AC28: Disco de Piso para Limpeza Profissional | AD28: UNIDADE | AE28: 40231 | AF28: 8
D29: Assitencia Social e Familiar | E29: 10 | G29: Assitencia Social e Familiar | H29: 10 | X29: Outros (Especificar) | Y29: 0 | Z29: 0 | AB29: 24 | AC29: Dispenser para alcool gel em aço inox com pressão - 1000 ml | AD29: UNIDADE | AE29: 441576 | AF29: 35
D30: Plano Odontologico | E30: 15 | G30: Plano Odontologico | H30: 15 | AB30: 25 | AC30: Dispenser para alcool gel em aço inox com pressão - 500 ml | AD30: UNIDADE | AE30: 441576 | AF30: 35
AB31: 26 | AC31: Dispenser para alcool gel em plastico 800 ml | AD31: UNIDADE | AE31: 404651 | AF31: 35
W32: ITEM | X32: UTENSÍLIOS | Y32: CATMAT | Z32: VALOR | AB32: 27 | AC32: Dispenser para sabonete líquido em plastico 500 ml | AD32: UNIDADE | AE32: 441576 | AF32: 20
W33: 1 | X33: Assento vaso sanitário, material: plástico, cor: branca, características adicionais: almofadado características adicionais: compatível: vaso sanitário deca modelo Monte Carlo. | Y33: 396476 | Z33: 16.5 | AB33: 28 | AC33: Escova de mão multiuso | AD33: UNIDADE | AE33: 446274 | AF33: 3.5
W34: 2 | X34: Balde em plástico com alça de metal de 10L de capacidade | Y34: 216081 | Z34: 16 | AB34: 29 | AC34: Escova sanitária com recipiente | AD34: UNIDADE | AE34: 331870 | AF34: 12
W35: 3 | X35: Balde Plastico de 20 litros | Y35: 355563 | Z35: 14.5 | AB35: 30 | AC35: Espanador de teto cabo extensivo até 2,5 | AD35: UNIDADE | AE35: 30236 | AF35: 16
W36: 4 | X36: Balde Plastico de 12 litros | Y36: 417993 | Z36: 12 | AB36: 31 | AC36: Esponja de fibra com dupla face, pacote 10 unidade. | AD36: UNIDADE | AE36: 419326 | AF36: 4
W37: 5 | X37: Carrinho de Limpeza MOP | Y37: 123242 | Z37: 230 | AB37: 32 | AC37: Esponja de fibra uso geral-profissional 10x26 | AD37: UNIDADE | AE37: 422385 | AF37: 6
W38: 6 | X38: Balde espremedor MOP limpeza profissional | Y38: 307875 | Z38: 90 | AB38: 33 | AC38: Extensão de 50mt | AD38: UNIDADE | AE38: 428838 | AF38: 20
W39: 7 | X39: Espanador de mesa eletrostático em microfibra | Y39: 236909 | Z39: 12.5 | AB39: 34 | AC39: Flanela 100% algodao medindo 38x58cm, na cor branca | AD39: UNIDADE | AE39: 299630 | AF39: 5
W40: 8 | X40: Facão, material lâmina: aço carbono, material cabo; madeira, comprimento: 21 pol, tipo: terçado (anual) | Y40: 444084 | Z40: 16 | AB40: 35 | AC40: Frasco borrifador de plástico 500ml | AD40: UNIDADE | AE40: 272254 | AF40: 2.5
W41: 9 | X41: Lixeiras Multiuso Inox Prata de 15L com Pedal | Y41: 345502 | Z41: 45 | AB41: 36 | AC41: Inseticida aerossol ação total 300ml | AD41: UNIDADE | AE41: 405330 | AF41: 8
W42: 10 | X42: Pá caixa coletora em Poliestireno e cabo anatômico em alumínio com altura ergonômica | Y42: 236336 | Z42: 9 | AB42: 37 | AC42: Lâmina Navalha Em Hélice Para Roçadeira Furo De 1 | AD42: UNIDADE | AE42: 259208 | AF42: 6.5
W43: 11 | X43: Porta-papel higiênico, material: plástico abs, largura: 20 cm, altura: 27 cm, características adicionais: para rolo de 300 a 400 m | Y43: 287999 | Z43: 9.5 | AB43: 38 | AC43: Limpa vidros com álcool, tampa com esborrifador, embalagem com rg ms ou isento, embalagem com 500ml. | AD43: UNIDADE | AE43: 454030 | AF43: 4
W44: 12 | X44: Porta-toalha, material: plástico abs, cor: branca, tipo fixação: parede, tipo uso: toalha de papel, aplicação: banheiro, características adicionais: 2 dobras, visor transparente para verificação do | Y44: 301988 | Z44: 9.5 | AB44: 39 | AC44: Limpador de piso e cerâmica, frasco com 1 litro | AD44: UNIDADE | AE44: 264646 | AF44: 12
... W78: 46 | X78: Ancinho para jardim 40cm | Y78: 8397 | Z78: 16 | AB78: 73 | AC78: Rodo TAM. 40 CM | AD78: UNIDADE | AE78: 417262 | AF78: 12
W79: TOTAL | Z79: =SUBTOTAL(109,Tabela4045[VALOR]) -> 1391.25 | AB79: 74 | AC79: Rolo de pano multiuso tamanho 28x300m azul | AD79: UNIDADE | AE79: 416696 | AF79: 12
AB80: 75 | AC80: Rolo de Papel filme PVC 28x100 | AD80: UNIDADE | AE80: 442214 | AF80: 12
AB81: 76 | AC81: Sabão em barra neutro, embalagem com 1kg | AD81: UNIDADE | AE81: 235287 | AF81: 6
AB82: 77 | AC82: Sabâo em barra, 4kg, côco (1kg) | AD82: UNIDADE | AE82: 254879 | AF82: 6
AB83: 78 | AC83: Sabão em barra, pacote com 05 unid de 200 gramas. | AD83: UNIDADE | AE83: 311420 | AF83: 6
AB84: 79 | AC84: Sabão em pó, pacote 500 gr | AD84: UNIDADE | AE84: 324827 | AF84: 4.5
AB85: 80 | AC85: Sabonete líquido, com tensoativo, conservante, corante, água com essência, embalagem lacrada de 5 litros. | AD85: UNIDADE | AE85: 463131 | AF85: 24
AB86: 81 | AC86: Saco plástico preto para lixo capacidade 15 litros, embalagem lacrada, rolo/pacote com 100 unidades cada. | AD86: PACOTE | AE86: 403320 | AF86: 7.75
AB87: 82 | AC87: Saco plástico preto para lixo capacidade 30 litros, embalagem lacrada, rolo/pacote com 100 unidades cada. | AD87: PACOTE | AE87: 403319 | AF87: 7.75
AB88: 83 | AC88: Saco plástico preto para lixo, capacidade 100 litros, espessura mínima 9mm 9 de micra, levando e conta os dois lados do saco, embalagem lacrada, rolo/pacote com 100 unidades cada. | AD88: PACOTE | AE88: 470833 | AF88: 7.75
AB89: 84 | AC89: Saco plástico preto para lixo, capacidade 200 litros, espessura mínima 9mm 9 de micra, levando e conta os dois lados do saco, embalagem lacrada, rolo/pacote com 100 unidades cada. | AD89: PACOTE | AE89: 458145 | AF89: 7.5
AB90: 85 | AC90: Saco plástico preto para lixo, capacidade 50 litros, espessura mínima 9mm 9 de micra, levando e conta os dois lados do saco, embalagem lacrada, rolo/pacote com 100 unidades cada. | AD90: PACOTE | AE90: 394459 | AF90: 7.5
AB91: 86 | AC91: Saponazio liquido | AD91: UNIDADE | AE91: 236605 | AF91: 15.15097

Sheet TABELA DE ATUALIZAÇÃO PROPOSTA
A3: Rótulos de Linha | B3: Soma de Área Efetiva em Diária | C3: Média de Produtividade | D3: Soma de Mão de Obras | E3: Média de Custo do M2 limpo pelo Agente | F3: Média de Custo do M2 limpo pelo Líder | G3: Média de Custo Total do M2 limpo | H3: Soma de Custo Mensal Estimado Agente | I3: Soma de Custo Mensal Estimado Lider | J3: Soma de Remuneração Mensal | K3: Soma de Tempo Unitário Estimado das Atividades
A4: 01.02.Laboratórios | B4: 328.38 | C4: 392 | D4: 0.83671329 | E4: 6.9140608 | F4: 1.6019716 | G4: 8.5160324 | H4: 2267.6365 | I4: 525.40603 | J4: 2793.0425 | K4: 0.30679398
A5: Laboratório de Informática | B5: 122.55 | C5: 390 | D5: 0.31423077 | E5: 6.9491576 | F5: 1.6101034 | G5: 8.559261 | H5: 851.61926 | I5: 197.31818 | J5: 1048.9374 | K5: 0.11521991
A6: Laboratório de Informática | B6: 69.75 | C6: 390 | D6: 0.17884615 | E6: 6.9491576 | F6: 1.6101034 | G6: 8.559261 | H6: 484.70374 | I6: 112.30471 | J6: 597.00846 | K6: 0.065578704
A7: Laboratório de informática - (Prédio Centro de Referência) | B7: 136.08 | C7: 396 | D7: 0.34363636 | E7: 6.8438673 | F7: 1.5857079 | G7: 8.4295752 | H7: 931.31346 | I7: 215.78313 | J7: 1147.0966 | K7: 0.12599537
A8: 01.02.Pisos Frios | B8: 3199.422 | C8: 1200 | D8: 2.666185 | E8: 2.2584762 | F8: 0.52328362 | G8: 2.7817598 | H8: 7225.8185 | I8: 1674.2051 | J8: 8900.0236 | K8: 0.97761574
A9: Sala dos coordenadores | B9: 65.16 | C9: 1200 | D9: 0.0543 | E9: 2.2584762 | F9: 0.52328362 | G9: 2.7817598 | H9: 147.16231 | I9: 34.09716 | J9: 181.25947 | K9: 0.019907407
A10: Área de circulação (corredor) | B10: 77.52 | C10: 1200 | D10: 0.0646 | E10: 2.2584762 | F10: 0.52328362 | G10: 2.7817598 | H10: 175.07708 | I10: 40.564946 | J10: 215.64202 | K10: 0.02369213
A11: Área de convivência | B11: 222.6 | C11: 1200 | D11: 0.1855 | E11: 2.2584762 | F11: 0.52328362 | G11: 2.7817598 | H11: 502.73681 | I11: 116.48293 | J11: 619.21974 | K11: 0.068020833
A12: Área próxima ao banheiro | B12: 21.09 | C12: 1200 | D12: 0.017575 | E12: 2.2584762 | F12: 0.52328362 | G12: 2.7817598 | H12: 47.631263 | I12: 11.036051 | J12: 58.667315 | K12: 0.0064467593
A13: Biblioteca | B13: 540 | C13: 1200 | D13: 0.45 | E13: 2.2584762 | F13: 0.52328362 | G13: 2.7817598 | H13: 1219.5772 | I13: 282.57315 | J13: 1502.1503 | K13: 0.165
A14: Corredor central | B14: 91.2 | C14: 1200 | D14: 0.076 | E14: 2.2584762 | F14: 0.52328362 | G14: 2.7817598 | H14: 205.97303 | I14: 47.723466 | J14: 253.6965 | K14: 0.02787037
A15: Corredor lateral | B15: 47.4 | C15: 1200 | D15: 0.0395 | E15: 2.2584762 | F15: 0.52328362 | G15: 2.7817598 | H15: 107.05177 | I15: 24.803643 | J15: 131.85542 | K15: 0.014479167
... A59: Total Geral | B59: 4252.1404 | C59: 1115.8367 | D59: 5.0002919 | E59: 4.0820467 | F59: 0.9458006 | G59: 5.0278473 | H59: 13551.648 | I59: 3139.885 | J59: 16691.533 | K59: 1.8334491

Sheet PROPOSTA EM M2
A1: Item | B1: Tipo da Área | C1: Área Efetiva Mensal | D1: Produtividade Média Diária | E1: Mão de Obra | F1: Média de custos do M2 limpo pelo Agente | G1: Média de custos do M2 limpo pelo Líder | H1: Média de Custos do M2 limpo total | I1: Remuneração Mensal Agente | J1: Remuneração Mensal Líder | K1: Remuneração Mensal Total | L1: Meses do Contrato | M1: Remuneração Anual
A2: 1 | B2: 01.02.Pisos Frios | C2: =IF(Tabela7[[#This Row],[Tipo da Área]]="","",VLOOKUP(Tabela7[[#This Row],[Tipo da Área]],'TABELA DE ATUALIZAÇÃO PROPOSTA'!$A$3:$K$59,2,FALSE)) -> 3199.422 | D2: =VLOOKUP(Tabela7[[#This Row],[Tipo da Área]],'TABELA DE ATUALIZAÇÃO PROPOSTA'!$A$4:$K$60,3,FALSE) -> 1200 | E2: =IF(Tabela7[[#This Row],[Tipo da Área]]="","",VLOOKUP(Tabela7[[#This Row],[Tipo da Área]],'TABELA DE ATUALIZAÇÃO PROPOSTA'!$A$3:$K$59,4,FALSE)) -> 2.666185 | F2: =IF(Tabela7[[#This Row],[Tipo da Área]]="","",VLOOKUP(Tabela7[[#This Row],[Tipo da Área]],'TABELA DE ATUALIZAÇÃO PROPOSTA'!$A$3:$K$59,5,FALSE)) -> 2.2584762 | G2: =IF(Tabela7[[#This Row],[Tipo da Área]]="","",VLOOKUP(Tabela7[[#This Row],[Tipo da Área]],'TABELA DE ATUALIZAÇÃO PROPOSTA'!$A$3:$K$59,6,FALSE)) -> 0.52328362 | H2: =IF(Tabela7[[#This Row],[Tipo da Área]]="","",VLOOKUP(Tabela7[[#This Row],[Tipo da Área]],'TABELA DE ATUALIZAÇÃO PROPOSTA'!$A$3:$K$59,7,FALSE)) -> 2.7817598 | I2: =IF(Tabela7[[#This Row],[Tipo da Área]]="","",VLOOKUP(Tabela7[[#This Row],[Tipo da Área]],'TABELA DE ATUALIZAÇÃO PROPOSTA'!$A$3:$K$59,8,FALSE)) -> 7225.8185 | J2: =IF(Tabela7[[#This Row],[Tipo da Área]]="","",VLOOKUP(Tabela7[[#This Row],[Tipo da Área]],'TABELA DE ATUALIZAÇÃO PROPOSTA'!$A$3:$K$59,9,FALSE)) -> 1674.2051 | K2: =IF(Tabela7[[#This Row],[Tipo da Área]]="","",VLOOKUP(Tabela7[[#This Row],[Tipo da Área]],'TABELA DE ATUALIZAÇÃO PROPOSTA'!$A$3:$K$59,10,FALSE)) -> 8900.0236 | L2: 12 | M2: =Tabela7[[#This Row],[Meses do Contrato]]*Tabela7[[#This Row],[Remuneração Mensal Total]] -> 106800.28
A3: 2 | B3: 01.02.Laboratórios | C3: =IF(Tabela7[[#This Row],[Tipo da Área]]="","",VLOOKUP(Tabela7[[#This Row],[Tipo da Área]],'TABELA DE ATUALIZAÇÃO PROPOSTA'!$A$3:$K$59,2,FALSE)) -> 328.38 | D3: =VLOOKUP(Tabela7[[#This Row],[Tipo da Área]],'TABELA DE ATUALIZAÇÃO PROPOSTA'!$A$4:$K$60,3,FALSE) -> 392 | E3: =IF(Tabela7[[#This Row],[Tipo da Área]]="","",VLOOKUP(Tabela7[[#This Row],[Tipo da Área]],'TABELA DE ATUALIZAÇÃO PROPOSTA'!$A$3:$K$59,4,FALSE)) -> 0.83671329 | F3: =IF(Tabela7[[#This Row],[Tipo da Área]]="","",VLOOKUP(Tabela7[[#This Row],[Tipo da Área]],'TABELA DE ATUALIZAÇÃO PROPOSTA'!$A$3:$K$59,5,FALSE)) -> 6.9140608 | G3: =IF(Tabela7[[#This Row],[Tipo da Área]]="","",VLOOKUP(Tabela7[[#This Row],[Tipo da Área]],'TABELA DE ATUALIZAÇÃO PROPOSTA'!$A$3:$K$59,6,FALSE)) -> 1.6019716 | H3: =IF(Tabela7[[#This Row],[Tipo da Área]]="","",VLOOKUP(Tabela7[[#This Row],[Tipo da Área]],'TABELA DE ATUALIZAÇÃO PROPOSTA'!$A$3:$K$59,7,FALSE)) -> 8.5160324 | I3: =IF(Tabela7[[#This Row],[Tipo da Área]]="","",VLOOKUP(Tabela7[[#This Row],[Tipo da Área]],'TABELA DE ATUALIZAÇÃO PROPOSTA'!$A$3:$K$59,8,FALSE)) -> 2267.6365 | J3: =IF(Tabela7[[#This Row],[Tipo da Área]]="","",VLOOKUP(Tabela7[[#This Row],[Tipo da Área]],'TABELA DE ATUALIZAÇÃO PROPOSTA'!$A$3:$K$59,9,FALSE)) -> 525.40603 | K3: =IF(Tabela7[[#This Row],[Tipo da Área]]="","",VLOOKUP(Tabela7[[#This Row],[Tipo da Área]],'TABELA DE ATUALIZAÇÃO PROPOSTA'!$A$3:$K$59,10,FALSE)) -> 2793.0425 | L3: 12 | M3: =Tabela7[[#This Row],[Meses do Contrato]]*Tabela7[[#This Row],[Remuneração Mensal Total]] -> 33516.51
A4: 3 | B4: 01.06.Banheiros | C4: =IF(Tabela7[[#This Row],[Tipo da Área]]="","",VLOOKUP(Tabela7[[#This Row],[Tipo da Área]],'TABELA DE ATUALIZAÇÃO PROPOSTA'!$A$3:$K$59,2,FALSE)) -> 155.9784 | D4: =VLOOKUP(Tabela7[[#This Row],[Tipo da Área]],'TABELA DE ATUALIZAÇÃO PROPOSTA'!$A$4:$K$60,3,FALSE) -> 300 | E4: =IF(Tabela7[[#This Row],[Tipo da Área]]="","",VLOOKUP(Tabela7[[#This Row],[Tipo da Área]],'TABELA DE ATUALIZAÇÃO PROPOSTA'!$A$3:$K$59,4,FALSE)) -> 0.519928 | F4: =IF(Tabela7[[#This Row],[Tipo da Área]]="","",VLOOKUP(Tabela7[[#This Row],[Tipo da Área]],'TABELA DE ATUALIZAÇÃO PROPOSTA'!$A$3:$K$59,5,FALSE)) -> 9.0339049 | G4: =IF(Tabela7[[#This Row],[Tipo da Área]]="","",VLOOKUP(Tabela7[[#This Row],[Tipo da Área]],'TABELA DE ATUALIZAÇÃO PROPOSTA'!$A$3:$K$59,6,FALSE)) -> 2.0931345 | H4: =IF(Tabela7[[#This Row],[Tipo da Área]]="","",VLOOKUP(Tabela7[[#This Row],[Tipo da Área]],'TABELA DE ATUALIZAÇÃO PROPOSTA'!$A$3:$K$59,7,FALSE)) -> 11.127039 | I4: =IF(Tabela7[[#This Row],[Tipo da Área]]="","",VLOOKUP(Tabela7[[#This Row],[Tipo da Área]],'TABELA DE ATUALIZAÇÃO PROPOSTA'!$A$3:$K$59,8,FALSE)) -> 1409.094 | J4: =IF(Tabela7[[#This Row],[Tipo da Área]]="","",VLOOKUP(Tabela7[[#This Row],[Tipo da Área]],'TABELA DE ATUALIZAÇÃO PROPOSTA'!$A$3:$K$59,9,FALSE)) -> 326.48376 | K4: =IF(Tabela7[[#This Row],[Tipo da Área]]="","",VLOOKUP(Tabela7[[#This Row],[Tipo da Área]],'TABELA DE ATUALIZAÇÃO PROPOSTA'!$A$3:$K$59,10,FALSE)) -> 1735.5778 | L4: 12 | M4: =Tabela7[[#This Row],[Meses do Contrato]]*Tabela7[[#This Row],[Remuneração Mensal Total]] -> 20826.933
A5: 4 | B5: 02.01.Pisos pavimentados adjacentes e contíguos às edificações | C5: =IF(Tabela7[[#This Row],[Tipo da Área]]="","",VLOOKUP(Tabela7[[#This Row],[Tipo da Área]],'TABELA DE ATUALIZAÇÃO PROPOSTA'!$A$3:$K$59,2,FALSE)) -> 424.5 | D5: =VLOOKUP(Tabela7[[#This Row],[Tipo da Área]],'TABELA DE ATUALIZAÇÃO PROPOSTA'!$A$4:$K$60,3,FALSE) -> 2700 | E5: =IF(Tabela7[[#This Row],[Tipo da Área]]="","",VLOOKUP(Tabela7[[#This Row],[Tipo da Área]],'TABELA DE ATUALIZAÇÃO PROPOSTA'!$A$3:$K$59,4,FALSE)) -> 0.15722222 | F5: =IF(Tabela7[[#This Row],[Tipo da Área]]="","",VLOOKUP(Tabela7[[#This Row],[Tipo da Área]],'TABELA DE ATUALIZAÇÃO PROPOSTA'!$A$3:$K$59,5,FALSE)) -> 1.0037672 | G5: =IF(Tabela7[[#This Row],[Tipo da Área]]="","",VLOOKUP(Tabela7[[#This Row],[Tipo da Área]],'TABELA DE ATUALIZAÇÃO PROPOSTA'!$A$3:$K$59,6,FALSE)) -> 0.2325705 | H5: =IF(Tabela7[[#This Row],[Tipo da Área]]="","",VLOOKUP(Tabela7[[#This Row],[Tipo da Área]],'TABELA DE ATUALIZAÇÃO PROPOSTA'!$A$3:$K$59,7,FALSE)) -> 1.2363377 | I5: =IF(Tabela7[[#This Row],[Tipo da Área]]="","",VLOOKUP(Tabela7[[#This Row],[Tipo da Área]],'TABELA DE ATUALIZAÇÃO PROPOSTA'!$A$3:$K$59,8,FALSE)) -> 426.09918 | J5: =IF(Tabela7[[#This Row],[Tipo da Área]]="","",VLOOKUP(Tabela7[[#This Row],[Tipo da Área]],'TABELA DE ATUALIZAÇÃO PROPOSTA'!$A$3:$K$59,9,FALSE)) -> 98.726176 | K5: =IF(Tabela7[[#This Row],[Tipo da Área]]="","",VLOOKUP(Tabela7[[#This Row],[Tipo da Área]],'TABELA DE ATUALIZAÇÃO PROPOSTA'!$A$3:$K$59,10,FALSE)) -> 524.82535 | L5: 12 | M5: =Tabela7[[#This Row],[Meses do Contrato]]*Tabela7[[#This Row],[Remuneração Mensal Total]] -> 6297.9043
A6: 5 | B6: 03.01.Face externa com exposição a situação de risco | C6: =IF(Tabela7[[#This Row],[Tipo da Área]]="","",VLOOKUP(Tabela7[[#This Row],[Tipo da Área]],'TABELA DE ATUALIZAÇÃO PROPOSTA'!$A$3:$K$59,2,FALSE)) -> 99.64 | D6: =VLOOKUP(Tabela7[[#This Row],[Tipo da Área]],'TABELA DE ATUALIZAÇÃO PROPOSTA'!$A$4:$K$60,3,FALSE) -> 160 | E6: =IF(Tabela7[[#This Row],[Tipo da Área]]="","",VLOOKUP(Tabela7[[#This Row],[Tipo da Área]],'TABELA DE ATUALIZAÇÃO PROPOSTA'!$A$3:$K$59,4,FALSE)) -> 0.62275 | F6: =IF(Tabela7[[#This Row],[Tipo da Área]]="","",VLOOKUP(Tabela7[[#This Row],[Tipo da Área]],'TABELA DE ATUALIZAÇÃO PROPOSTA'!$A$3:$K$59,5,FALSE)) -> 16.938572 | G6: =IF(Tabela7[[#This Row],[Tipo da Área]]="","",VLOOKUP(Tabela7[[#This Row],[Tipo da Área]],'TABELA DE ATUALIZAÇÃO PROPOSTA'!$A$3:$K$59,6,FALSE)) -> 3.9246271 | H6: =IF(Tabela7[[#This Row],[Tipo da Área]]="","",VLOOKUP(Tabela7[[#This Row],[Tipo da Área]],'TABELA DE ATUALIZAÇÃO PROPOSTA'!$A$3:$K$59,7,FALSE)) -> 20.863199 | I6: =IF(Tabela7[[#This Row],[Tipo da Área]]="","",VLOOKUP(Tabela7[[#This Row],[Tipo da Área]],'TABELA DE ATUALIZAÇÃO PROPOSTA'!$A$3:$K$59,8,FALSE)) -> 1687.7593 | J6: =IF(Tabela7[[#This Row],[Tipo da Área]]="","",VLOOKUP(Tabela7[[#This Row],[Tipo da Área]],'TABELA DE ATUALIZAÇÃO PROPOSTA'!$A$3:$K$59,9,FALSE)) -> 391.04985 | K6: =IF(Tabela7[[#This Row],[Tipo da Área]]="","",VLOOKUP(Tabela7[[#This Row],[Tipo da Área]],'TABELA DE ATUALIZAÇÃO PROPOSTA'!$A$3:$K$59,10,FALSE)) -> 2078.8091 | L6: 12 | M6: =Tabela7[[#This Row],[Meses do Contrato]]*Tabela7[[#This Row],[Remuneração Mensal Total]] -> 24945.709
A7: 6 | B7: 03.03.Face interna | C7: =IF(Tabela7[[#This Row],[Tipo da Área]]="","",VLOOKUP(Tabela7[[#This Row],[Tipo da Área]],'TABELA DE ATUALIZAÇÃO PROPOSTA'!$A$3:$K$59,2,FALSE)) -> 21.8 | D7: =VLOOKUP(Tabela7[[#This Row],[Tipo da Área]],'TABELA DE ATUALIZAÇÃO PROPOSTA'!$A$4:$K$60,3,FALSE) -> 380 | E7: =IF(Tabela7[[#This Row],[Tipo da Área]]="","",VLOOKUP(Tabela7[[#This Row],[Tipo da Área]],'TABELA DE ATUALIZAÇÃO PROPOSTA'!$A$3:$K$59,4,FALSE)) -> 0.057368421 | F7: =IF(Tabela7[[#This Row],[Tipo da Área]]="","",VLOOKUP(Tabela7[[#This Row],[Tipo da Área]],'TABELA DE ATUALIZAÇÃO PROPOSTA'!$A$3:$K$59,5,FALSE)) -> 7.1320302 | G7: =IF(Tabela7[[#This Row],[Tipo da Área]]="","",VLOOKUP(Tabela7[[#This Row],[Tipo da Área]],'TABELA DE ATUALIZAÇÃO PROPOSTA'!$A$3:$K$59,6,FALSE)) -> 1.6524746 | H7: =IF(Tabela7[[#This Row],[Tipo da Área]]="","",VLOOKUP(Tabela7[[#This Row],[Tipo da Área]],'TABELA DE ATUALIZAÇÃO PROPOSTA'!$A$3:$K$59,7,FALSE)) -> 8.7845047 | I7: =IF(Tabela7[[#This Row],[Tipo da Área]]="","",VLOOKUP(Tabela7[[#This Row],[Tipo da Área]],'TABELA DE ATUALIZAÇÃO PROPOSTA'!$A$3:$K$59,8,FALSE)) -> 155.47826 | J7: =IF(Tabela7[[#This Row],[Tipo da Área]]="","",VLOOKUP(Tabela7[[#This Row],[Tipo da Área]],'TABELA DE ATUALIZAÇÃO PROPOSTA'!$A$3:$K$59,9,FALSE)) -> 36.023946 | K7: =IF(Tabela7[[#This Row],[Tipo da Área]]="","",VLOOKUP(Tabela7[[#This Row],[Tipo da Área]],'TABELA DE ATUALIZAÇÃO PROPOSTA'!$A$3:$K$59,10,FALSE)) -> 191.5022 | L7: 12 | M7: =Tabela7[[#This Row],[Meses do Contrato]]*Tabela7[[#This Row],[Remuneração Mensal Total]] -> 2298.0264
A8: 7 | B8: 04.01.Fachadas Envidraçadas | C8: =IF(Tabela7[[#This Row],[Tipo da Área]]="","",VLOOKUP(Tabela7[[#This Row],[Tipo da Área]],'TABELA DE ATUALIZAÇÃO PROPOSTA'!$A$3:$K$59,2,FALSE)) -> 22.42 | D8: =VLOOKUP(Tabela7[[#This Row],[Tipo da Área]],'TABELA DE ATUALIZAÇÃO PROPOSTA'!$A$4:$K$60,3,FALSE) -> 160 | E8: =IF(Tabela7[[#This Row],[Tipo da Área]]="","",VLOOKUP(Tabela7[[#This Row],[Tipo da Área]],'TABELA DE ATUALIZAÇÃO PROPOSTA'!$A$3:$K$59,4,FALSE)) -> 0.140125 | F8: =IF(Tabela7[[#This Row],[Tipo da Área]]="","",VLOOKUP(Tabela7[[#This Row],[Tipo da Área]],'TABELA DE ATUALIZAÇÃO PROPOSTA'!$A$3:$K$59,5,FALSE)) -> 16.938572 | G8: =IF(Tabela7[[#This Row],[Tipo da Área]]="","",VLOOKUP(Tabela7[[#This Row],[Tipo da Área]],'TABELA DE ATUALIZAÇÃO PROPOSTA'!$A$3:$K$59,6,FALSE)) -> 3.9246271 | H8: =IF(Tabela7[[#This Row],[Tipo da Área]]="","",VLOOKUP(Tabela7[[#This Row],[Tipo da Área]],'TABELA DE ATUALIZAÇÃO PROPOSTA'!$A$3:$K$59,7,FALSE)) -> 20.863199 | I8: =IF(Tabela7[[#This Row],[Tipo da Área]]="","",VLOOKUP(Tabela7[[#This Row],[Tipo da Área]],'TABELA DE ATUALIZAÇÃO PROPOSTA'!$A$3:$K$59,8,FALSE)) -> 379.76278 | J8: =IF(Tabela7[[#This Row],[Tipo da Área]]="","",VLOOKUP(Tabela7[[#This Row],[Tipo da Área]],'TABELA DE ATUALIZAÇÃO PROPOSTA'!$A$3:$K$59,9,FALSE)) -> 87.99014 | K8: =IF(Tabela7[[#This Row],[Tipo da Área]]="","",VLOOKUP(Tabela7[[#This Row],[Tipo da Área]],'TABELA DE ATUALIZAÇÃO PROPOSTA'!$A$3:$K$59,10,FALSE)) -> 467.75292 | L8: 12 | M8: =Tabela7[[#This Row],[Meses do Contrato]]*Tabela7[[#This Row],[Remuneração Mensal Total]] -> 5613.035
B9: Total | C9: =SUBTOTAL(109,Tabela7[Área Efetiva Mensal]) -> 4252.1404 | D9: Calculado | E9: =SUBTOTAL(109,Tabela7[Mão de Obra]) -> 5.0002919 | F9: =SUBTOTAL(101,Tabela7[Média de custos do M2 limpo pelo Agente]) -> 8.6027689 | G9: =SUBTOTAL(101,Tabela7[Média de custos do M2 limpo pelo Líder]) -> 1.9932413 | H9: =SUBTOTAL(101,Tabela7[Média de Custos do M2 limpo total]) -> 10.59601 | I9: =SUBTOTAL(109,Tabela7[Remuneração Mensal Agente]) -> 13551.648 | J9: =SUBTOTAL(109,Tabela7[Remuneração Mensal Líder]) -> 3139.885 | K9: =SUBTOTAL(109,Tabela7[Remuneração Mensal Total]) -> 16691.533 | L9: =SUBTOTAL(101,Tabela7[Meses do Contrato]) -> 12 | M9: =SUBTOTAL(109,Tabela7[Remuneração Anual]) -> 200298.4
D10: Material | K10: =Tabela14[[#Totals],[CUSTO MÉDIO MENSAL (R$)]] -> 3308.4662 | L10: 12 | M10: =L10*K10 -> 39701.595
D11: Total Geral | M11: =Tabela7[[#Totals],[Remuneração Anual]]+M10 -> 240000

Sheet PLANILHA DE CUSTOS
A1: Nº do Processo: | B1: ='PARAMETROS DA CONTRATAÇÃO'!B10 -> 23443.018810/2020-61
A2: Licitação Nº: | B2: ='PARAMETROS DA CONTRATAÇÃO'!B13 -> 44562
A3: Razão Social | B3: ='PARAMETROS DA CONTRATAÇÃO'!B7 -> GM CONSERVAÇÃO E LIMPEZA EIRELI
A4: CNPJ | B4: ='PARAMETROS DA CONTRATAÇÃO'!B8 -> 17.764.351/0001-71
A6: A | B6: Data de apresentação da proposta (dia/mês/ano): | C6: ='PARAMETROS DA CONTRATAÇÃO'!B12 -> 44624
A7: B | B7: Município/UF: | C7: ='PARAMETROS DA CONTRATAÇÃO'!B11 -> EIRUNEPÉ
A8: C | B8: Ano do Acordo, Convenção ou Dissídio Coletivo: | C8: ='PARAMETROS DA CONTRATAÇÃO'!E11 -> AM000546/2021
A9: D | B9: Número de meses de execução contratual: | C9: ='PARAMETROS DA CONTRATAÇÃO'!B15 -> 12
A11: IDENTIFICAÇÃO DO SERVIÇO
A12: Tipo de Serviço | B12: Unidade de Medida | C12: Quantidade total a contratar (Em função da unidade de medida) | F12: Cargo | G12: Custo Total
A13: Limpeza e Conservação | B13: Metro Quadrado | C13: =Tabela5[[#Totals],[Área Efetiva em Diária]] -> 4252.1404 | F13: =E25 -> Lider de Limpeza | G13: =G92 -> 3139.885
F14: =A25 -> Auxiliar de Limpeza | G14: =C92 -> 2710.1715
A17: Dados para composição dos custos referentes a mão de obra | E17: Dados para composição dos custos referentes a mão de obra
A18: 1 | B18: Tipo de Serviço (mesmo serviço com características distintas) | C18: Agente de Limpeza | E18: 1 | F18: Tipo de Serviço (mesmo serviço com características distintas) | G18: Lider de Serviços
A19: 2 | B19: Classificação Brasileira de Ocupações (CBO) | C19: 51430-20 | E19: 2 | F19: Classificação Brasileira de Ocupações (CBO) | G19: 4101-05
A20: 3 | B20: Salário Normativo da Categoria Profissional | C20: ='PARAMETROS DA CONTRATAÇÃO'!E16 -> 1113 | E20: 3 | F20: Salário Normativo da Categoria Profissional | G20: ='PARAMETROS DA CONTRATAÇÃO'!H16 -> 1355.05
A21: 4 | B21: Categoria Profissional (vinculada à execução contratual) | C21: ='PARAMETROS DA CONTRATAÇÃO'!E10 -> Agente de Limpeza | E21: 4 | F21: Categoria Profissional (vinculada à execução contratual) | G21: ='PARAMETROS DA CONTRATAÇÃO'!H10 -> Líder de Limpeza
A22: 5 | B22: Data-Base da Categoria (dia/mês/ano) | C22: ='PARAMETROS DA CONTRATAÇÃO'!E12 -> 44562 | E22: 5 | F22: Data-Base da Categoria (dia/mês/ano) | G22: ='PARAMETROS DA CONTRATAÇÃO'!H12 -> 44562
A25: Auxiliar de Limpeza | E25: Lider de Limpeza
A26: MÓDULO 1 - REMUNERAÇÃO | E26: MÓDULO 1 - REMUNERAÇÃO
A27: 1 | B27: Remuneração | C27: =SUM(C28) -> 1113 | E27: 1 | F27: Remuneração | G27: =SUM(G28) -> 1355.05
A28: A | B28: Salário-Base | C28: ='DEMAIS MÓDULOS'!B3 -> 1113 | E28: A | F28: Salário-Base | G28: ='DEMAIS MÓDULOS'!B2 -> 1355.05
A30: Módulo 2 - Encargos e Benefícios Anuais, Mensais e Diários | E30: Módulo 2 - Encargos e Benefícios Anuais, Mensais e Diários
A31: 2.1 | B31: Submódulo 2.1 - 13º (décimo terceiro) Salário, Férias e Adicional de Férias | C31: =SUM(C32:C33) -> 216.41667 | E31: 2.1 | F31: Submódulo 2.1 - 13º (décimo terceiro) Salário, Férias e Adicional de Férias | G31: =SUM(G32:G33) -> 263.48194
A32: A | B32: 13º (décimo terceiro) Salário | C32: ='DEMAIS MÓDULOS'!E32 -> 92.75 | E32: A | F32: 13º (décimo terceiro) Salário | G32: ='DEMAIS MÓDULOS'!B26 -> 112.92083
A33: B | B33: Férias e Adicional de Férias | C33: ='DEMAIS MÓDULOS'!E33+'DEMAIS MÓDULOS'!F37 -> 123.66667 | E33: B | F33: Férias e Adicional de Férias | G33: =SUM('DEMAIS MÓDULOS'!C26:D26) -> 150.56111
A34: 2.2 | B34: Submódulo 2.2 - Encargos Previdenciários (GPS), Fundo de Garantia por Tempo de Serviço (FGTS) e outras contribuições. | C34: =SUM(C35:C36) -> 412.11917 | E34: 2.2 | F34: Submódulo 2.2 - Encargos Previdenciários (GPS), Fundo de Garantia por Tempo de Serviço (FGTS) e outras contribuições. | G34: =SUM(G35:G36) -> 501.7449
A35: A | B35: GPS e outras contribuições | C35: ='DEMAIS MÓDULOS'!E42 -> 305.76583 | E35: A | F35: GPS e outras contribuições | G35: ='DEMAIS MÓDULOS'!E40 -> 372.26235
A36: B | B36: FGTS | C36: ='DEMAIS MÓDULOS'!E43 -> 106.35333 | E36: B | F36: FGTS | G36: ='DEMAIS MÓDULOS'!E41 -> 129.48256
A37: 2.3 | B37: Submódulo 2.3 - Benefícios Mensais e Diários. | C37: =SUM(C38:C42) -> 487.62 | E37: 2.3 | F37: Submódulo 2.3 - Benefícios Mensais e Diários. | G37: =SUM(G38:G42) -> 473.097
A38: A | B38: Transporte | C38: ='DEMAIS MÓDULOS'!J48 -> 100.42 | E38: A | F38: Transporte | G38: ='DEMAIS MÓDULOS'!J46 -> 85.897
A39: B | B39: Auxílio-Refeição/Alimentação | C39: ='DEMAIS MÓDULOS'!J49 -> 277.2 | E39: B | F39: Auxílio-Refeição/Alimentação | G39: ='DEMAIS MÓDULOS'!J47 -> 277.2
A40: C | B40: Assistência Médica e Familiar | C40: ='DEMAIS MÓDULOS'!E56 -> 10 | E40: C | F40: Assistência Médica e Familiar | G40: ='DEMAIS MÓDULOS'!E53 -> 10
A41: D | B41: Plano Odontplógico | C41: ='DEMAIS MÓDULOS'!E57 -> 15 | E41: D | F41: Plano Odontológico | G41: ='DEMAIS MÓDULOS'!E54 -> 15
A42: E | B42: Cesta Básica | C42: ='DEMAIS MÓDULOS'!E55 -> 85 | E42: E | F42: Cesta Básica | G42: ='DEMAIS MÓDULOS'!E52 -> 85
A44: Quadro-Resumo do Módulo 2 - Encargos e Benefícios anuais, mensais e diários | E44: Quadro-Resumo do Módulo 2 - Encargos e Benefícios anuais, mensais e diários
A45: 2 | B45: Encargos e Benefícios Anuais, Mensais e Diários | C45: =SUM(C46:C48) -> 1116.1558 | E45: 2 | F45: Encargos e Benefícios Anuais, Mensais e Diários | G45: =SUM(G46:G48) -> 1238.3238
A46: 2.1 | B46: 13º (décimo terceiro) Salário, Férias e Adicional de Férias | C46: =C31 -> 216.41667 | E46: 2.1 | F46: 13º (décimo terceiro) Salário, Férias e Adicional de Férias | G46: =G31 -> 263.48194
A47: 2.2 | B47: GPS, FGTS e outras contribuições | C47: =C34 -> 412.11917 | E47: 2.2 | F47: GPS, FGTS e outras contribuições | G47: =G34 -> 501.7449
A48: 2.3 | B48: Benefícios Mensais e Diários | C48: =C37 -> 487.62 | E48: 2.3 | F48: Benefícios Mensais e Diários | G48: =G37 -> 473.097
A50: Módulo 3 - Provisão para Rescisão | E50: Módulo 3 - Provisão para Rescisão
A51: 3 | B51: Provisão para Rescisão | C51: =SUM(C52:C57) -> 22.272313 | E51: 3 | F51: Provisão para Rescisão | G51: =SUM(G52:G57) -> 25.160425
A52: A | B52: Aviso Prévio Indenizado | C52: ='MÓDULO RESCISÃO'!K6 -> 3.4579457 | E52: A | F52: Aviso Prévio Indenizado | G52: ='MÓDULO RESCISÃO'!K16 -> 3.906347
A53: B | B53: Incidência do FGTS sobre Aviso Prévio Indenizado | C53: ='MÓDULO RESCISÃO'!K7 -> 0.27663566 | E53: B | F53: Incidência do FGTS sobre Aviso Prévio Indenizado | G53: ='MÓDULO RESCISÃO'!K17 -> 0.31250776
A54: C | B54: Multa do FGTS e Contribuição Social sobre o Aviso Prévio Indenizado | C54: ='MÓDULO RESCISÃO'!K8 -> 0.11065426 | E54: C | F54: Multa do FGTS e Contribuição Social sobre o Aviso Prévio Indenizado | G54: ='MÓDULO RESCISÃO'!K18 -> 0.12500311
A55: D | B55: Aviso Prévio Trabalhado | C55: ='MÓDULO RESCISÃO'!K9 -> 13.731056 | E55: D | F55: Aviso Prévio Trabalhado | G55: ='MÓDULO RESCISÃO'!K19 -> 15.5116
A56: E | B56: Incidência de GPS, FGTS e outras contribuições sobre o Aviso Prévio Trabalhado | C56: ='MÓDULO RESCISÃO'!K10 -> 4.2566273 | E56: E | F56: Incidência de GPS, FGTS e outras contribuições sobre o Aviso Prévio Trabalhado | G56: ='MÓDULO RESCISÃO'!K20 -> 4.8085959
A57: F | B57: Multa do FGTS e Contribuição Social sobre o Aviso Prévio Trabalhado. | C57: ='MÓDULO RESCISÃO'!K11 -> 0.43939379 | E57: F | F57: Multa do FGTS e Contribuição Social sobre o Aviso Prévio Trabalhado. | G57: ='MÓDULO RESCISÃO'!K21 -> 0.49637119
A59: Módulo 4 - Custo de Reposição do Profissional Ausente | E59: Módulo 4 - Custo de Reposição do Profissional Ausente
A60: 4 | B60: Custo de Reposição do Profissional Ausente | C60: =SUM(C61:C66) -> 68.196437 | E60: 4 | F60: Custo de Reposição do Profissional Ausente | G60: =SUM(G61:G66) -> 79.316192
A61: A | B61: Substituto na cobertura de Férias | C61: ='MÓDULO PROFISSIONAL AUSENTE'!T3 -> 20.846557 | E61: A | F61: Substituto na cobertura de Férias | G61: ='MÓDULO PROFISSIONAL AUSENTE'!I3 -> 24.245688
A62: B | B62: Substituto na cobertura de Ausências Legais | C62: ='MÓDULO PROFISSIONAL AUSENTE'!T4 -> 6.2539671 | E62: B | F62: Substituto na cobertura de Ausências Legais | G62: ='MÓDULO PROFISSIONAL AUSENTE'!I4 -> 7.2737063
A63: C | B63: Substituto na cobertura de Licença-Paternidade | C63: ='MÓDULO PROFISSIONAL AUSENTE'!T5 -> 0.38149199 | E63: C | F63: Substituto na cobertura de Licença-Paternidade | G63: ='MÓDULO PROFISSIONAL AUSENTE'!I5 -> 0.44369608
A64: D | B64: Subst. na cob. de Ausênc. por acidente de trabalho | C64: ='MÓDULO PROFISSIONAL AUSENTE'!T6 -> 0.41719465 | E64: D | F64: Subst. na cob. de Ausênc. por acidente de trabalho | G64: ='MÓDULO PROFISSIONAL AUSENTE'!I6 -> 0.48522024
A65: E | B65: Substituto na cobertura de Afastamento Maternidade | C65: ='MÓDULO PROFISSIONAL AUSENTE'!T7 -> 0.52950074 | E65: E | F65: Substituto na cobertura de Afastamento Maternidade | G65: ='MÓDULO PROFISSIONAL AUSENTE'!I7 -> 0.61583837
A66: F | B66: Subst. na cob. de outras ausências (especificar) | C66: =SUM('MÓDULO PROFISSIONAL AUSENTE'!T8:T14) -> 39.767726 | E66: F | F66: Subst. na cob. de outras ausências (especificar) | G66: =SUM('MÓDULO PROFISSIONAL AUSENTE'!I8:I14) -> 46.252044
A68: Módulo 5 - Insumos Diversos | E68: Módulo 5 - Insumos Diversos
A69: 5 | B69: Insumos Diversos | C69: =SUM(C70:C74) -> 65.817941 | E69: 5 | F69: Insumos Diversos | G69: =SUM(G70:G74) -> 65.817941
A70: A | B70: Uniformes | C70: ='MÓDULO 05'!D88 -> 23.5 | E70: A | F70: Uniformes | G70: ='MÓDULO 05'!D87 -> 23.5
A71: B | B71: Utensílios | C71: ='MÓDULO 05'!C88 -> 38.318136 | E71: B | F71: Utensílios | G71: ='MÓDULO 05'!C87 -> 38.318136
A72: C | B72: Materiais | C72: 0 | E72: C | F72: Materiais | G72: 0
A73: D | B73: Equipamentos | C73: ='MÓDULO 05'!E88 -> 3.9998054 | E73: D | F73: Equipamentos | G73: ='MÓDULO 05'!E87 -> 3.9998054
A74: E | B74: Outros (especificar) | C74: 0 | E74: E | F74: Outros (especificar) | G74: 0
A76: Módulo 6 - Custos Indiretos, Tributos e Lucro | E76: Módulo 6 - Custos Indiretos, Tributos e Lucro
A77: 6 | B77: Custos Indiretos, Tributos e Lucro | C77: =SUM(C78:C80) -> 324.72893 | E77: 6 | F77: Custos Indiretos, Tributos e Lucro | G77: =SUM(G78:G80) -> 376.21661
A78: A | B78: Custos Indiretos | C78: ='DEMAIS MÓDULOS'!B62 -> 119.27213 | E78: A | F78: Custos Indiretos | G78: ='DEMAIS MÓDULOS'!B61 -> 138.18342
A79: B | B79: Lucro | C79: ='DEMAIS MÓDULOS'!C62 -> 125.23573 | E79: B | F79: Lucro | G79: ='DEMAIS MÓDULOS'!C61 -> 145.09259
A80: C | B80: Tributos | C80: ='DEMAIS MÓDULOS'!D62 -> 80.221075 | E80: C | F80: Tributos | G80: ='DEMAIS MÓDULOS'!D61 -> 92.940596
A81: C.1 | B81: PIS | C81: ='DEMAIS MÓDULOS'!D69 -> 4.6072915 | E81: C.1 | F81: PIS | G81: ='DEMAIS MÓDULOS'!D78 -> 5.3378045
A82: C.2 | B82: COFINS | C82: ='DEMAIS MÓDULOS'!D70 -> 21.410355 | E82: C.2 | F82: COFINS | G82: ='DEMAIS MÓDULOS'!D79 -> 24.805092
A83: C.3 | B83: ISS | C83: ='DEMAIS MÓDULOS'!D71 -> 54.203429 | E83: C.3 | F83: ISS | G83: ='DEMAIS MÓDULOS'!D80 -> 62.7977
A85: 2. QUADRO-RESUMO DO CUSTO POR EMPREGADO | E85: 2. QUADRO-RESUMO DO CUSTO POR EMPREGADO
A86: Módulo 1 - Composição da Remuneração | C86: =C27 -> 1113 | E86: Módulo 1 - Composição da Remuneração | G86: =G27 -> 1355.05
A87: Módulo 2 - Encargos e Benefícios Anuais, Mensais e Diários | C87: =C45 -> 1116.1558 | E87: Módulo 2 - Encargos e Benefícios Anuais, Mensais e Diários | G87: =G45 -> 1238.3238
A88: Módulo 3 - Provisão para Rescisão | C88: =C51 -> 22.272313 | E88: Módulo 3 - Provisão para Rescisão | G88: =G51 -> 25.160425
A89: Módulo 4 - Custo de Reposição do Profissional Ausente | C89: =C60 -> 68.196437 | E89: Módulo 4 - Custo de Reposição do Profissional Ausente | G89: =G60 -> 79.316192
A90: Módulo 5 - Insumos Diversos | C90: =C69 -> 65.817941 | E90: Módulo 5 - Insumos Diversos | G90: =G69 -> 65.817941
A91: Módulo 6 - Custos Indiretos, Tributos e Lucro | C91: =C77 -> 324.72893 | E91: Módulo 6 - Custos Indiretos, Tributos e Lucro | G91: =G77 -> 376.21661
A92: Valor Total por Agente de Limpeza | C92: =SUM(C86:C91) -> 2710.1715 | E92: Valor Total por Líder de Serviços | G92: =SUM(G86:G91) -> 3139.885

Sheet MATERIAIS
A1: ITEM | B1: DESCRIÇÃO | C1: UNIDADE | D1: CATMAT | E1: QTD MENSAL | F1: QTD ANUAL | G1: PREÇO MÉDIO UNITÁRIO (R$) | H1: CUSTO MÉDIO MENSAL (R$) | I1: CUSTO MÉDIO ANUAL (R$)
A2: 1 | B2: Água sanitária de 1ª qualidade | C2: GARRAFAS 1L | D2: 226700 | E2: =Tabela14[[#This Row],[QTD ANUAL]]/12 -> 48 | F2: 576 | G2: ='PARAMETROS DA CONTRATAÇÃO'!AF7 -> 6.5 | H2: =G2*E2 -> 312 | I2: =G2*F2 -> 3744
A3: 2 | B3: Álcool , de 1ª qualidade, 92° a 93° INPM | C3: GARRAFAS 1L | D3: 441577 | E3: =Tabela14[[#This Row],[QTD ANUAL]]/12 -> 24 | F3: 288 | G3: ='PARAMETROS DA CONTRATAÇÃO'!AF8 -> 1.758 | H3: =G3*E3 -> 42.192 | I3: =G3*F3 -> 506.304
A4: 3 | B4: Álcool em gel 70º INPM embalagem de 500 ML | C4: UNIDADE | D4: 269943 | E4: =Tabela14[[#This Row],[QTD ANUAL]]/12 -> 24 | F4: 288 | G4: ='PARAMETROS DA CONTRATAÇÃO'!AF9 -> 2.25 | H4: =G4*E4 -> 54 | I4: =G4*F4 -> 648
A5: 4 | B5: Aromatizantes de ambientes concentrado liquido | C5: GALÃO 5 L | D5: 452508 | E5: =Tabela14[[#This Row],[QTD ANUAL]]/12 -> 0 | F5: 0 | G5: ='PARAMETROS DA CONTRATAÇÃO'!AF10 -> 12 | H5: =G5*E5 -> 0 | I5: =G5*F5 -> 0
A6: 5 | B6: Bobina de fio de nylon quadrado 3,0 mm 2kg para roçadeira | C6: UNIDADE | D6: 401337 | E6: =Tabela14[[#This Row],[QTD ANUAL]]/12 -> 0 | F6: 0 | G6: ='PARAMETROS DA CONTRATAÇÃO'!AF11 -> 15 | H6: =G6*E6 -> 0 | I6: =G6*F6 -> 0
A7: 6 | B7: Cera acrílica autobrilhante, antiderrapante (incolor) | C7: GALÃO 5L | D7: 449257 | E7: =Tabela14[[#This Row],[QTD ANUAL]]/12 -> 0 | F7: 0 | G7: ='PARAMETROS DA CONTRATAÇÃO'!AF12 -> 15 | H7: =G7*E7 -> 0 | I7: =G7*F7 -> 0
A8: 7 | B8: Cera acrílico. Galão 5 litros | C8: GALÂO 5 L | D8: 350872 | E8: =Tabela14[[#This Row],[QTD ANUAL]]/12 -> 0 | F8: 0 | G8: ='PARAMETROS DA CONTRATAÇÃO'!AF13 -> 15 | H8: =G8*E8 -> 0 | I8: =G8*F8 -> 0
A9: 8 | B9: Cera impermeabilizante 5L | C9: GALÃO 5L | D9: 351129 | E9: =Tabela14[[#This Row],[QTD ANUAL]]/12 -> 0 | F9: 0 | G9: ='PARAMETROS DA CONTRATAÇÃO'!AF14 -> 15 | H9: =G9*E9 -> 0 | I9: =G9*F9 -> 0
A10: 9 | B10: Cera impermeabilizante líquida de proteção e resistência prolongada a pisos com grande tráfego, com alto brilho, embalagem de 5 litros | C10: GALÃO 5L | D10: 355838 | E10: =Tabela14[[#This Row],[QTD ANUAL]]/12 -> 0 | F10: 0 | G10: ='PARAMETROS DA CONTRATAÇÃO'!AF15 -> 15 | H10: =G10*E10 -> 0 | I10: =G10*F10 -> 0
A11: 10 | B11: Cera liquida incolor | C11: GALÃO 5L | D11: 292586 | E11: =Tabela14[[#This Row],[QTD ANUAL]]/12 -> 0 | F11: 0 | G11: ='PARAMETROS DA CONTRATAÇÃO'!AF16 -> 15 | H11: =G11*E11 -> 0 | I11: =G11*F11 -> 0
A12: 11 | B12: Conjunto para proteção de chuvas, sendo Blusão e calça confeccionados em nylon emborrachado e/ou FR, costura e termoselado, jaqueta mangas longas, pala de ventilação na frente e nas costa, faixa refletiva nos braços e envolta do tórax, fechamento por zíper e pala com velcro. Calça elástico e cadarço na cintura, aleta com velcro para ajuste no tornozelo. | C12: UNIDADE | D12: 460643 | E12: =Tabela14[[#This Row],[QTD ANUAL]]/12 -> 0 | F12: 0 | G12: ='PARAMETROS DA CONTRATAÇÃO'!AF17 -> 35 | H12: =G12*E12 -> 0 | I12: =G12*F12 -> 0
A13: 12 | B13: Desinfetante Concetrados com 5L | C13: GALÃO 5L | D13: 420084 | E13: =Tabela14[[#This Row],[QTD ANUAL]]/12 -> 36 | F13: 432 | G13: ='PARAMETROS DA CONTRATAÇÃO'!AF18 -> 15 | H13: =G13*E13 -> 540 | I13: =G13*F13 -> 6480
... A86: 86 | B86: Saponazio liquido | C86: UNIDADE | D86: 236605 | E86: =Tabela14[[#This Row],[QTD ANUAL]]/12 -> 25 | F86: 300 | G86: ='PARAMETROS DA CONTRATAÇÃO'!AF91 -> 15.15097 | H86: =G86*E86 -> 378.77425 | I86: =G86*F86 -> 4545.291
E87: =SUBTOTAL(109,Tabela14[QTD MENSAL]) -> 500.41667 | F87: =SUBTOTAL(109,Tabela14[QTD ANUAL]) -> 6005 | H87: =SUBTOTAL(109,Tabela14[CUSTO MÉDIO MENSAL (R$)]) -> 3308.4662 | I87: =SUBTOTAL(109,Tabela14[CUSTO MÉDIO ANUAL (R$)]) -> 39701.595

Sheet DEMAIS MÓDULOS
A1: MÓDULO 1 - REMUNERAÇÃO | B1: Salário Base | C1: Periculosidade | D1: Adicional Noturno | E1: Adicional Hora Noturna Reduzida | F1: Adicional Insalubridade | G1: Total
A2: Lider de Limpeza | B2: ='PARAMETROS DA CONTRATAÇÃO'!H16 -> 1355.05 | C2: =D7 -> 0 | D2: =E17 -> 0 | E2: =E22 -> 0 | F2: =D12 -> 0 | G2: =SUM(B2:F2) -> 1355.05
A3: Auxiliar de Limpeza | B3: ='PARAMETROS DA CONTRATAÇÃO'!E16 -> 1113 | C3: =D8 -> 0 | D3: =E18 -> 0 | E3: =E23 -> 0 | F3: =D13 -> 0 | G3: =SUM(B3:F3) -> 1113
A25: MÓDULO 2 - Encargos e Benefícios Anuais, Mensais e Diários | B25: 13º Salário | C25: Férias | D25: 1/3 Férias | E25: Encargos | F25: Benefícios Mensais e Diarios | G25: Total
A26: =A2 -> Lider de Limpeza | B26: =E30 -> 112.92083 | C26: =E31 -> 112.92083 | D26: =F36 -> 37.640278 | E26: =SUM(E40:E41) -> 501.7449 | F26: =SUM(J46,J47,E52,E53,E54) -> 473.097 | G26: =SUM(B26:F26) -> 1238.3238
A27: =A3 -> Auxiliar de Limpeza | B27: =E32 -> 92.75 | C27: =E33 -> 92.75 | D27: =F37 -> 30.916667 | E27: =SUM(E42:E43) -> 412.11917 | F27: =J48+E55+E56+E57+J49 -> 487.62 | G27: =SUM(B27:F27) -> 1116.1558
A29: 13 SALÁRIO E FÉRIAS | B29: Item | C29: Base de Cálculo | D29: Percentual | E29: Valor
A30: =A26 -> Lider de Limpeza | B30: 13º Salário | C30: =B$2 -> 1355.05 | D30: =1/12 -> 0.083333333 | E30: =C30*D30 -> 112.92083
B31: Férias | C31: =B$2 -> 1355.05 | D31: =1/12 -> 0.083333333 | E31: =C31*D31 -> 112.92083
A32: Auxiliar de Limpeza | B32: 13º Salário | C32: =G3 -> 1113 | D32: =1/12 -> 0.083333333 | E32: =C32*D32 -> 92.75
B33: Férias | C33: =G3 -> 1113 | D33: =1/12 -> 0.083333333 | E33: =C33*D33 -> 92.75
A35: ADIOCIONAL DE FÉRIAS | B35: ITEM | C35: Base de Cálculo | D35: Percentual | E35: Aliquota adicional | F35: Valor
A36: =A30 -> Lider de Limpeza | B36: Adicional de Férias | C36: =B2 -> 1355.05 | D36: =1/12 -> 0.083333333 | E36: =1/3 -> 0.33333333 | F36: =C36*D36*E36 -> 37.640278
A37: =A32 -> Auxiliar de Limpeza | B37: Adicional de Férias | C37: =G3 -> 1113 | D37: =1/12 -> 0.083333333 | E37: =1/3 -> 0.33333333 | F37: =C37*D37*E37 -> 30.916667
A39: ENCARGOS | B39: ITEM | C39: Base de Cálculo | D39: Percentual | E39: Valor
A40: =A36 -> Lider de Limpeza | B40: GPS | C40: =SUM(B26:D26)+SUM(G2) -> 1618.5319 | D40: =SUM('PARAMETROS DA CONTRATAÇÃO'!$N$8:$N$14) -> 0.23 | E40: =C40*D40 -> 372.26235
B41: FGTS | C41: =G2+E30+E31+F36 -> 1618.5319 | D41: ='PARAMETROS DA CONTRATAÇÃO'!$N$15 -> 0.08 | E41: =C41*D41 -> 129.48256
A42: =A37 -> Auxiliar de Limpeza | B42: GPS | C42: =SUM(B27:D27)+SUM(G3) -> 1329.4167 | D42: =SUM('PARAMETROS DA CONTRATAÇÃO'!$K$8:$K$14) -> 0.23 | E42: =C42*D42 -> 305.76583
B43: FGTS | C43: =G3+E32+E33+F37 -> 1329.4167 | D43: ='PARAMETROS DA CONTRATAÇÃO'!$K$15 -> 0.08 | E43: =C43*D43 -> 106.35333
B45: ITEM | C45: Dia trabalhado | D45: valor transporte | E45: Qtd p dia | F45: Custo total | G45: Base de cálculo Desconto | H45: Percentual de Desconto | I45: Total do Desconto | J45: Custo do Empregador
A46: =A40 -> Lider de Limpeza | B46: Transporte | C46: ='PARAMETROS DA CONTRATAÇÃO'!$H$14 -> 22 | D46: ='PARAMETROS DA CONTRATAÇÃO'!$H$22 -> 3.8 | E46: ='PARAMETROS DA CONTRATAÇÃO'!$H$25 -> 2 | F46: =C46*D46*E46 -> 167.2 | G46: =B2 -> 1355.05 | H46: ='PARAMETROS DA CONTRATAÇÃO'!H26 -> 0.06 | I46: =G46*H46 -> 81.303 | J46: =F46-I46 -> 85.897
B47: Alimentação | C47: ='PARAMETROS DA CONTRATAÇÃO'!$H$14 -> 22 | D47: ='PARAMETROS DA CONTRATAÇÃO'!$H$23 -> 14 | E47: ='PARAMETROS DA CONTRATAÇÃO'!$H$27 -> 1 | F47: =C47*D47*E47 -> 308 | G47: =F47 -> 308 | H47: ='PARAMETROS DA CONTRATAÇÃO'!H28 -> 0.1 | I47: =G47*H47 -> 30.8 | J47: =F47-I47 -> 277.2
A48: =A42 -> Auxiliar de Limpeza | B48: Transporte | C48: ='PARAMETROS DA CONTRATAÇÃO'!$E$14 -> 22 | D48: ='PARAMETROS DA CONTRATAÇÃO'!$E$22 -> 3.8 | E48: ='PARAMETROS DA CONTRATAÇÃO'!$E$25 -> 2 | F48: =C48*D48*E48 -> 167.2 | G48: =B3 -> 1113 | H48: ='PARAMETROS DA CONTRATAÇÃO'!E26 -> 0.06 | I48: =G48*H48 -> 66.78 | J48: =F48-I48 -> 100.42
B49: Alimentação | C49: ='PARAMETROS DA CONTRATAÇÃO'!$E$14 -> 22 | D49: ='PARAMETROS DA CONTRATAÇÃO'!$E$23 -> 14 | E49: ='PARAMETROS DA CONTRATAÇÃO'!$E$27 -> 1 | F49: =C49*D49*E49 -> 308 | G49: =F49 -> 308 | H49: ='PARAMETROS DA CONTRATAÇÃO'!E28 -> 0.1 | I49: =G49*H49 -> 30.8 | J49: =F49-I49 -> 277.2
A51: Categoria | B51: ITEM | C51: Base de cálculo | D51: Desconto | E51: Custo Total
A52: =A46 -> Lider de Limpeza | B52: Cesta Básica | C52: ='PARAMETROS DA CONTRATAÇÃO'!H24 -> 85 | D52: 0 | E52: =C52+D52 -> 85
B53: Assitencia Familiar | C53: ='PARAMETROS DA CONTRATAÇÃO'!H29 -> 10 | D53: 0 | E53: =C53+D53 -> 10
B54: ='PARAMETROS DA CONTRATAÇÃO'!G30 -> Plano Odontologico | C54: ='PARAMETROS DA CONTRATAÇÃO'!H30 -> 15 | D54: 0 | E54: =C54+D54 -> 15
A55: =A48 -> Auxiliar de Limpeza | B55: Cesta Básica | C55: ='PARAMETROS DA CONTRATAÇÃO'!E24 -> 85 | D55: 0 | E55: =C55+D55 -> 85
B56: Assitencia Familiar | C56: ='PARAMETROS DA CONTRATAÇÃO'!E29 -> 10 | D56: 0 | E56: ='PARAMETROS DA CONTRATAÇÃO'!$E$29 -> 10
B57: ='PARAMETROS DA CONTRATAÇÃO'!D30 -> Plano Odontologico | C57: ='PARAMETROS DA CONTRATAÇÃO'!E30 -> 15 | D57: 0 | E57: ='PARAMETROS DA CONTRATAÇÃO'!$E$30 -> 15
A59: 6 - CUSTOS INDIRETOS , TRIBUTOS E LUCRO (repactuação)
A60: Categoria | B60: Custos Indiretos | C60: Lucro | D60: Tributos | E60: Valor
A61: =A52 -> Lider de Limpeza | B61: =D75 -> 138.18342 | C61: =D76 -> 145.09259 | D61: =D77 -> 92.940596 | E61: =SUM(B61:D61) -> 376.21661
A62: Agente de limpeza | B62: =D66 -> 119.27213 | C62: =D67 -> 125.23573 | D62: =D68 -> 80.221075 | E62: =SUM(B62:D62) -> 324.72893
A64: AGENTE DE LIMPEZA
A65: ITEM | B65: BASE DE CÁLCULO | C65: PERCENTUAL | D65: VALOR
A66: Custos Indiretos | B66: =G3+G27+Tabela33[[#Totals],[Valor]]+Tabela2628[[#Totals],[Custo Mensal]]+'MÓDULO 05'!F88 -> 2385.4425 | C66: ='PARAMETROS DA CONTRATAÇÃO'!K17 -> 0.05 | D66: =B66*C66 -> 119.27213
A67: Lucro | B67: =B66+D66 -> 2504.7147 | C67: ='PARAMETROS DA CONTRATAÇÃO'!K18 -> 0.05 | D67: =B67*C67 -> 125.23573
A68: TRIBUTOS | B68: =(B67+D67)/(1-C68) -> 2710.1715 | C68: ='PARAMETROS DA CONTRATAÇÃO'!K19 -> 0.0296 | D68: =B68*C68 -> 80.221075
A69: Pis | B69: =(B$67+D$67)/(1-SUM(C$69:C$71)) -> 2710.1715 | C69: ='PARAMETROS DA CONTRATAÇÃO'!K20 -> 0.0017 | D69: =B69*C69 -> 4.6072915
A70: Cofins | B70: =(B$67+D$67)/(1-SUM(C$69:C$71)) -> 2710.1715 | C70: ='PARAMETROS DA CONTRATAÇÃO'!K21 -> 0.0079 | D70: =B70*C70 -> 21.410355
A71: ISS | B71: =(B$67+D$67)/(1-SUM(C$69:C$71)) -> 2710.1715 | C71: ='PARAMETROS DA CONTRATAÇÃO'!K22 -> 0.02 | D71: =B71*C71 -> 54.203429
A73: LIDER LIMPEZA
A74: ITEM | B74: BASE DE CÁLCULO | C74: PERCENTUAL | D74: VALOR
A75: Custos Indiretos | B75: =G2+G26+Tabela3339[[#Totals],[Valor]]+Tabela26[[#Totals],[Custo Mensal]]+'MÓDULO 05'!F87 -> 2763.6684 | C75: ='PARAMETROS DA CONTRATAÇÃO'!N17 -> 0.05 | D75: =B75*C75 -> 138.18342
A76: Lucro | B76: =B75+D75 -> 2901.8518 | C76: ='PARAMETROS DA CONTRATAÇÃO'!N18 -> 0.05 | D76: =B76*C76 -> 145.09259
A77: TRIBUTOS | B77: =($B$76+$D$76)/(1-$C$77) -> 3139.885 | C77: ='PARAMETROS DA CONTRATAÇÃO'!N19 -> 0.0296 | D77: =B77*C77 -> 92.940596
A78: Pis | B78: =($B$76+$D$76)/(1-$C$77) -> 3139.885 | C78: ='PARAMETROS DA CONTRATAÇÃO'!N20 -> 0.0017 | D78: =B78*C78 -> 5.3378045
A79: Cofins | B79: =($B$76+$D$76)/(1-$C$77) -> 3139.885 | C79: ='PARAMETROS DA CONTRATAÇÃO'!N21 -> 0.0079 | D79: =B79*C79 -> 24.805092
A80: ISS | B80: =($B$76+$D$76)/(1-$C$77) -> 3139.885 | C80: ='PARAMETROS DA CONTRATAÇÃO'!N22 -> 0.02 | D80: =B80*C80 -> 62.7977

Sheet MÓDULO RESCISÃO
A1: Para calcular a provisão para rescisão usa-se o percentual por tipos de desligamentos para cada unidade da federação e para cada categoria de serviço, extraídos do Cadastro Geral de Empregados e Desempregados (CAGED) de 2018. Para o Amazonas, no serviço de limpeza, temos os seguintes percentuais:
A4: % MULTA DE FGTS | B4: PERCENTUAIS | D4: AGENTE DE LIMPEZA
A5: Aviso Prévio Indenizado | B5: 0.4 | D5: ITEM | E5: DESCRIÇÃO | F5: Base Cálculo | G5: Proporção mensal | H5: Percentual de Desligamento | I5: % incidencia | J5: % do Item | K5: Valor
A6: Aviso Prévio Trabalhado | B6: 0.4 | D6: A | E6: Aviso Prévio Indenizado | F6: ='DEMAIS MÓDULOS'!$G$3+SUM('DEMAIS MÓDULOS'!$B$27:$D$27) -> 1329.4167 | G6: =1/12 -> 0.083333333 | H6: ='PARAMETROS DA CONTRATAÇÃO'!Q7 -> 0.5624 | I6: ='PADRAO E REFERENCIA'!G11 -> 0.0555 | J6: =Tabela33[[#This Row],[% incidencia]]*Tabela33[[#This Row],[Percentual de Desligamento]]*Tabela33[[#This Row],[Proporção mensal]] -> 0.0026011 | K6: =Tabela33[[#This Row],[% do Item]]*Tabela33[[#This Row],[Base Cálculo]] -> 3.4579457
D7: B | E7: Incidência do FGTS sobre Aviso Prévio Indenizado | F7: ='DEMAIS MÓDULOS'!$G$3+SUM('DEMAIS MÓDULOS'!$B$27:$D$27) -> 1329.4167 | G7: =J6 -> 0.0026011 | H7: 1 | I7: 0.08 | J7: =Tabela33[[#This Row],[% incidencia]]*Tabela33[[#This Row],[Percentual de Desligamento]]*Tabela33[[#This Row],[Proporção mensal]] -> 0.000208088 | K7: =Tabela33[[#This Row],[% do Item]]*Tabela33[[#This Row],[Base Cálculo]] -> 0.27663566
D8: C | E8: Multa do FGTS e Contribuição Social sobre o Aviso Prévio Indenizado | F8: ='DEMAIS MÓDULOS'!$G$3+SUM('DEMAIS MÓDULOS'!$B$27:$D$27) -> 1329.4167 | G8: 1 | H8: =J6 -> 0.0026011 | I8: =B5*'DEMAIS MÓDULOS'!$D$43 -> 0.032 | J8: =Tabela33[[#This Row],[% incidencia]]*Tabela33[[#This Row],[Percentual de Desligamento]]*Tabela33[[#This Row],[Proporção mensal]] -> 8.32352e-05 | K8: =Tabela33[[#This Row],[% do Item]]*Tabela33[[#This Row],[Base Cálculo]] -> 0.11065426
D9: D | E9: Aviso Prévio Trabalhado | F9: ='DEMAIS MÓDULOS'!$G$3+SUM('DEMAIS MÓDULOS'!$B$27:$D$27) -> 1329.4167 | G9: =7/30/12 -> 0.019444444 | H9: ='PARAMETROS DA CONTRATAÇÃO'!Q7 -> 0.5624 | I9: ='PADRAO E REFERENCIA'!G12 -> 0.9445 | J9: =Tabela33[[#This Row],[% incidencia]]*Tabela33[[#This Row],[Percentual de Desligamento]]*Tabela33[[#This Row],[Proporção mensal]] -> 0.010328632 | K9: =Tabela33[[#This Row],[% do Item]]*Tabela33[[#This Row],[Base Cálculo]] -> 13.731056
D10: E | E10: Incidência de GPS, FGTS e outras contribuições sobre o Aviso Prévio Trabalhado | F10: ='DEMAIS MÓDULOS'!$G$3+SUM('DEMAIS MÓDULOS'!$B$27:$D$27) -> 1329.4167 | G10: ='PARAMETROS DA CONTRATAÇÃO'!K7 -> 0.31 | H10: 1 | I10: =J9 -> 0.010328632 | J10: =Tabela33[[#This Row],[% incidencia]]*Tabela33[[#This Row],[Percentual de Desligamento]]*Tabela33[[#This Row],[Proporção mensal]] -> 0.003201876 | K10: =Tabela33[[#This Row],[% do Item]]*Tabela33[[#This Row],[Base Cálculo]] -> 4.2566273
D11: F | E11: Multa do FGTS e Contribuição Social sobre o Aviso Prévio Trabalhado. | F11: ='DEMAIS MÓDULOS'!$G$3+SUM('DEMAIS MÓDULOS'!$B$27:$D$27) -> 1329.4167 | G11: 1 | H11: =I10 -> 0.010328632 | I11: =B5*'DEMAIS MÓDULOS'!$D$43 -> 0.032 | J11: =Tabela33[[#This Row],[% incidencia]]*Tabela33[[#This Row],[Percentual de Desligamento]]*Tabela33[[#This Row],[Proporção mensal]] -> 0.00033051623 | K11: =Tabela33[[#This Row],[% do Item]]*Tabela33[[#This Row],[Base Cálculo]] -> 0.43939379
D12: MÓDULO 03 - PROVISÃO PARA RESCISÃO | K12: =SUBTOTAL(109,Tabela33[Valor]) -> 22.272313
D14: LÍDER DE LIMPEZA
D15: ITEM | E15: DESCRIÇÃO | F15: Base Cálculo | G15: Proporção mensal | H15: Percentual de Desligamento | I15: % incidencia | J15: % do Item | K15: Valor
D16: A | E16: Aviso Prévio Indenizado | F16: ='DEMAIS MÓDULOS'!$G$26+SUM('DEMAIS MÓDULOS'!$B$26:$D$26) -> 1501.8058 | G16: =1/12 -> 0.083333333 | H16: ='PARAMETROS DA CONTRATAÇÃO'!Q7 -> 0.5624 | I16: ='PADRAO E REFERENCIA'!G11 -> 0.0555 | J16: =Tabela3339[[#This Row],[Proporção mensal]]*Tabela3339[[#This Row],[Percentual de Desligamento]]*Tabela3339[[#This Row],[% incidencia]] -> 0.0026011 | K16: =Tabela3339[[#This Row],[% do Item]]*Tabela3339[[#This Row],[Base Cálculo]] -> 3.906347
D17: B | E17: Incidência do FGTS sobre Aviso Prévio Indenizado | F17: ='DEMAIS MÓDULOS'!$G$26+SUM('DEMAIS MÓDULOS'!$B$26:$D$26) -> 1501.8058 | G17: =J16 -> 0.0026011 | H17: 1 | I17: 0.08 | J17: =Tabela3339[[#This Row],[Proporção mensal]]*Tabela3339[[#This Row],[Percentual de Desligamento]]*Tabela3339[[#This Row],[% incidencia]] -> 0.000208088 | K17: =Tabela3339[[#This Row],[% do Item]]*Tabela3339[[#This Row],[Base Cálculo]] -> 0.31250776
D18: C | E18: Multa do FGTS e Contribuição Social sobre o Aviso Prévio Indenizado | F18: ='DEMAIS MÓDULOS'!$G$26+SUM('DEMAIS MÓDULOS'!$B$26:$D$26) -> 1501.8058 | G18: 1 | H18: =J16 -> 0.0026011 | I18: =B5*'DEMAIS MÓDULOS'!$D$41 -> 0.032 | J18: =Tabela3339[[#This Row],[Proporção mensal]]*Tabela3339[[#This Row],[Percentual de Desligamento]]*Tabela3339[[#This Row],[% incidencia]] -> 8.32352e-05 | K18: =Tabela3339[[#This Row],[% do Item]]*Tabela3339[[#This Row],[Base Cálculo]] -> 0.12500311
D19: D | E19: Aviso Prévio Trabalhado | F19: ='DEMAIS MÓDULOS'!$G$26+SUM('DEMAIS MÓDULOS'!$B$26:$D$26) -> 1501.8058 | G19: =7/30/12 -> 0.019444444 | H19: ='PARAMETROS DA CONTRATAÇÃO'!Q7 -> 0.5624 | I19: ='PADRAO E REFERENCIA'!G12 -> 0.9445 | J19: =Tabela3339[[#This Row],[Proporção mensal]]*Tabela3339[[#This Row],[Percentual de Desligamento]]*Tabela3339[[#This Row],[% incidencia]] -> 0.010328632 | K19: =Tabela3339[[#This Row],[% do Item]]*Tabela3339[[#This Row],[Base Cálculo]] -> 15.5116
D20: E | E20: Incidência de GPS, FGTS e outras contribuições sobre o Aviso Prévio Trabalhado | F20: ='DEMAIS MÓDULOS'!$G$26+SUM('DEMAIS MÓDULOS'!$B$26:$D$26) -> 1501.8058 | G20: ='PARAMETROS DA CONTRATAÇÃO'!N7 -> 0.31 | H20: 1 | I20: =J19 -> 0.010328632 | J20: =Tabela3339[[#This Row],[Proporção mensal]]*Tabela3339[[#This Row],[Percentual de Desligamento]]*Tabela3339[[#This Row],[% incidencia]] -> 0.003201876 | K20: =Tabela3339[[#This Row],[% do Item]]*Tabela3339[[#This Row],[Base Cálculo]] -> 4.8085959
D21: F | E21: Multa do FGTS e Contribuição Social sobre o Aviso Prévio Trabalhado. | F21: ='DEMAIS MÓDULOS'!$G$26+SUM('DEMAIS MÓDULOS'!$B$26:$D$26) -> 1501.8058 | G21: 1 | H21: =J19 -> 0.010328632 | I21: =B6*'DEMAIS MÓDULOS'!$D$41 -> 0.032 | J21: =Tabela3339[[#This Row],[Proporção mensal]]*Tabela3339[[#This Row],[Percentual de Desligamento]]*Tabela3339[[#This Row],[% incidencia]] -> 0.00033051623 | K21: =Tabela3339[[#This Row],[% do Item]]*Tabela3339[[#This Row],[Base Cálculo]] -> 0.49637119
D22: MÓDULO 03 - PROVISÃO PARA RESCISÃO | K22: =SUBTOTAL(109,Tabela3339[Valor]) -> 25.160425
D23: Metodologia de Cálculo: Considerando-se que 56,24% dos faxineiros contratados pela administração pública foram demitidos sem justa causa pelo empregador, conforme dados do Cadastro Geral de Empregados e Desempregados (CAGED), referentes ao exercício de 2018, faz-se a provisão em relação à remuneração mensal do empregado, multiplica-se o citado percentual por 5,55%, que é o percentual de empregados que fazem jus ao aviso prévio indenizado, conforme consta do item 11 do Relatório constante do Acórdão TCU nº 1.904/2007 - Plenário.
D24: 5,55% = percentual de empregados demitidos que não trabalham durante o aviso prévio, de acordo com estudo do STF (fls. 187/199 – volume IV)
D25: *Base de Calculo para Aviso Prévio Idenizado conforme metodologia Serges = Modulo 01 + Submódulo 2.1
D26: A incidência do FGTS sobre o aviso prévio indenizado pode ser extraída da interpretação do art. 15 da Lei 8.036/1990, que determina a contribuição mensal, a cargo do empregador, para o FGTS, correspondente a 8% da remuneração paga ou devida ao trabalhador no mês anterior. Remuneração, aqui, nos termos definidos nos arts. 457 e 458, da CLT, ou seja, inclui o salário básico e demais parcelas recebidas pelo empregado a propósito dos serviços prestados
D28: A incidência do FGTS sobre o aviso prévio indenizado é matéria pacificada na jurisprudência.
D29: * Base de Cálculo Incidencia de FGTS = Modulo 01 + Submódulo 2.1
D30: Todo empregado dispensado sem justa causa tem direito de receber, na forma de indenização, o valor correspondente a 40% sobre o saldo dos depósitos efetuados em sua conta vinculada ao FGTS, conforme consta do art. 18 da Lei 8.036/1990.
D31: Lei 13.392/2019 extinção da contribuição adicional de 10% sobre o FGTS
D32: *Base de Cálculo Multa do FGTS Módulo 01 + Submódulo 2.1
D33: O percentual de 94,45% corresponde a diferença percentual entre 100% e 5,55% (este é o percentual de empregados que fazem jus ao aviso prévio indenizado, conforme consta do item 11 do Relatório constante do Acórdão TCU nº 1.904/2007 – Plenário)
D34: *Memoria de Percentual de Incidencia da Multa de Fgts = 40%*8% = 3,20%

Sheet MÓDULO 05
A1: FARDAMENTOS
A2: ITEM | B2: DESCRIÇÃO | C2: MEDIDA | D2: QTD/ANO | E2: Valor Unitário | F2: Valor Mensal | G2: Valor Total
A3: 1 | B3: Calça comprida com elástico e cordão, em gabardine, c/ bolsos frontais. | C3: UND | D3: 4 | E3: ='PARAMETROS DA CONTRATAÇÃO'!Y7 -> 25 | F3: =G3/12 -> 8.3333333 | G3: =E3*D3 -> 100
A4: 2 | B4: Calçado feminino/masculino de segurança de couro, com biqueira de polipropileno, elástico nas laterais, palmilha antibacteriana. | C4: PAR | D4: 2 | E4: ='PARAMETROS DA CONTRATAÇÃO'!Y8 -> 30 | F4: =G4/12 -> 5 | G4: =E4*D4 -> 60
A5: 3 | B5: Camiseta malha fria manga longa, com gola esporte, em gabardine, com emblema da empresa pintado ou bordado. | C5: UND | D5: 4 | E5: ='PARAMETROS DA CONTRATAÇÃO'!Y9 -> 20 | F5: =G5/12 -> 6.6666667 | G5: =E5*D5 -> 80
A6: 4 | B6: Chapéu tipo pescador com protetor de pescoço | C6: UND | D6: 0 | E6: ='PARAMETROS DA CONTRATAÇÃO'!Y10 -> 12 | G6: =E6*D6 -> 0
A7: 5 | B7: Crachá de identificação com Foto | C7: UND | D7: 1 | E7: ='PARAMETROS DA CONTRATAÇÃO'!Y11 -> 6 | F7: =G7/12 -> 0.5 | G7: =E7*D7 -> 6
A8: 6 | B8: Meia em algodão, tipo soquete. | C8: PAR | D8: 6 | E8: ='PARAMETROS DA CONTRATAÇÃO'!Y12 -> 6 | F8: =G8/12 -> 3 | G8: =E8*D8 -> 36
A9: TOTAL | D9: =SUBTOTAL(109,D3:D8) -> 17 | E9: ='PARAMETROS DA CONTRATAÇÃO'!Y13 -> 99 | F9: =SUM(F3:F8) -> 23.5 | G9: =SUM(G3:G8) -> 282
A12: UTENSÍLIOS
A13: ITEM | B13: DESCRIÇÃO | C13: UNIDADE | D13: CATMAT | E13: QTDE. MENSAL | F13: QTDE. ANUAL | G13: PREÇO UNITÁRIO (R$) | H13: CUSTO MENSAL (R$) | I13: CUSTO ANUAL (R$)
A14: 1 | B14: ='PARAMETROS DA CONTRATAÇÃO'!X33 -> Assento vaso sanitário, material: plástico, cor: branca, características adicionais: almofadado características adicionais: compatível: vaso sanitário deca modelo Monte Carlo. | C14: UNIDADE | D14: ='PARAMETROS DA CONTRATAÇÃO'!Y33 -> 396476 | E14: =F14/12 -> 1 | F14: 12 | G14: ='PARAMETROS DA CONTRATAÇÃO'!Z33 -> 16.5 | H14: =ROUND(E14*G14,2) -> 16.5 | I14: =ROUND(F14*G14,2) -> 198
A15: 2 | B15: ='PARAMETROS DA CONTRATAÇÃO'!X34 -> Balde em plástico com alça de metal de 10L de capacidade | C15: UNIDADE | D15: ='PARAMETROS DA CONTRATAÇÃO'!Y34 -> 216081 | E15: =F15/12 -> 1 | F15: 12 | G15: ='PARAMETROS DA CONTRATAÇÃO'!Z34 -> 16 | H15: =ROUND(E15*G15,2) -> 16 | I15: =ROUND(F15*G15,2) -> 192
A16: 3 | B16: ='PARAMETROS DA CONTRATAÇÃO'!X35 -> Balde Plastico de 20 litros | C16: UNIDADE | D16: ='PARAMETROS DA CONTRATAÇÃO'!Y35 -> 355563 | E16: =F16/12 -> 0 | F16: 0 | G16: ='PARAMETROS DA CONTRATAÇÃO'!Z35 -> 14.5 | H16: =ROUND(E16*G16,2) -> 0 | I16: =ROUND(F16*G16,2) -> 0
A17: 4 | B17: ='PARAMETROS DA CONTRATAÇÃO'!X36 -> Balde Plastico de 12 litros | C17: UNIDADE | D17: ='PARAMETROS DA CONTRATAÇÃO'!Y36 -> 417993 | E17: =F17/12 -> 0 | F17: 0 | G17: ='PARAMETROS DA CONTRATAÇÃO'!Z36 -> 12 | H17: =ROUND(E17*G17,2) -> 0 | I17: =ROUND(F17*G17,2) -> 0
A18: 5 | B18: ='PARAMETROS DA CONTRATAÇÃO'!X37 -> Carrinho de Limpeza MOP | C18: UNIDADE | D18: ='PARAMETROS DA CONTRATAÇÃO'!Y37 -> 123242 | E18: =F18/12 -> 0 | F18: 0 | G18: ='PARAMETROS DA CONTRATAÇÃO'!Z37 -> 230 | H18: =ROUND(E18*G18,2) -> 0 | I18: =ROUND(F18*G18,2) -> 0
A19: 6 | B19: ='PARAMETROS DA CONTRATAÇÃO'!X38 -> Balde espremedor MOP limpeza profissional | C19: UNIDADE | D19: ='PARAMETROS DA CONTRATAÇÃO'!Y38 -> 307875 | E19: =F19/12 -> 0.5 | F19: 6 | G19: ='PARAMETROS DA CONTRATAÇÃO'!Z38 -> 90 | H19: =ROUND(E19*G19,2) -> 45 | I19: =ROUND(F19*G19,2) -> 540
A20: 7 | B20: ='PARAMETROS DA CONTRATAÇÃO'!X39 -> Espanador de mesa eletrostático em microfibra | C20: UNIDADE | D20: ='PARAMETROS DA CONTRATAÇÃO'!Y39 -> 236909 | E20: =F20/12 -> 1 | F20: 12 | G20: ='PARAMETROS DA CONTRATAÇÃO'!Z39 -> 12.5 | H20: =ROUND(E20*G20,2) -> 12.5 | I20: =ROUND(F20*G20,2) -> 150
A21: 8 | B21: ='PARAMETROS DA CONTRATAÇÃO'!X40 -> Facão, material lâmina: aço carbono, material cabo; madeira, comprimento: 21 pol, tipo: terçado (anual) | C21: UNIDADE | D21: ='PARAMETROS DA CONTRATAÇÃO'!Y40 -> 444084 | E21: =F21/12 -> 0 | F21: 0 | G21: ='PARAMETROS DA CONTRATAÇÃO'!Z40 -> 16 | H21: =ROUND(E21*G21,2) -> 0 | I21: =ROUND(F21*G21,2) -> 0
A22: 9 | B22: ='PARAMETROS DA CONTRATAÇÃO'!X41 -> Lixeiras Multiuso Inox Prata de 15L com Pedal | C22: UNIDADE | D22: ='PARAMETROS DA CONTRATAÇÃO'!Y41 -> 345502 | E22: =F22/12 -> 0.5 | F22: 6 | G22: ='PARAMETROS DA CONTRATAÇÃO'!Z41 -> 45 | H22: =ROUND(E22*G22,2) -> 22.5 | I22: =ROUND(F22*G22,2) -> 270
A23: 10 | B23: ='PARAMETROS DA CONTRATAÇÃO'!X42 -> Pá caixa coletora em Poliestireno e cabo anatômico em alumínio com altura ergonômica | C23: UNIDADE | D23: ='PARAMETROS DA CONTRATAÇÃO'!Y42 -> 236336 | E23: =F23/12 -> 1 | F23: 12 | G23: ='PARAMETROS DA CONTRATAÇÃO'!Z42 -> 9 | H23: =ROUND(E23*G23,2) -> 9 | I23: =ROUND(F23*G23,2) -> 108
A24: 11 | B24: ='PARAMETROS DA CONTRATAÇÃO'!X43 -> Porta-papel higiênico, material: plástico abs, largura: 20 cm, altura: 27 cm, características adicionais: para rolo de 300 a 400 m | C24: UNIDADE | D24: ='PARAMETROS DA CONTRATAÇÃO'!Y43 -> 287999 | E24: =F24/12 -> 1 | F24: 12 | G24: ='PARAMETROS DA CONTRATAÇÃO'!Z43 -> 9.5 | H24: =ROUND(E24*G24,2) -> 9.5 | I24: =ROUND(F24*G24,2) -> 114
A25: 12 | B25: ='PARAMETROS DA CONTRATAÇÃO'!X44 -> Porta-toalha, material: plástico abs, cor: branca, tipo fixação: parede, tipo uso: toalha de papel, aplicação: banheiro, características adicionais: 2 dobras, visor transparente para verificação do | C25: UNIDADE | D25: ='PARAMETROS DA CONTRATAÇÃO'!Y44 -> 301988 | E25: =F25/12 -> 1 | F25: 12 | G25: ='PARAMETROS DA CONTRATAÇÃO'!Z44 -> 9.5 | H25: =ROUND(E25*G25,2) -> 9.5 | I25: =ROUND(F25*G25,2) -> 114
... A30: 17 | B30: ='PARAMETROS DA CONTRATAÇÃO'!X49 -> Vassoura de cipó (trimestral) | C30: UNIDADE | D30: ='PARAMETROS DA CONTRATAÇÃO'!Y49 -> 151014 | E30: =F30/12 -> 0 | F30: 0 | G30: ='PARAMETROS DA CONTRATAÇÃO'!Z49 -> 12 | H30: =ROUND(E30*G30,2) -> 0 | I30: =ROUND(F30*G30,2) -> 0
A31: 18 | B31: ='PARAMETROS DA CONTRATAÇÃO'!X50 -> Vassoura de nylon, tamanho comercial, com cabo | C31: UNIDADE | D31: ='PARAMETROS DA CONTRATAÇÃO'!Y50 -> 254511 | E31: =F31/12 -> 2.0833333 | F31: 25 | G31: ='PARAMETROS DA CONTRATAÇÃO'!Z50 -> 12 | H31: =ROUND(E31*G31,2) -> 25 | I31: =ROUND(F31*G31,2) -> 300 | K31: ALTERADO DE 60 PARA 25 POIS O QUANTITATIVO ESTAVA MUITO ELEVADO
A32: 19 | B32: ='PARAMETROS DA CONTRATAÇÃO'!X51 -> Vassoura de pêlos (semestral) | C32: UNIDADE | D32: ='PARAMETROS DA CONTRATAÇÃO'!Y51 -> 446269 | E32: =F32/12 -> 0 | F32: 0 | G32: ='PARAMETROS DA CONTRATAÇÃO'!Z51 -> 12 | H32: =ROUND(E32*G32,2) -> 0 | I32: =ROUND(F32*G32,2) -> 0
A33: 20 | B33: ='PARAMETROS DA CONTRATAÇÃO'!X52 -> Vassoura de piaçava | C33: UNIDADE | D33: ='PARAMETROS DA CONTRATAÇÃO'!Y52 -> 469862 | E33: =F33/12 -> 0 | F33: 0 | G33: ='PARAMETROS DA CONTRATAÇÃO'!Z52 -> 12 | H33: =ROUND(E33*G33,2) -> 0 | I33: =ROUND(F33*G33,2) -> 0
A34: 21 | B34: ='PARAMETROS DA CONTRATAÇÃO'!X53 -> Vassoura tipo escovão com cabo | C34: UNIDADE | D34: ='PARAMETROS DA CONTRATAÇÃO'!Y53 -> 226129 | E34: =F34/12 -> 0 | F34: 0 | G34: ='PARAMETROS DA CONTRATAÇÃO'!Z53 -> 12 | H34: =ROUND(E34*G34,2) -> 0 | I34: =ROUND(F34*G34,2) -> 0
A35: 22 | B35: ='PARAMETROS DA CONTRATAÇÃO'!X54 -> Vassoura tipo gari 60cm cepa plástica, com cabo | C35: UNIDADE | D35: ='PARAMETROS DA CONTRATAÇÃO'!Y54 -> 438600 | E35: =F35/12 -> 1.1666667 | F35: 14 | G35: ='PARAMETROS DA CONTRATAÇÃO'!Z54 -> 12 | H35: =ROUND(E35*G35,2) -> 14 | I35: =ROUND(F35*G35,2) -> 168 | K35: ALTERADO DE 30 PARA 14 POIS O QUANTITATIVO ESTAVA MUITO ELEVADO
A36: 23 | B36: ='PARAMETROS DA CONTRATAÇÃO'!X55 -> Tesoura de poda para uso geral de 35cm | C36: UNIDADE | D36: ='PARAMETROS DA CONTRATAÇÃO'!Y55 -> 317622 | E36: =F36/12 -> 0 | F36: 0 | G36: ='PARAMETROS DA CONTRATAÇÃO'!Z55 -> 19.5 | H36: =ROUND(E36*G36,2) -> 0 | I36: =ROUND(F36*G36,2) -> 0
A37: 24 | B37: ='PARAMETROS DA CONTRATAÇÃO'!X56 -> Tesoura de Poda, Tesoura Jardinagem, 50 cm, Cabo Madeira Composição Metal e madeira | C37: UNIDADE | D37: ='PARAMETROS DA CONTRATAÇÃO'!Y56 -> 252759 | E37: =F37/12 -> 0 | F37: 0 | G37: ='PARAMETROS DA CONTRATAÇÃO'!Z56 -> 19 | H37: =ROUND(E37*G37,2) -> 0 | I37: =ROUND(F37*G37,2) -> 0
A38: 25 | B38: ='PARAMETROS DA CONTRATAÇÃO'!X57 -> Vassoura De Ancinho Plástica Com Cabo | C38: UNIDADE | D38: ='PARAMETROS DA CONTRATAÇÃO'!Y57 -> 417310 | E38: =F38/12 -> 0 | F38: 0 | G38: ='PARAMETROS DA CONTRATAÇÃO'!Z57 -> 18.75 | H38: =ROUND(E38*G38,2) -> 0 | I38: =ROUND(F38*G38,2) -> 0
A39: 26 | B39: ='PARAMETROS DA CONTRATAÇÃO'!X58 -> Vassoura de canto | C39: UNIDADE | D39: ='PARAMETROS DA CONTRATAÇÃO'!Y58 -> 476381 | E39: =F39/12 -> 0 | F39: 0 | G39: ='PARAMETROS DA CONTRATAÇÃO'!Z58 -> 12 | H39: =ROUND(E39*G39,2) -> 0 | I39: =ROUND(F39*G39,2) -> 0
A40: 27 | B40: ='PARAMETROS DA CONTRATAÇÃO'!X59 -> Vassoura de Piaçava de 40cm | C40: UNIDADE | D40: ='PARAMETROS DA CONTRATAÇÃO'!Y59 -> 318938 | E40: =F40/12 -> 0 | F40: 0 | G40: ='PARAMETROS DA CONTRATAÇÃO'!Z59 -> 12 | H40: =ROUND(E40*G40,2) -> 0 | I40: =ROUND(F40*G40,2) -> 0
A41: 28 | B41: ='PARAMETROS DA CONTRATAÇÃO'!X60 -> Vassoura de Piaçava de 60cm | C41: UNIDADE | D41: ='PARAMETROS DA CONTRATAÇÃO'!Y60 -> 363532 | E41: =F41/12 -> 0 | F41: 0 | G41: ='PARAMETROS DA CONTRATAÇÃO'!Z60 -> 12 | H41: =ROUND(E41*G41,2) -> 0 | I41: =ROUND(F41*G41,2) -> 0
A42: 29 | B42: ='PARAMETROS DA CONTRATAÇÃO'!X61 -> Vassoura escovão com cabo de 60cm | C42: UNIDADE | D42: ='PARAMETROS DA CONTRATAÇÃO'!Y61 -> 327917 | E42: =F42/12 -> 0 | F42: 0 | G42: ='PARAMETROS DA CONTRATAÇÃO'!Z61 -> 19 | H42: =ROUND(E42*G42,2) -> 0 | I42: =ROUND(F42*G42,2) -> 0
A43: 30 | B43: ='PARAMETROS DA CONTRATAÇÃO'!X62 -> Vassoura para jardim 22 dentes com cabo, palheta regulado com aço temperado | C43: UNIDADE | D43: ='PARAMETROS DA CONTRATAÇÃO'!Y62 -> 412574 | E43: =F43/12 -> 0 | F43: 0 | G43: ='PARAMETROS DA CONTRATAÇÃO'!Z62 -> 22 | H43: =ROUND(E43*G43,2) -> 0 | I43: =ROUND(F43*G43,2) -> 0
A44: 31 | B44: ='PARAMETROS DA CONTRATAÇÃO'!X63 -> Vassoura Poliester 40cm | C44: UNIDADE | D44: ='PARAMETROS DA CONTRATAÇÃO'!Y63 -> 300323 | E44: =F44/12 -> 0 | F44: 0 | G44: ='PARAMETROS DA CONTRATAÇÃO'!Z63 -> 12 | H44: =ROUND(E44*G44,2) -> 0 | I44: =ROUND(F44*G44,2) -> 0
A45: 32 | B45: ='PARAMETROS DA CONTRATAÇÃO'!X64 -> Cesto de Lixo em material plástico, capacidade 10 litros, SEM tampa | C45: UNIDADE | D45: ='PARAMETROS DA CONTRATAÇÃO'!Y64 -> 239916 | E45: =F45/12 -> 0.83333333 | F45: 10 | G45: ='PARAMETROS DA CONTRATAÇÃO'!Z64 -> 6 | H45: =ROUND(E45*G45,2) -> 5 | I45: =ROUND(F45*G45,2) -> 60
A46: 33 | B46: ='PARAMETROS DA CONTRATAÇÃO'!X65 -> Cesto de Lixo em material plástico, capacidade 60 litros, COM tampa | C46: UNIDADE | D46: ='PARAMETROS DA CONTRATAÇÃO'!Y65 -> 252697 | E46: =F46/12 -> 0.83333333 | F46: 10 | G46: ='PARAMETROS DA CONTRATAÇÃO'!Z65 -> 9.5 | H46: =ROUND(E46*G46,2) -> 7.92 | I46: =ROUND(F46*G46,2) -> 95
A47: 34 | B47: ='PARAMETROS DA CONTRATAÇÃO'!X66 -> Cesto de lixo para coleta seletiva de 50 litros- jogo com 4 unidades com suporte | C47: CONJUNTO | D47: ='PARAMETROS DA CONTRATAÇÃO'!Y66 -> 409684 | E47: =F47/12 -> 0 | F47: 0 | G47: ='PARAMETROS DA CONTRATAÇÃO'!Z66 -> 12 | H47: =ROUND(E47*G47,2) -> 0 | I47: =ROUND(F47*G47,2) -> 0
... A59: 46 | B59: ='PARAMETROS DA CONTRATAÇÃO'!X78 -> Ancinho para jardim 40cm | C59: UNIDADE | D59: ='PARAMETROS DA CONTRATAÇÃO'!Y78 -> 8397 | E59: =F59/12 -> 0 | F59: 0 | G59: ='PARAMETROS DA CONTRATAÇÃO'!Z78 -> 16 | H59: =ROUND(E59*G59,2) -> 0 | I59: =ROUND(F59*G59,2) -> 0
A60: TOTAL GERAL | E60: =SUBTOTAL(109,Tabela36[QTDE. MENSAL]) -> 15.416667 | F60: =SUBTOTAL(109,Tabela36[QTDE. ANUAL]) -> 185 | G60: =SUBTOTAL(109,Tabela36[PREÇO UNITÁRIO (R$)]) -> 1391.25 | H60: =SUBTOTAL(109,Tabela36[CUSTO MENSAL (R$)]) -> 229.92 | I60: =SUBTOTAL(109,Tabela36[CUSTO ANUAL (R$)]) -> 2759
A61: QUANTIDADE DE FUNCIONÁRIOS | H61: ='VERIFICAÇÃO DO DESEQUILÍBRIO'!C18 -> 6.0002919 | I61: ='VERIFICAÇÃO DO DESEQUILÍBRIO'!C18 -> 6.0002919
A62: CUSTO POR FUNCIONÁRIO | H62: =Tabela36[[#Totals],[CUSTO MENSAL (R$)]]/H61 -> 38.318136 | I62: =Tabela36[[#Totals],[CUSTO ANUAL (R$)]]/I61 -> 459.81096
A65: EQUIPAMENTOS
A66: ITEM | B66: DESCRIÇÃO | C66: COD. RECEITA | D66: VIDA ÚTIL MESES | E66: QUANTIDADE ITEM | F66: PREÇO MEDIO UNITÁRIO | G66: (%)VALOR RESIDUAL | H66: BASE DE CÁLCULO DA DEPRECIAÇÃO | I66: DEPRECIAÇÃO MENSAL | J66: DEPRECIAÇÃO ANUAL
A67: 1 | B67: ='PARAMETROS DA CONTRATAÇÃO'!X16 -> Aspirador de pó e água, tipo semi-profissional | C67: ='PARAMETROS DA CONTRATAÇÃO'!Y16 -> 302248 | D67: 60 | E67: 1 | F67: ='PARAMETROS DA CONTRATAÇÃO'!Z16 -> 240 | G67: 0.1 | H67: =(Tabela37[[#This Row],[QUANTIDADE ITEM]]*Tabela37[[#This Row],[PREÇO MEDIO UNITÁRIO]])-((Tabela37[[#This Row],[PREÇO MEDIO UNITÁRIO]]*Tabela37[[#This Row],[QUANTIDADE ITEM]])*10%) -> 216 | I67: =H67/D67 -> 3.6 | J67: =I67*12 -> 43.2
A68: 2 | B68: ='PARAMETROS DA CONTRATAÇÃO'!X17 -> Carrinho Plataforma | C68: ='PARAMETROS DA CONTRATAÇÃO'!Y17 -> 225280 | D68: 60 | E68: 2 | F68: ='PARAMETROS DA CONTRATAÇÃO'!Z17 -> 350 | G68: 0.1 | H68: =(Tabela37[[#This Row],[QUANTIDADE ITEM]]*Tabela37[[#This Row],[PREÇO MEDIO UNITÁRIO]])-((Tabela37[[#This Row],[PREÇO MEDIO UNITÁRIO]]*Tabela37[[#This Row],[QUANTIDADE ITEM]])*10%) -> 630 | I68: =H68/D68 -> 10.5 | J68: =I68*12 -> 126
A69: 3 | B69: ='PARAMETROS DA CONTRATAÇÃO'!X18 -> Lavadora/Enceradeira Industrial completa com acessórios (escova para limpeza, base suporte com velcro, Discos de Piso para Limpeza) | C69: ='PARAMETROS DA CONTRATAÇÃO'!Y18 -> 30163 | D69: 60 | E69: 0 | F69: ='PARAMETROS DA CONTRATAÇÃO'!Z18 -> 1200 | G69: 0.1 | H69: =(Tabela37[[#This Row],[QUANTIDADE ITEM]]*Tabela37[[#This Row],[PREÇO MEDIO UNITÁRIO]])-((Tabela37[[#This Row],[PREÇO MEDIO UNITÁRIO]]*Tabela37[[#This Row],[QUANTIDADE ITEM]])*10%) -> 0 | I69: =H69/D69 -> 0 | J69: =I69*12 -> 0
A70: 4 | B70: ='PARAMETROS DA CONTRATAÇÃO'!X19 -> Escada de alumínio com 12 degraus, 3 m. | C70: ='PARAMETROS DA CONTRATAÇÃO'!Y19 -> 267027 | D70: 60 | E70: 0 | F70: ='PARAMETROS DA CONTRATAÇÃO'!Z19 -> 350 | G70: 0.1 | H70: =(Tabela37[[#This Row],[QUANTIDADE ITEM]]*Tabela37[[#This Row],[PREÇO MEDIO UNITÁRIO]])-((Tabela37[[#This Row],[PREÇO MEDIO UNITÁRIO]]*Tabela37[[#This Row],[QUANTIDADE ITEM]])*10%) -> 0 | I70: =H70/D70 -> 0 | J70: =I70*12 -> 0
A71: 5 | B71: ='PARAMETROS DA CONTRATAÇÃO'!X20 -> Escada em alumínio de abrir com 7 degraus. | C71: ='PARAMETROS DA CONTRATAÇÃO'!Y20 -> 231351 | D71: 60 | E71: 0 | F71: ='PARAMETROS DA CONTRATAÇÃO'!Z20 -> 250 | G71: 0.1 | H71: =(Tabela37[[#This Row],[QUANTIDADE ITEM]]*Tabela37[[#This Row],[PREÇO MEDIO UNITÁRIO]])-((Tabela37[[#This Row],[PREÇO MEDIO UNITÁRIO]]*Tabela37[[#This Row],[QUANTIDADE ITEM]])*10%) -> 0 | I71: =H71/D71 -> 0 | J71: =I71*12 -> 0
A72: 6 | B72: ='PARAMETROS DA CONTRATAÇÃO'!X21 -> Carro funcional para limpeza. | C72: ='PARAMETROS DA CONTRATAÇÃO'!Y21 -> 298356 | D72: 60 | E72: 0 | F72: ='PARAMETROS DA CONTRATAÇÃO'!Z21 -> 950 | G72: 0.1 | H72: =(Tabela37[[#This Row],[QUANTIDADE ITEM]]*Tabela37[[#This Row],[PREÇO MEDIO UNITÁRIO]])-((Tabela37[[#This Row],[PREÇO MEDIO UNITÁRIO]]*Tabela37[[#This Row],[QUANTIDADE ITEM]])*10%) -> 0 | I72: =H72/D72 -> 0 | J72: =I72*12 -> 0
A73: 7 | B73: ='PARAMETROS DA CONTRATAÇÃO'!X22 -> Lavadora de alta pressão compacta 2 rodas, no minimo de potencia 1,5 kW. Tipo semi-profissional, 110V . Modelo equivalente, ou similar e ou de melhor qualidade à KARCHER. | C73: ='PARAMETROS DA CONTRATAÇÃO'!Y22 -> 150245 | D73: 60 | E73: 1 | F73: ='PARAMETROS DA CONTRATAÇÃO'!Z22 -> 600 | G73: 0.1 | H73: =(Tabela37[[#This Row],[QUANTIDADE ITEM]]*Tabela37[[#This Row],[PREÇO MEDIO UNITÁRIO]])-((Tabela37[[#This Row],[PREÇO MEDIO UNITÁRIO]]*Tabela37[[#This Row],[QUANTIDADE ITEM]])*10%) -> 540 | I73: =H73/D73 -> 9 | J73: =I73*12 -> 108
A74: 8 | B74: ='PARAMETROS DA CONTRATAÇÃO'!X23 -> Óculos de Proteção. | C74: ='PARAMETROS DA CONTRATAÇÃO'!Y23 -> 151039 | D74: 60 | E74: 0 | F74: ='PARAMETROS DA CONTRATAÇÃO'!Z23 -> 12 | G74: 0.1 | H74: =(Tabela37[[#This Row],[QUANTIDADE ITEM]]*Tabela37[[#This Row],[PREÇO MEDIO UNITÁRIO]])-((Tabela37[[#This Row],[PREÇO MEDIO UNITÁRIO]]*Tabela37[[#This Row],[QUANTIDADE ITEM]])*10%) -> 0 | I74: =H74/D74 -> 0 | J74: =I74*12 -> 0
A75: 9 | B75: ='PARAMETROS DA CONTRATAÇÃO'!X24 -> Placa sinalizadora "cuidado piso molhado" | C75: ='PARAMETROS DA CONTRATAÇÃO'!Y24 -> 347968 | D75: 60 | E75: 3 | F75: ='PARAMETROS DA CONTRATAÇÃO'!Z24 -> 20 | G75: 0.1 | H75: =(Tabela37[[#This Row],[QUANTIDADE ITEM]]*Tabela37[[#This Row],[PREÇO MEDIO UNITÁRIO]])-((Tabela37[[#This Row],[PREÇO MEDIO UNITÁRIO]]*Tabela37[[#This Row],[QUANTIDADE ITEM]])*10%) -> 54 | I75: =H75/D75 -> 0.9 | J75: =I75*12 -> 10.8
A76: 10 | B76: ='PARAMETROS DA CONTRATAÇÃO'!X25 -> Podador PROFISSIONAL a gasolina | C76: ='PARAMETROS DA CONTRATAÇÃO'!Y25 -> 468666 | D76: 60 | E76: 0 | F76: ='PARAMETROS DA CONTRATAÇÃO'!Z25 -> 350 | G76: 0.1 | H76: =(Tabela37[[#This Row],[QUANTIDADE ITEM]]*Tabela37[[#This Row],[PREÇO MEDIO UNITÁRIO]])-((Tabela37[[#This Row],[PREÇO MEDIO UNITÁRIO]]*Tabela37[[#This Row],[QUANTIDADE ITEM]])*10%) -> 0 | I76: =H76/D76 -> 0 | J76: =I76*12 -> 0
A77: 11 | B77: ='PARAMETROS DA CONTRATAÇÃO'!X26 -> Pulverizador Costal Manual Compressão Prévia 20 Litros com 4 bicos | C77: ='PARAMETROS DA CONTRATAÇÃO'!Y26 -> 321859 | D77: 60 | E77: 0 | F77: ='PARAMETROS DA CONTRATAÇÃO'!Z26 -> 120 | G77: 0.1 | H77: =(Tabela37[[#This Row],[QUANTIDADE ITEM]]*Tabela37[[#This Row],[PREÇO MEDIO UNITÁRIO]])-((Tabela37[[#This Row],[PREÇO MEDIO UNITÁRIO]]*Tabela37[[#This Row],[QUANTIDADE ITEM]])*10%) -> 0 | I77: =H77/D77 -> 0 | J77: =I77*12 -> 0
A78: 12 | B78: ='PARAMETROS DA CONTRATAÇÃO'!X27 -> Roçadeira STIHL FS 220 PROFISSIONAL | C78: ='PARAMETROS DA CONTRATAÇÃO'!Y27 -> 151031 | D78: 60 | E78: 0 | F78: ='PARAMETROS DA CONTRATAÇÃO'!Z27 -> 1200 | G78: 0.1 | H78: =(Tabela37[[#This Row],[QUANTIDADE ITEM]]*Tabela37[[#This Row],[PREÇO MEDIO UNITÁRIO]])-((Tabela37[[#This Row],[PREÇO MEDIO UNITÁRIO]]*Tabela37[[#This Row],[QUANTIDADE ITEM]])*10%) -> 0 | I78: =H78/D78 -> 0 | J78: =I78*12 -> 0
... A80: 14 | B80: ='PARAMETROS DA CONTRATAÇÃO'!X29 -> Outros (Especificar) | C80: ='PARAMETROS DA CONTRATAÇÃO'!Y29 -> 0 | D80: 60 | E80: 0 | F80: ='PARAMETROS DA CONTRATAÇÃO'!Z29 -> 0 | G80: 0.1 | H80: =(Tabela37[[#This Row],[QUANTIDADE ITEM]]*Tabela37[[#This Row],[PREÇO MEDIO UNITÁRIO]])-((Tabela37[[#This Row],[PREÇO MEDIO UNITÁRIO]]*Tabela37[[#This Row],[QUANTIDADE ITEM]])*10%) -> 0 | I80: =H80/D80 -> 0 | J80: =I80*12 -> 0
A81: TOTAL GERAL | I81: =SUBTOTAL(109,Tabela37[DEPRECIAÇÃO MENSAL]) -> 24 | J81: =SUBTOTAL(109,Tabela37[DEPRECIAÇÃO ANUAL]) -> 288
A82: QUANTIDADE DE FUNCIONÁRIOS | I82: ='VERIFICAÇÃO DO DESEQUILÍBRIO'!C18 -> 6.0002919 | J82: ='VERIFICAÇÃO DO DESEQUILÍBRIO'!C18 -> 6.0002919
A83: CUSTO POR FUNCIONÁRIO | I83: =Tabela37[[#Totals],[DEPRECIAÇÃO MENSAL]]/I82 -> 3.9998054 | J83: =Tabela37[[#Totals],[DEPRECIAÇÃO ANUAL]]/J82 -> 47.997665
B85: MODULO 5 - INSUMOS DE MÃO DE OBRA
B86: CATEGORIA | C86: UTENSÍLIOS | D86: UNIFORMES | E86: EQUIPAMENTOS | F86: TOTAL
B87: LIDER DE LIMPEZA | C87: =$H$62 -> 38.318136 | D87: =F9 -> 23.5 | E87: =$I$83 -> 3.9998054 | F87: =SUM(C87:E87) -> 65.817941
B88: AGENTE DE LIMPEZA | C88: =$H$62 -> 38.318136 | D88: =F9 -> 23.5 | E88: =$I$83 -> 3.9998054 | F88: =SUM(C88:E88) -> 65.817941

Sheet Tempos
A3: Rótulos de Linha | B3: Soma de Tempo Unitário Estimado das Atividades | C3: Soma de Tempo Total Estimado das Atividades
A4: 01.Diária | B4: 1.8246875 | C4: 5.173287 | E4: =GETPIVOTDATA("Soma de Tempo Unitário Estimado das Atividades",$A$3,"Periodicidade","01.Diária")*24/8.8 -> 4.9764205 | F4: =GETPIVOTDATA("Soma de Tempo Total Estimado das Atividades",$A$3,"Periodicidade","01.Diária")*24/8.8 -> 14.108965
A5: Cozinha | B5: 0.008275463 | C5: 0.024837963
A6: Fachada | B6: 0.051377315 | C6: 0.10275463
A7: Recepção | B7: 0.0095138889 | C7: 0.028530093
A8: Laboratório de Informática | B8: 0.11521991 | C8: 0.34564815
A9: Sala de atendimento ao educando | B9: 0.018287037 | C9: 0.054861111
A10: Sala de Atendimento Psicológico | B10: 0.0092361111 | C10: 0.027696759
A11: Sala de atendimento de saúde | B11: 0.010451389 | C11: 0.031354167
A12: Banheiro (Prédio Liceu) | B12: 0.050601852 | C12: 0.15180556
A13: Sala de aula 1 - ANEXO | B13: 0.036689815 | C13: 0.11005787
A14: Sala de aula 2 - ANEXO | B14: 0.036365741 | C14: 0.10909722
A15: Sala de aula 3 -Anexo | B15: 0.035752315 | C15: 0.10724537
A16: Sala de aula 4 -Anexo | B16: 0.035752315 | C16: 0.10724537
... A19: Banheiro (prédio anexo) | B19: 0.026215278 | C19: 0.078645833
A20: Escadas principais | B20: 0.0049189815 | C20: 0.014768519 | E20: =GETPIVOTDATA("Soma de Tempo Unitário Estimado das Atividades",$A$3,"Periodicidade","02.Semanal")*24/8.8 -> 0.022569444 | F20: =GETPIVOTDATA("Soma de Tempo Total Estimado das Atividades",$A$3,"Periodicidade","02.Semanal")*24/8.8 -> 0.045107323
A21: Corredor lateral | B21: 0.014479167 | C21: 0.043449074
A22: Laboratório de Informática | B22: 0.065578704 | C22: 0.19673611
A23: Banheiro (sala de manutenção dos computadore)s | B23: 0.01412037 | C23: 0.042349537
A24: Área de circulação (corredor) | B24: 0.02369213 | C24: 0.071064815
A25: Área próxima ao banheiro | B25: 0.0064467593 | C25: 0.019328704
A26: Laboratório de manutenção computadores | B26: 0.0088773148 | C26: 0.026643519 | E26: =GETPIVOTDATA("Soma de Tempo Unitário Estimado das Atividades",$A$3,"Periodicidade","04.Mensal")*24/8.8 -> 0.0013257576 | F26: =GETPIVOTDATA("Soma de Tempo Total Estimado das Atividades",$A$3,"Periodicidade","04.Mensal")*24/8.8 -> 0.0026515152
A27: Sala do Rack (servidor) | B27: 0.0072453704 | C27: 0.021724537
A28: Vidraças (Prédio Liceu) | B28: 0.021030093 | C28: 0.042071759 | E28: =GETPIVOTDATA("Soma de Tempo Unitário Estimado das Atividades",$A$3,"Periodicidade","05.Semestral")*24/8.8 -> #REF! | F28: =GETPIVOTDATA("Soma de Tempo Total Estimado das Atividades",$A$3,"Periodicidade","05.Semestral")*24/8.8 -> #REF!
A29: Biblioteca | B29: 0.165 | C29: 0.495
A30: Sala de Estudo | B30: 0.10340278 | C30: 0.31019676
A31: Área Externa de circulação - (Centro de Referência) | B31: 0.049375 | C31: 0.14813657 | E31: =E28+E26+E20+E4 -> #REF! | F31: =F4+F20+F26+F28 -> #REF!
A32: Sala dos professores | B32: 0.02474537 | C32: 0.074247685
A33: Sala dos coordenadores | B33: 0.019907407 | C33: 0.059733796
A34: Sala do DEPE | B34: 0.0215625 | C34: 0.064675926
A35: Sala de adicionamento da merenda | B35: 0.010243056 | C35: 0.030740741
A36: Sala do DAP | B36: 0.021805556 | C36: 0.065428241
A37: Sala da Direção Geral | B37: 0.016226852 | C37: 0.048680556
A38: Vidraças (Prédio Centro de Referência) | B38: 0.22834491 | C38: 0.45667824
A39: Sala de aula 1 - (Prédio Centro de Referência) | B39: 0.045185185 | C39: 0.13554398
A40: Sala de aula 2 - (Prédio Centro de Referência) | B40: 0.045185185 | C40: 0.13554398
A41: Sala de aula 3 - (Prédio Centro de Referência) | B41: 0.040810185 | C41: 0.12243056
A42: Laboratório de informática - (Prédio Centro de Referência) | B42: 0.12599537 | C42: 0.37799769
A43: Banheiros masculino | B43: 0.049606481 | C43: 0.14883102
... A57: Total Geral | B57: 3.6668866 | C57: 10.381609

Sheet MÓDULO PROFISSIONAL AUSENTE
A1: LIDER DE LIMPEZA | L1: AGENTE DE LIMPEZA
A2: 4.1 - Substituto nas Ausências Legais | B2: Categoria | C2: Duração Legal | D2: Proporção Mensal | E2: % Anual | F2: Percentual de Incidencia Estudo | G2: % do Item | H2: Base de Cálculo | I2: Custo Mensal | L2: 4.1 - Substituto nas Ausências Legais | M2: Categoria | N2: Duração Legal | O2: Proporção Mensal | P2: % Anual | Q2: Percentual de Incidencia Estudo | R2: % do Item | S2: Base de Cálculo | T2: Custo Mensal
A3: A. Substituto na cobertura de Férias | B3: Férias | C3: 30 | D3: =C3/30 -> 1 | E3: =1/12 -> 0.083333333 | F3: ='PARAMETROS DA CONTRATAÇÃO'!U7 -> 0.11111111 | G3: =F3*E3*D3 -> 0.0092592593 | H3: ='DEMAIS MÓDULOS'!$G$2+'DEMAIS MÓDULOS'!$G$26+Tabela3339[[#Totals],[Valor]] -> 2618.5343 | I3: =G3*H3 -> 24.245688 | L3: A. Substituto na cobertura de Férias | M3: Férias | N3: 30 | O3: =N3/30 -> 1 | P3: =1/12 -> 0.083333333 | Q3: ='PARAMETROS DA CONTRATAÇÃO'!U7 -> 0.11111111 | R3: =Q3*P3*O3 -> 0.0092592593 | S3: =SUM('DEMAIS MÓDULOS'!$G$3+'DEMAIS MÓDULOS'!$G$27+Tabela33[[#Totals],[Valor]]) -> 2251.4281 | T3: =R3*S3 -> 20.846557
A4: B. Substituto na cobertura de Ausências Legais | B4: Ausência justificada | C4: 1 | D4: =C4/30 -> 0.033333333 | E4: =1/12 -> 0.083333333 | F4: ='PARAMETROS DA CONTRATAÇÃO'!U8 -> 1 | G4: =F4*E4*D4 -> 0.0027777778 | H4: ='DEMAIS MÓDULOS'!$G$2+'DEMAIS MÓDULOS'!$G$26+Tabela3339[[#Totals],[Valor]] -> 2618.5343 | I4: =G4*H4 -> 7.2737063 | L4: B. Substituto na cobertura de Ausências Legais | M4: Ausência justificada | N4: 1 | O4: =N4/30 -> 0.033333333 | P4: =1/12 -> 0.083333333 | Q4: ='PARAMETROS DA CONTRATAÇÃO'!U8 -> 1 | R4: =Q4*P4*O4 -> 0.0027777778 | S4: =SUM('DEMAIS MÓDULOS'!$G$3+'DEMAIS MÓDULOS'!$G$27+Tabela33[[#Totals],[Valor]]) -> 2251.4281 | T4: =R4*S4 -> 6.2539671
A5: C. Substituto na cobertura de Licença-Paternidade | B5: Paternidade | C5: 5 | D5: =C5/30 -> 0.16666667 | E5: =1/12 -> 0.083333333 | F5: ='PARAMETROS DA CONTRATAÇÃO'!U9 -> 0.0122 | G5: =F5*E5*D5 -> 0.00016944444 | H5: ='DEMAIS MÓDULOS'!$G$2+'DEMAIS MÓDULOS'!$G$26+Tabela3339[[#Totals],[Valor]] -> 2618.5343 | I5: =G5*H5 -> 0.44369608 | L5: C. Substituto na cobertura de Licença-Paternidade | M5: Paternidade | N5: 5 | O5: =N5/30 -> 0.16666667 | P5: =1/12 -> 0.083333333 | Q5: ='PARAMETROS DA CONTRATAÇÃO'!U9 -> 0.0122 | R5: =Q5*P5*O5 -> 0.00016944444 | S5: =SUM('DEMAIS MÓDULOS'!$G$3+'DEMAIS MÓDULOS'!$G$27+Tabela33[[#Totals],[Valor]]) -> 2251.4281 | T5: =R5*S5 -> 0.38149199
A6: D. Subst. na cob. de Ausênc. por acidente de trabalho | B6: Acidente de trabalho | C6: 15 | D6: =C6/30 -> 0.5 | E6: =1/12 -> 0.083333333 | F6: ='PARAMETROS DA CONTRATAÇÃO'!U10 -> 0.0044472535 | G6: =F6*E6*D6 -> 0.00018530223 | H6: ='DEMAIS MÓDULOS'!$G$2+'DEMAIS MÓDULOS'!$G$26+Tabela3339[[#Totals],[Valor]] -> 2618.5343 | I6: =G6*H6 -> 0.48522024 | L6: D. Subst. na cob. de Ausênc. por acidente de trabalho | M6: Acidente de trabalho | N6: 15 | O6: =N6/30 -> 0.5 | P6: =1/12 -> 0.083333333 | Q6: ='PARAMETROS DA CONTRATAÇÃO'!U10 -> 0.0044472535 | R6: =Q6*P6*O6 -> 0.00018530223 | S6: =SUM('DEMAIS MÓDULOS'!$G$3+'DEMAIS MÓDULOS'!$G$27+Tabela33[[#Totals],[Valor]]) -> 2251.4281 | T6: =R6*S6 -> 0.41719465
A7: E. Substituto na cobertura de Afastamento Maternidade | B7: Maternidade | C7: 120 | D7: =C7/30 -> 4 | E7: =1/12 -> 0.083333333 | F7: ='PARAMETROS DA CONTRATAÇÃO'!U11 -> 0.00070555315 | G7: =F7*E7*D7 -> 0.00023518438 | H7: ='DEMAIS MÓDULOS'!$G$2+'DEMAIS MÓDULOS'!$G$26+Tabela3339[[#Totals],[Valor]] -> 2618.5343 | I7: =G7*H7 -> 0.61583837 | L7: E. Substituto na cobertura de Afastamento Maternidade | M7: Maternidade | N7: 120 | O7: =N7/30 -> 4 | P7: =1/12 -> 0.083333333 | Q7: ='PARAMETROS DA CONTRATAÇÃO'!U11 -> 0.00070555315 | R7: =Q7*P7*O7 -> 0.00023518438 | S7: =SUM('DEMAIS MÓDULOS'!$G$3+'DEMAIS MÓDULOS'!$G$27+Tabela33[[#Totals],[Valor]]) -> 2251.4281 | T7: =R7*S7 -> 0.52950074
A8: F. Subst. na cob. de outras ausências (especificar) | B8: Afastamento por doença | C8: 5.96 | D8: =C8/30 -> 0.19866667 | E8: =1/12 -> 0.083333333 | F8: ='PARAMETROS DA CONTRATAÇÃO'!U12 -> 1 | G8: =F8*E8*D8 -> 0.016555556 | H8: ='DEMAIS MÓDULOS'!$G$2+'DEMAIS MÓDULOS'!$G$26+Tabela3339[[#Totals],[Valor]] -> 2618.5343 | I8: =G8*H8 -> 43.35129 | L8: F. Subst. na cob. de outras ausências (especificar) | M8: Afastamento por doença | N8: 5.96 | O8: =N8/30 -> 0.19866667 | P8: =1/12 -> 0.083333333 | Q8: ='PARAMETROS DA CONTRATAÇÃO'!U12 -> 1 | R8: =Q8*P8*O8 -> 0.016555556 | S8: =SUM('DEMAIS MÓDULOS'!$G$3+'DEMAIS MÓDULOS'!$G$27+Tabela33[[#Totals],[Valor]]) -> 2251.4281 | T8: =R8*S8 -> 37.273644
A9: F. Subst. na cob. de outras ausências (especificar) | B9: Consulta médica filho | C9: 2 | D9: =C9/30 -> 0.066666667 | E9: =1/12 -> 0.083333333 | F9: ='PARAMETROS DA CONTRATAÇÃO'!U13 -> 0.1344 | G9: =F9*E9*D9 -> 0.00074666667 | H9: ='DEMAIS MÓDULOS'!$G$2+'DEMAIS MÓDULOS'!$G$26+Tabela3339[[#Totals],[Valor]] -> 2618.5343 | I9: =G9*H9 -> 1.9551723 | L9: F. Subst. na cob. de outras ausências (especificar) | M9: Consulta médica filho | N9: 2 | O9: =N9/30 -> 0.066666667 | P9: =1/12 -> 0.083333333 | Q9: ='PARAMETROS DA CONTRATAÇÃO'!U13 -> 0.1344 | R9: =Q9*P9*O9 -> 0.00074666667 | S9: =SUM('DEMAIS MÓDULOS'!$G$3+'DEMAIS MÓDULOS'!$G$27+Tabela33[[#Totals],[Valor]]) -> 2251.4281 | T9: =R9*S9 -> 1.6810663
A10: F. Subst. na cob. de outras ausências (especificar) | B10: Óbitos na família | C10: 2 | D10: =C10/30 -> 0.066666667 | E10: =1/12 -> 0.083333333 | F10: ='PARAMETROS DA CONTRATAÇÃO'!U14 -> 0.0305 | G10: =F10*E10*D10 -> 0.00016944444 | H10: ='DEMAIS MÓDULOS'!$G$2+'DEMAIS MÓDULOS'!$G$26+Tabela3339[[#Totals],[Valor]] -> 2618.5343 | I10: =G10*H10 -> 0.44369608 | L10: F. Subst. na cob. de outras ausências (especificar) | M10: Óbitos na família | N10: 2 | O10: =N10/30 -> 0.066666667 | P10: =1/12 -> 0.083333333 | Q10: ='PARAMETROS DA CONTRATAÇÃO'!U14 -> 0.0305 | R10: =Q10*P10*O10 -> 0.00016944444 | S10: =SUM('DEMAIS MÓDULOS'!$G$3+'DEMAIS MÓDULOS'!$G$27+Tabela33[[#Totals],[Valor]]) -> 2251.4281 | T10: =R10*S10 -> 0.38149199
A11: F. Subst. na cob. de outras ausências (especificar) | B11: Casamento | C11: 3 | D11: =C11/30 -> 0.1 | E11: =1/12 -> 0.083333333 | F11: ='PARAMETROS DA CONTRATAÇÃO'!U15 -> 0.0118 | G11: =F11*E11*D11 -> 9.8333333e-05 | H11: ='DEMAIS MÓDULOS'!$G$2+'DEMAIS MÓDULOS'!$G$26+Tabela3339[[#Totals],[Valor]] -> 2618.5343 | I11: =G11*H11 -> 0.2574892 | L11: F. Subst. na cob. de outras ausências (especificar) | M11: Casamento | N11: 3 | O11: =N11/30 -> 0.1 | P11: =1/12 -> 0.083333333 | Q11: ='PARAMETROS DA CONTRATAÇÃO'!U15 -> 0.0118 | R11: =Q11*P11*O11 -> 9.8333333e-05 | S11: =SUM('DEMAIS MÓDULOS'!$G$3+'DEMAIS MÓDULOS'!$G$27+Tabela33[[#Totals],[Valor]]) -> 2251.4281 | T11: =R11*S11 -> 0.22139043
A12: F. Subst. na cob. de outras ausências (especificar) | B12: Doação de sangue | C12: 1 | D12: =C12/30 -> 0.033333333 | E12: =1/12 -> 0.083333333 | F12: ='PARAMETROS DA CONTRATAÇÃO'!U16 -> 0.02 | G12: =F12*E12*D12 -> 5.5555556e-05 | H12: ='DEMAIS MÓDULOS'!$G$2+'DEMAIS MÓDULOS'!$G$26+Tabela3339[[#Totals],[Valor]] -> 2618.5343 | I12: =G12*H12 -> 0.14547413 | L12: F. Subst. na cob. de outras ausências (especificar) | M12: Doação de sangue | N12: 1 | O12: =N12/30 -> 0.033333333 | P12: =1/12 -> 0.083333333 | Q12: ='PARAMETROS DA CONTRATAÇÃO'!U16 -> 0.02 | R12: =Q12*P12*O12 -> 5.5555556e-05 | S12: =SUM('DEMAIS MÓDULOS'!$G$3+'DEMAIS MÓDULOS'!$G$27+Tabela33[[#Totals],[Valor]]) -> 2251.4281 | T12: =R12*S12 -> 0.12507934
A13: F. Subst. na cob. de outras ausências (especificar) | B13: Testemunho | C13: 1 | D13: =C13/30 -> 0.033333333 | E13: =1/12 -> 0.083333333 | F13: ='PARAMETROS DA CONTRATAÇÃO'!U17 -> 0.004 | G13: =F13*E13*D13 -> 1.1111111e-05 | H13: ='DEMAIS MÓDULOS'!$G$2+'DEMAIS MÓDULOS'!$G$26+Tabela3339[[#Totals],[Valor]] -> 2618.5343 | I13: =G13*H13 -> 0.029094825 | L13: F. Subst. na cob. de outras ausências (especificar) | M13: Testemunho | N13: 1 | O13: =N13/30 -> 0.033333333 | P13: =1/12 -> 0.083333333 | Q13: ='PARAMETROS DA CONTRATAÇÃO'!U17 -> 0.004 | R13: =Q13*P13*O13 -> 1.1111111e-05 | S13: =SUM('DEMAIS MÓDULOS'!$G$3+'DEMAIS MÓDULOS'!$G$27+Tabela33[[#Totals],[Valor]]) -> 2251.4281 | T13: =R13*S13 -> 0.025015868
A14: F. Subst. na cob. de outras ausências (especificar) | B14: Consulta pré-natal | C14: 6 | D14: =C14/30 -> 0.2 | E14: =1/12 -> 0.083333333 | F14: ='PARAMETROS DA CONTRATAÇÃO'!U18 -> 0.0016 | G14: =F14*E14*D14 -> 2.6666667e-05 | H14: ='DEMAIS MÓDULOS'!$G$2+'DEMAIS MÓDULOS'!$G$26+Tabela3339[[#Totals],[Valor]] -> 2618.5343 | I14: =G14*H14 -> 0.069827581 | L14: F. Subst. na cob. de outras ausências (especificar) | M14: Consulta pré-natal | N14: 6 | O14: =N14/30 -> 0.2 | P14: =1/12 -> 0.083333333 | Q14: ='PARAMETROS DA CONTRATAÇÃO'!U18 -> 0.0016 | R14: =Q14*P14*O14 -> 2.6666667e-05 | S14: =SUM('DEMAIS MÓDULOS'!$G$3+'DEMAIS MÓDULOS'!$G$27+Tabela33[[#Totals],[Valor]]) -> 2251.4281 | T14: =R14*S14 -> 0.060038084
A15: MÓDULO 04 - CUSTO DE REPOSIÇÃO DO PROFISSIONAL AUSENTE | I15: =SUBTOTAL(109,Tabela26[Custo Mensal]) -> 79.316192 | L15: MÓDULO 04 - CUSTO DE REPOSIÇÃO DO PROFISSIONAL AUSENTE | T15: =SUBTOTAL(109,Tabela2628[Custo Mensal]) -> 68.196437
B17: Percentuais de Estudo
B18: Percentuais SERGES - Cadernos Técnicos

Sheet PLANO DE TRABALHO - CALCULO
A1: Plano | B1: Local | C1: Atividades | D1: Pavimento | E1: Orientação | F1: Superfície | G1: Tamanho Real | H1: Periodicidade | I1: Produtividade | J1: Frequência | K1: Rotina Diária | L1: Área Efetiva em Diária | M1: Mão de Obras | N1: Produtividade (1/M2) | O1: Frequência de Horas no Mês | P1: Jornada de Trabalho mês | Q1: Proporção de Horas Trabalhadas pela Produtividade Adotada2 | R1: Valor Total por Agente de Limpeza | S1: Valor Total por Líder de Serviços | T1: Custo do M2 limpo pelo Agente | U1: Custo do M2 limpo pelo Líder | V1: Custo Total do M2 limpo | W1: Área Final para Remuneração | X1: Custo Mensal Estimado Agente | Y1: Custo Mensal Estimado Lider | Z1: Remuneração Mensal | AA1: Tempo Unitário Estimado das Atividades | AB1: Tempo Total Estimado das Atividades
A2: Diário | B2: Recepção | C2: Recolher o lixo, varrer e passar pano | D2: Térreo | E2: Limpar a porta de vidro central Retirar o lixo, acondicionando-o em sacos plásticos de cem litros, removendo-os para o local indicado pela Admnistração; Limpar face externa e interna quando necessário, em conformidade com as normas de segurança de trabalho, aplicando-lhes produtos antiembaçantes. Limpar o bebedouro | F2: 01.02.Pisos Frios | G2: 10.374 | H2: 01.Diária | I2: 1200 | J2: 3 | K2: =IF(Tabela5[[#This Row],[Periodicidade]]="","",(VLOOKUP(Tabela5[[#This Row],[Periodicidade]],'PADRAO E REFERENCIA'!$F$3:$J$7,3,FALSE)*Tabela5[[#This Row],[Frequência]])) -> 3 | L2: =IF(Tabela5[[#This Row],[Rotina Diária]]="","",Tabela5[[#This Row],[Tamanho Real]]*Tabela5[[#This Row],[Rotina Diária]]) -> 31.122 | M2: =Tabela5[[#This Row],[Área Efetiva em Diária]]/Tabela5[[#This Row],[Produtividade]] -> 0.025935 | N2: =(IF(Tabela5[[#This Row],[Produtividade]]="","",1/Tabela5[[#This Row],[Produtividade]])) -> 0.00083333333 | O2: =IF(Tabela5[[#This Row],[Produtividade]]="","",(VLOOKUP(Tabela5[[#This Row],[Periodicidade]],Tabela3[#All],2,FALSE))) -> 220 | P2: =1/Tabela5[[#This Row],[Frequência de Horas no Mês]] -> 0.0045454545 | Q2: =Tabela5[[#This Row],[Jornada de Trabalho mês]]*Tabela5[[#This Row],[Frequência de Horas no Mês]]*Tabela5[[#This Row],[Produtividade (1/M2)]] -> 0.00083333333 | R2: =IF(Tabela5[[#This Row],[Atividades]]<>"Roçar",'PLANILHA DE CUSTOS'!$G$14,'PLANILHA DE CUSTOS'!$G$15) -> 2710.1715 | S2: ='PLANILHA DE CUSTOS'!$G$92 -> 3139.885 | T2: =IF(Tabela5[[#This Row],[Proporção de Horas Trabalhadas pela Produtividade Adotada2]]="","",Tabela5[[#This Row],[Proporção de Horas Trabalhadas pela Produtividade Adotada2]]*Tabela5[[#This Row],[ Valor Total por Agente de Limpeza ]]) -> 2.2584762 | U2: =IF(Tabela5[[#This Row],[Proporção de Horas Trabalhadas pela Produtividade Adotada2]]="","",Tabela5[[#This Row],[ Valor Total por Líder de Serviços ]]/Tabela5[[#Totals],[Mão de Obras]]*Tabela5[[#This Row],[Proporção de Horas Trabalhadas pela Produtividade Adotada2]]) -> 0.52328362 | V2: =IF(Tabela5[[#This Row],[Proporção de Horas Trabalhadas pela Produtividade Adotada2]]="","",Tabela5[[#This Row],[Custo do M2 limpo pelo Líder]]+Tabela5[[#This Row],[Custo do M2 limpo pelo Agente]]) -> 2.7817598 | W2: =IF(Tabela5[[#This Row],[Proporção de Horas Trabalhadas pela Produtividade Adotada2]]="","",Tabela5[[#This Row],[Área Efetiva em Diária]]) -> 31.122 | X2: =Tabela5[[#This Row],[Custo do M2 limpo pelo Agente]]*Tabela5[[#This Row],[Área Efetiva em Diária]] -> 70.288297 | Y2: =Tabela5[[#This Row],[Custo do M2 limpo pelo Líder]]*Tabela5[[#This Row],[Área Efetiva em Diária]] -> 16.285633 | Z2: =IF(Tabela5[[#Totals],[Mão de Obras]]<=4,Tabela5[[#This Row],[Custo do M2 limpo pelo Agente]]*Tabela5[[#This Row],[Área Final para Remuneração]],Tabela5[[#This Row],[Custo Total do M2 limpo]]*Tabela5[[#This Row],[Área Final para Remuneração]]) -> 86.573929 | AA2: =IF(Tabela5[[#This Row],[Área Final para Remuneração]]="","",((Tabela5[[#This Row],[Área Efetiva em Diária]])*(8.8))/Tabela5[[#This Row],[Produtividade]]/24) -> 0.0095095 | AB2: =IF(Tabela5[[#This Row],[Área Final para Remuneração]]="","",((Tabela5[[#This Row],[Área Efetiva em Diária]])*(8.8))/Tabela5[[#This Row],[Produtividade]]/24*Tabela5[[#This Row],[Frequência]]) -> 0.0285285
A3: Diário | B3: Laboratório de Informática | C3: Recolher o lixo, varrer e passar pano | D3: Térreo | E3: Limpar e polir piso, as mesas, cadeiras, poltronas, armários, arquivos, prateleiras, peitoris, caixilhos das janelas e demais móveis existentes, extintores de incêndio e outros similares; Limpar os microcomputadores e demais equipamentos sobre as mesas, com flanelas e com produtos adequados. Retirar o lixo, acondicionando-o em sacos plásticos de cem litros, removendo-os para local indicado pela Administração; Limpar os quadros em geral. | F3: 01.02.Laboratórios | G3: 40.85 | H3: 01.Diária | I3: 390 | J3: 3 | K3: =IF(Tabela5[[#This Row],[Periodicidade]]="","",(VLOOKUP(Tabela5[[#This Row],[Periodicidade]],'PADRAO E REFERENCIA'!$F$3:$J$7,3,FALSE)*Tabela5[[#This Row],[Frequência]])) -> 3 | L3: =IF(Tabela5[[#This Row],[Rotina Diária]]="","",Tabela5[[#This Row],[Tamanho Real]]*Tabela5[[#This Row],[Rotina Diária]]) -> 122.55 | M3: =Tabela5[[#This Row],[Área Efetiva em Diária]]/Tabela5[[#This Row],[Produtividade]] -> 0.31423077 | N3: =(IF(Tabela5[[#This Row],[Produtividade]]="","",1/Tabela5[[#This Row],[Produtividade]])) -> 0.0025641026 | O3: =IF(Tabela5[[#This Row],[Produtividade]]="","",(VLOOKUP(Tabela5[[#This Row],[Periodicidade]],Tabela3[#All],2,FALSE))) -> 220 | P3: =1/Tabela5[[#This Row],[Frequência de Horas no Mês]] -> 0.0045454545 | Q3: =Tabela5[[#This Row],[Jornada de Trabalho mês]]*Tabela5[[#This Row],[Frequência de Horas no Mês]]*Tabela5[[#This Row],[Produtividade (1/M2)]] -> 0.0025641026 | R3: =IF(Tabela5[[#This Row],[Atividades]]<>"Roçar",'PLANILHA DE CUSTOS'!$G$14,'PLANILHA DE CUSTOS'!$G$15) -> 2710.1715 | S3: ='PLANILHA DE CUSTOS'!$G$92 -> 3139.885 | T3: =IF(Tabela5[[#This Row],[Proporção de Horas Trabalhadas pela Produtividade Adotada2]]="","",Tabela5[[#This Row],[Proporção de Horas Trabalhadas pela Produtividade Adotada2]]*Tabela5[[#This Row],[ Valor Total por Agente de Limpeza ]]) -> 6.9491576 | U3: =IF(Tabela5[[#This Row],[Proporção de Horas Trabalhadas pela Produtividade Adotada2]]="","",Tabela5[[#This Row],[ Valor Total por Líder de Serviços ]]/Tabela5[[#Totals],[Mão de Obras]]*Tabela5[[#This Row],[Proporção de Horas Trabalhadas pela Produtividade Adotada2]]) -> 1.6101034 | V3: =IF(Tabela5[[#This Row],[Proporção de Horas Trabalhadas pela Produtividade Adotada2]]="","",Tabela5[[#This Row],[Custo do M2 limpo pelo Líder]]+Tabela5[[#This Row],[Custo do M2 limpo pelo Agente]]) -> 8.559261 | W3: =IF(Tabela5[[#This Row],[Proporção de Horas Trabalhadas pela Produtividade Adotada2]]="","",Tabela5[[#This Row],[Área Efetiva em Diária]]) -> 122.55 | X3: =Tabela5[[#This Row],[Custo do M2 limpo pelo Agente]]*Tabela5[[#This Row],[Área Efetiva em Diária]] -> 851.61926 | Y3: =Tabela5[[#This Row],[Custo do M2 limpo pelo Líder]]*Tabela5[[#This Row],[Área Efetiva em Diária]] -> 197.31818 | Z3: =IF(Tabela5[[#Totals],[Mão de Obras]]<=4,Tabela5[[#This Row],[Custo do M2 limpo pelo Agente]]*Tabela5[[#This Row],[Área Final para Remuneração]],Tabela5[[#This Row],[Custo Total do M2 limpo]]*Tabela5[[#This Row],[Área Final para Remuneração]]) -> 1048.9374 | AA3: =IF(Tabela5[[#This Row],[Área Final para Remuneração]]="","",((Tabela5[[#This Row],[Área Efetiva em Diária]])*(8.8))/Tabela5[[#This Row],[Produtividade]]/24) -> 0.11521795 | AB3: =IF(Tabela5[[#This Row],[Área Final para Remuneração]]="","",((Tabela5[[#This Row],[Área Efetiva em Diária]])*(8.8))/Tabela5[[#This Row],[Produtividade]]/24*Tabela5[[#This Row],[Frequência]]) -> 0.34565385
A4: Diário | B4: Sala de atendimento ao educando | C4: Recolher o lixo, varrer e passar pano | D4: Térreo | E4: Limpar e polir piso, as mesas, cadeiras, poltronas, armários, arquivos, prateleiras, peitoris, caixilhos das janelas e demais móveis existentes, extintores de incêndio e outros similares; Limpar os microcomputadores e demais equipamentos sobre as mesas, com flanelas e com produtos adequados. Retirar o lixo, acondicionando-o em sacos plásticos de cem litros, removendo-os para local indicado pela Administração; Verificar e se necessário, limpar atrás, em cima ou embaixo dos móveis (armários, gaveteiros, mesas e etc.); | F4: 01.02.Pisos Frios | G4: 19.95 | H4: 01.Diária | I4: 1200 | J4: 3 | K4: =IF(Tabela5[[#This Row],[Periodicidade]]="","",(VLOOKUP(Tabela5[[#This Row],[Periodicidade]],'PADRAO E REFERENCIA'!$F$3:$J$7,3,FALSE)*Tabela5[[#This Row],[Frequência]])) -> 3 | L4: =IF(Tabela5[[#This Row],[Rotina Diária]]="","",Tabela5[[#This Row],[Tamanho Real]]*Tabela5[[#This Row],[Rotina Diária]]) -> 59.85 | M4: =Tabela5[[#This Row],[Área Efetiva em Diária]]/Tabela5[[#This Row],[Produtividade]] -> 0.049875 | N4: =(IF(Tabela5[[#This Row],[Produtividade]]="","",1/Tabela5[[#This Row],[Produtividade]])) -> 0.00083333333 | O4: =IF(Tabela5[[#This Row],[Produtividade]]="","",(VLOOKUP(Tabela5[[#This Row],[Periodicidade]],Tabela3[#All],2,FALSE))) -> 220 | P4: =1/Tabela5[[#This Row],[Frequência de Horas no Mês]] -> 0.0045454545 | Q4: =Tabela5[[#This Row],[Jornada de Trabalho mês]]*Tabela5[[#This Row],[Frequência de Horas no Mês]]*Tabela5[[#This Row],[Produtividade (1/M2)]] -> 0.00083333333 | R4: =IF(Tabela5[[#This Row],[Atividades]]<>"Roçar",'PLANILHA DE CUSTOS'!$G$14,'PLANILHA DE CUSTOS'!$G$15) -> 2710.1715 | S4: ='PLANILHA DE CUSTOS'!$G$92 -> 3139.885 | T4: =IF(Tabela5[[#This Row],[Proporção de Horas Trabalhadas pela Produtividade Adotada2]]="","",Tabela5[[#This Row],[Proporção de Horas Trabalhadas pela Produtividade Adotada2]]*Tabela5[[#This Row],[ Valor Total por Agente de Limpeza ]]) -> 2.2584762 | U4: =IF(Tabela5[[#This Row],[Proporção de Horas Trabalhadas pela Produtividade Adotada2]]="","",Tabela5[[#This Row],[ Valor Total por Líder de Serviços ]]/Tabela5[[#Totals],[Mão de Obras]]*Tabela5[[#This Row],[Proporção de Horas Trabalhadas pela Produtividade Adotada2]]) -> 0.52328362 | V4: =IF(Tabela5[[#This Row],[Proporção de Horas Trabalhadas pela Produtividade Adotada2]]="","",Tabela5[[#This Row],[Custo do M2 limpo pelo Líder]]+Tabela5[[#This Row],[Custo do M2 limpo pelo Agente]]) -> 2.7817598 | W4: =IF(Tabela5[[#This Row],[Proporção de Horas Trabalhadas pela Produtividade Adotada2]]="","",Tabela5[[#This Row],[Área Efetiva em Diária]]) -> 59.85 | X4: =Tabela5[[#This Row],[Custo do M2 limpo pelo Agente]]*Tabela5[[#This Row],[Área Efetiva em Diária]] -> 135.1698 | Y4: =Tabela5[[#This Row],[Custo do M2 limpo pelo Líder]]*Tabela5[[#This Row],[Área Efetiva em Diária]] -> 31.318524 | Z4: =IF(Tabela5[[#Totals],[Mão de Obras]]<=4,Tabela5[[#This Row],[Custo do M2 limpo pelo Agente]]*Tabela5[[#This Row],[Área Final para Remuneração]],Tabela5[[#This Row],[Custo Total do M2 limpo]]*Tabela5[[#This Row],[Área Final para Remuneração]]) -> 166.48833 | AA4: =IF(Tabela5[[#This Row],[Área Final para Remuneração]]="","",((Tabela5[[#This Row],[Área Efetiva em Diária]])*(8.8))/Tabela5[[#This Row],[Produtividade]]/24) -> 0.0182875 | AB4: =IF(Tabela5[[#This Row],[Área Final para Remuneração]]="","",((Tabela5[[#This Row],[Área Efetiva em Diária]])*(8.8))/Tabela5[[#This Row],[Produtividade]]/24*Tabela5[[#This Row],[Frequência]]) -> 0.0548625
A5: Diário | B5: Sala de Atendimento Psicológico | C5: Recolher o lixo, varrer e passar pano | D5: Térreo | E5: Limpar e polir piso, as mesas, cadeiras, poltronas, armários, arquivos, prateleiras, peitoris, caixilhos das janelas e demais móveis existentes, extintores de incêndio e outros similares; Limpar os microcomputadores e demais equipamentos sobre as mesas, com flanelas e com produtos adequados. Retirar o lixo, acondicionando-o em sacos plásticos de cem litros, removendo-os para local indicado pela Administração; | F5: 01.02.Pisos Frios | G5: 10.07 | H5: 01.Diária | I5: 1200 | J5: 3 | K5: =IF(Tabela5[[#This Row],[Periodicidade]]="","",(VLOOKUP(Tabela5[[#This Row],[Periodicidade]],'PADRAO E REFERENCIA'!$F$3:$J$7,3,FALSE)*Tabela5[[#This Row],[Frequência]])) -> 3 | L5: =IF(Tabela5[[#This Row],[Rotina Diária]]="","",Tabela5[[#This Row],[Tamanho Real]]*Tabela5[[#This Row],[Rotina Diária]]) -> 30.21 | M5: =Tabela5[[#This Row],[Área Efetiva em Diária]]/Tabela5[[#This Row],[Produtividade]] -> 0.025175 | N5: =(IF(Tabela5[[#This Row],[Produtividade]]="","",1/Tabela5[[#This Row],[Produtividade]])) -> 0.00083333333 | O5: =IF(Tabela5[[#This Row],[Produtividade]]="","",(VLOOKUP(Tabela5[[#This Row],[Periodicidade]],Tabela3[#All],2,FALSE))) -> 220 | P5: =1/Tabela5[[#This Row],[Frequência de Horas no Mês]] -> 0.0045454545 | Q5: =Tabela5[[#This Row],[Jornada de Trabalho mês]]*Tabela5[[#This Row],[Frequência de Horas no Mês]]*Tabela5[[#This Row],[Produtividade (1/M2)]] -> 0.00083333333 | R5: =IF(Tabela5[[#This Row],[Atividades]]<>"Roçar",'PLANILHA DE CUSTOS'!$G$14,'PLANILHA DE CUSTOS'!$G$15) -> 2710.1715 | S5: ='PLANILHA DE CUSTOS'!$G$92 -> 3139.885 | T5: =IF(Tabela5[[#This Row],[Proporção de Horas Trabalhadas pela Produtividade Adotada2]]="","",Tabela5[[#This Row],[Proporção de Horas Trabalhadas pela Produtividade Adotada2]]*Tabela5[[#This Row],[ Valor Total por Agente de Limpeza ]]) -> 2.2584762 | U5: =IF(Tabela5[[#This Row],[Proporção de Horas Trabalhadas pela Produtividade Adotada2]]="","",Tabela5[[#This Row],[ Valor Total por Líder de Serviços ]]/Tabela5[[#Totals],[Mão de Obras]]*Tabela5[[#This Row],[Proporção de Horas Trabalhadas pela Produtividade Adotada2]]) -> 0.52328362 | V5: =IF(Tabela5[[#This Row],[Proporção de Horas Trabalhadas pela Produtividade Adotada2]]="","",Tabela5[[#This Row],[Custo do M2 limpo pelo Líder]]+Tabela5[[#This Row],[Custo do M2 limpo pelo Agente]]) -> 2.7817598 | W5: =IF(Tabela5[[#This Row],[Proporção de Horas Trabalhadas pela Produtividade Adotada2]]="","",Tabela5[[#This Row],[Área Efetiva em Diária]]) -> 30.21 | X5: =Tabela5[[#This Row],[Custo do M2 limpo pelo Agente]]*Tabela5[[#This Row],[Área Efetiva em Diária]] -> 68.228566 | Y5: =Tabela5[[#This Row],[Custo do M2 limpo pelo Líder]]*Tabela5[[#This Row],[Área Efetiva em Diária]] -> 15.808398 | Z5: =IF(Tabela5[[#Totals],[Mão de Obras]]<=4,Tabela5[[#This Row],[Custo do M2 limpo pelo Agente]]*Tabela5[[#This Row],[Área Final para Remuneração]],Tabela5[[#This Row],[Custo Total do M2 limpo]]*Tabela5[[#This Row],[Área Final para Remuneração]]) -> 84.036965 | AA5: =IF(Tabela5[[#This Row],[Área Final para Remuneração]]="","",((Tabela5[[#This Row],[Área Efetiva em Diária]])*(8.8))/Tabela5[[#This Row],[Produtividade]]/24) -> 0.0092308333 | AB5: =IF(Tabela5[[#This Row],[Área Final para Remuneração]]="","",((Tabela5[[#This Row],[Área Efetiva em Diária]])*(8.8))/Tabela5[[#This Row],[Produtividade]]/24*Tabela5[[#This Row],[Frequência]]) -> 0.0276925
A6: Diário | B6: Sala de atendimento de saúde | C6: Recolher o lixo, varrer e passar pano | D6: Térreo | E6: Limpar e polir piso, as mesas, cadeiras, poltronas, armários, arquivos, prateleiras, peitoris, caixilhos das janelas e demais móveis existentes, extintores de incêndio e outros similares; Limpar os microcomputadores e demais equipamentos sobre as mesas, com flanelas e com produtos adequados. Retirar o lixo, acondicionando-o em sacos plásticos de cem litros, removendo-os para local indicado pela Administração; Verificar e se necessário, limpar atrás, em cima ou embaixo dos móveis (armários, gaveteiros, mesas e etc.); | F6: 01.02.Pisos Frios | G6: 11.4 | H6: 01.Diária | I6: 1200 | J6: 3 | K6: =IF(Tabela5[[#This Row],[Periodicidade]]="","",(VLOOKUP(Tabela5[[#This Row],[Periodicidade]],'PADRAO E REFERENCIA'!$F$3:$J$7,3,FALSE)*Tabela5[[#This Row],[Frequência]])) -> 3 | L6: =IF(Tabela5[[#This Row],[Rotina Diária]]="","",Tabela5[[#This Row],[Tamanho Real]]*Tabela5[[#This Row],[Rotina Diária]]) -> 34.2 | M6: =Tabela5[[#This Row],[Área Efetiva em Diária]]/Tabela5[[#This Row],[Produtividade]] -> 0.0285 | N6: =(IF(Tabela5[[#This Row],[Produtividade]]="","",1/Tabela5[[#This Row],[Produtividade]])) -> 0.00083333333 | O6: =IF(Tabela5[[#This Row],[Produtividade]]="","",(VLOOKUP(Tabela5[[#This Row],[Periodicidade]],Tabela3[#All],2,FALSE))) -> 220 | P6: =1/Tabela5[[#This Row],[Frequência de Horas no Mês]] -> 0.0045454545 | Q6: =Tabela5[[#This Row],[Jornada de Trabalho mês]]*Tabela5[[#This Row],[Frequência de Horas no Mês]]*Tabela5[[#This Row],[Produtividade (1/M2)]] -> 0.00083333333 | R6: =IF(Tabela5[[#This Row],[Atividades]]<>"Roçar",'PLANILHA DE CUSTOS'!$G$14,'PLANILHA DE CUSTOS'!$G$15) -> 2710.1715 | S6: ='PLANILHA DE CUSTOS'!$G$92 -> 3139.885 | T6: =IF(Tabela5[[#This Row],[Proporção de Horas Trabalhadas pela Produtividade Adotada2]]="","",Tabela5[[#This Row],[Proporção de Horas Trabalhadas pela Produtividade Adotada2]]*Tabela5[[#This Row],[ Valor Total por Agente de Limpeza ]]) -> 2.2584762 | U6: =IF(Tabela5[[#This Row],[Proporção de Horas Trabalhadas pela Produtividade Adotada2]]="","",Tabela5[[#This Row],[ Valor Total por Líder de Serviços ]]/Tabela5[[#Totals],[Mão de Obras]]*Tabela5[[#This Row],[Proporção de Horas Trabalhadas pela Produtividade Adotada2]]) -> 0.52328362 | V6: =IF(Tabela5[[#This Row],[Proporção de Horas Trabalhadas pela Produtividade Adotada2]]="","",Tabela5[[#This Row],[Custo do M2 limpo pelo Líder]]+Tabela5[[#This Row],[Custo do M2 limpo pelo Agente]]) -> 2.7817598 | W6: =IF(Tabela5[[#This Row],[Proporção de Horas Trabalhadas pela Produtividade Adotada2]]="","",Tabela5[[#This Row],[Área Efetiva em Diária]]) -> 34.2 | X6: =Tabela5[[#This Row],[Custo do M2 limpo pelo Agente]]*Tabela5[[#This Row],[Área Efetiva em Diária]] -> 77.239887 | Y6: =Tabela5[[#This Row],[Custo do M2 limpo pelo Líder]]*Tabela5[[#This Row],[Área Efetiva em Diária]] -> 17.8963 | Z6: =IF(Tabela5[[#Totals],[Mão de Obras]]<=4,Tabela5[[#This Row],[Custo do M2 limpo pelo Agente]]*Tabela5[[#This Row],[Área Final para Remuneração]],Tabela5[[#This Row],[Custo Total do M2 limpo]]*Tabela5[[#This Row],[Área Final para Remuneração]]) -> 95.136186 | AA6: =IF(Tabela5[[#This Row],[Área Final para Remuneração]]="","",((Tabela5[[#This Row],[Área Efetiva em Diária]])*(8.8))/Tabela5[[#This Row],[Produtividade]]/24) -> 0.01045 | AB6: =IF(Tabela5[[#This Row],[Área Final para Remuneração]]="","",((Tabela5[[#This Row],[Área Efetiva em Diária]])*(8.8))/Tabela5[[#This Row],[Produtividade]]/24*Tabela5[[#This Row],[Frequência]]) -> 0.03135
A7: Diário | B7: Banheiro (Prédio Liceu) | C7: Recolher o lixo, varrer e passar pano | D7: Térreo | E7: Limpar e desinfetar o chão dos banheiros com saneante domissanitário e coletar o respectivo lixo; Lavar ou Limpar os espelhos, pias, box, portas e paredes dos banheiros; Abastecer com papel toalha os banheiros; Abastecer com sabonete líquido e papel higiênico os banheiros; | F7: 01.06.Banheiros | G7: 13.8 | H7: 01.Diária | I7: 300 | J7: 3 | K7: =IF(Tabela5[[#This Row],[Periodicidade]]="","",(VLOOKUP(Tabela5[[#This Row],[Periodicidade]],'PADRAO E REFERENCIA'!$F$3:$J$7,3,FALSE)*Tabela5[[#This Row],[Frequência]])) -> 3 | L7: =IF(Tabela5[[#This Row],[Rotina Diária]]="","",Tabela5[[#This Row],[Tamanho Real]]*Tabela5[[#This Row],[Rotina Diária]]) -> 41.4 | M7: =Tabela5[[#This Row],[Área Efetiva em Diária]]/Tabela5[[#This Row],[Produtividade]] -> 0.138 | N7: =(IF(Tabela5[[#This Row],[Produtividade]]="","",1/Tabela5[[#This Row],[Produtividade]])) -> 0.0033333333 | O7: =IF(Tabela5[[#This Row],[Produtividade]]="","",(VLOOKUP(Tabela5[[#This Row],[Periodicidade]],Tabela3[#All],2,FALSE))) -> 220 | P7: =1/Tabela5[[#This Row],[Frequência de Horas no Mês]] -> 0.0045454545 | Q7: =Tabela5[[#This Row],[Jornada de Trabalho mês]]*Tabela5[[#This Row],[Frequência de Horas no Mês]]*Tabela5[[#This Row],[Produtividade (1/M2)]] -> 0.0033333333 | R7: =IF(Tabela5[[#This Row],[Atividades]]<>"Roçar",'PLANILHA DE CUSTOS'!$G$14,'PLANILHA DE CUSTOS'!$G$15) -> 2710.1715 | S7: ='PLANILHA DE CUSTOS'!$G$92 -> 3139.885 | T7: =IF(Tabela5[[#This Row],[Proporção de Horas Trabalhadas pela Produtividade Adotada2]]="","",Tabela5[[#This Row],[Proporção de Horas Trabalhadas pela Produtividade Adotada2]]*Tabela5[[#This Row],[ Valor Total por Agente de Limpeza ]]) -> 9.0339049 | U7: =IF(Tabela5[[#This Row],[Proporção de Horas Trabalhadas pela Produtividade Adotada2]]="","",Tabela5[[#This Row],[ Valor Total por Líder de Serviços ]]/Tabela5[[#Totals],[Mão de Obras]]*Tabela5[[#This Row],[Proporção de Horas Trabalhadas pela Produtividade Adotada2]]) -> 2.0931345 | V7: =IF(Tabela5[[#This Row],[Proporção de Horas Trabalhadas pela Produtividade Adotada2]]="","",Tabela5[[#This Row],[Custo do M2 limpo pelo Líder]]+Tabela5[[#This Row],[Custo do M2 limpo pelo Agente]]) -> 11.127039 | W7: =IF(Tabela5[[#This Row],[Proporção de Horas Trabalhadas pela Produtividade Adotada2]]="","",Tabela5[[#This Row],[Área Efetiva em Diária]]) -> 41.4 | X7: =Tabela5[[#This Row],[Custo do M2 limpo pelo Agente]]*Tabela5[[#This Row],[Área Efetiva em Diária]] -> 374.00366 | Y7: =Tabela5[[#This Row],[Custo do M2 limpo pelo Líder]]*Tabela5[[#This Row],[Área Efetiva em Diária]] -> 86.655767 | Z7: =IF(Tabela5[[#Totals],[Mão de Obras]]<=4,Tabela5[[#This Row],[Custo do M2 limpo pelo Agente]]*Tabela5[[#This Row],[Área Final para Remuneração]],Tabela5[[#This Row],[Custo Total do M2 limpo]]*Tabela5[[#This Row],[Área Final para Remuneração]]) -> 460.65943 | AA7: =IF(Tabela5[[#This Row],[Área Final para Remuneração]]="","",((Tabela5[[#This Row],[Área Efetiva em Diária]])*(8.8))/Tabela5[[#This Row],[Produtividade]]/24) -> 0.0506 | AB7: =IF(Tabela5[[#This Row],[Área Final para Remuneração]]="","",((Tabela5[[#This Row],[Área Efetiva em Diária]])*(8.8))/Tabela5[[#This Row],[Produtividade]]/24*Tabela5[[#This Row],[Frequência]]) -> 0.1518
A8: Diário | B8: Sala de aula 1 - ANEXO | C8: Recolher o lixo, varrer e passar pano | D8: Térreo | E8: Limpar e polir piso, as mesas, cadeiras, poltronas, armários, arquivos, prateleiras, peitoris, caixilhos das janelas e demais móveis existentes, extintores de incêndio e outros similares; Limpar os projetores e demais equipamentos sobre as mesas, com flanelas e com produtos adequados. Retirar o lixo, acondicionando-o em sacos plásticos de cem litros, removendo-os para local indicado pela Administração; Limpar os quadros em geral. Verificar e se necessário, limpar atrás, em cima ou embaixo dos móveis (armários, gaveteiros, mesas e etc.); | F8: 01.02.Pisos Frios | G8: 40.02 | H8: 01.Diária | I8: 1200 | J8: 3 | K8: =IF(Tabela5[[#This Row],[Periodicidade]]="","",(VLOOKUP(Tabela5[[#This Row],[Periodicidade]],'PADRAO E REFERENCIA'!$F$3:$J$7,3,FALSE)*Tabela5[[#This Row],[Frequência]])) -> 3 | L8: =IF(Tabela5[[#This Row],[Rotina Diária]]="","",Tabela5[[#This Row],[Tamanho Real]]*Tabela5[[#This Row],[Rotina Diária]]) -> 120.06 | M8: =Tabela5[[#This Row],[Área Efetiva em Diária]]/Tabela5[[#This Row],[Produtividade]] -> 0.10005 | N8: =(IF(Tabela5[[#This Row],[Produtividade]]="","",1/Tabela5[[#This Row],[Produtividade]])) -> 0.00083333333 | O8: =IF(Tabela5[[#This Row],[Produtividade]]="","",(VLOOKUP(Tabela5[[#This Row],[Periodicidade]],Tabela3[#All],2,FALSE))) -> 220 | P8: =1/Tabela5[[#This Row],[Frequência de Horas no Mês]] -> 0.0045454545 | Q8: =Tabela5[[#This Row],[Jornada de Trabalho mês]]*Tabela5[[#This Row],[Frequência de Horas no Mês]]*Tabela5[[#This Row],[Produtividade (1/M2)]] -> 0.00083333333 | R8: =IF(Tabela5[[#This Row],[Atividades]]<>"Roçar",'PLANILHA DE CUSTOS'!$G$14,'PLANILHA DE CUSTOS'!$G$15) -> 2710.1715 | S8: ='PLANILHA DE CUSTOS'!$G$92 -> 3139.885 | T8: =IF(Tabela5[[#This Row],[Proporção de Horas Trabalhadas pela Produtividade Adotada2]]="","",Tabela5[[#This Row],[Proporção de Horas Trabalhadas pela Produtividade Adotada2]]*Tabela5[[#This Row],[ Valor Total por Agente de Limpeza ]]) -> 2.2584762 | U8: =IF(Tabela5[[#This Row],[Proporção de Horas Trabalhadas pela Produtividade Adotada2]]="","",Tabela5[[#This Row],[ Valor Total por Líder de Serviços ]]/Tabela5[[#Totals],[Mão de Obras]]*Tabela5[[#This Row],[Proporção de Horas Trabalhadas pela Produtividade Adotada2]]) -> 0.52328362 | V8: =IF(Tabela5[[#This Row],[Proporção de Horas Trabalhadas pela Produtividade Adotada2]]="","",Tabela5[[#This Row],[Custo do M2 limpo pelo Líder]]+Tabela5[[#This Row],[Custo do M2 limpo pelo Agente]]) -> 2.7817598 | W8: =IF(Tabela5[[#This Row],[Proporção de Horas Trabalhadas pela Produtividade Adotada2]]="","",Tabela5[[#This Row],[Área Efetiva em Diária]]) -> 120.06 | X8: =Tabela5[[#This Row],[Custo do M2 limpo pelo Agente]]*Tabela5[[#This Row],[Área Efetiva em Diária]] -> 271.15265 | Y8: =Tabela5[[#This Row],[Custo do M2 limpo pelo Líder]]*Tabela5[[#This Row],[Área Efetiva em Diária]] -> 62.825431 | Z8: =IF(Tabela5[[#Totals],[Mão de Obras]]<=4,Tabela5[[#This Row],[Custo do M2 limpo pelo Agente]]*Tabela5[[#This Row],[Área Final para Remuneração]],Tabela5[[#This Row],[Custo Total do M2 limpo]]*Tabela5[[#This Row],[Área Final para Remuneração]]) -> 333.97809 | AA8: =IF(Tabela5[[#This Row],[Área Final para Remuneração]]="","",((Tabela5[[#This Row],[Área Efetiva em Diária]])*(8.8))/Tabela5[[#This Row],[Produtividade]]/24) -> 0.036685 | AB8: =IF(Tabela5[[#This Row],[Área Final para Remuneração]]="","",((Tabela5[[#This Row],[Área Efetiva em Diária]])*(8.8))/Tabela5[[#This Row],[Produtividade]]/24*Tabela5[[#This Row],[Frequência]]) -> 0.110055
A9: Diário | B9: Sala de aula 2 - ANEXO | C9: Recolher o lixo, varrer e passar pano | D9: Térreo | E9: Limpar e polir piso, as mesas, cadeiras, poltronas, armários, arquivos, prateleiras, peitoris, caixilhos das janelas e demais móveis existentes, extintores de incêndio e outros similares; Limpar os projetores e demais equipamentos sobre as mesas, com flanelas e com produtos adequados. Retirar o lixo, acondicionando-o em sacos plásticos de cem litros, removendo-os para local indicado pela Administração; Limpar os quadros em geral. Verificar e se necessário, limpar atrás, em cima ou embaixo dos móveis (armários, gaveteiros, mesas e etc.); | F9: 01.02.Pisos Frios | G9: 39.67 | H9: 01.Diária | I9: 1200 | J9: 3 | K9: =IF(Tabela5[[#This Row],[Periodicidade]]="","",(VLOOKUP(Tabela5[[#This Row],[Periodicidade]],'PADRAO E REFERENCIA'!$F$3:$J$7,3,FALSE)*Tabela5[[#This Row],[Frequência]])) -> 3 | L9: =IF(Tabela5[[#This Row],[Rotina Diária]]="","",Tabela5[[#This Row],[Tamanho Real]]*Tabela5[[#This Row],[Rotina Diária]]) -> 119.01 | M9: =Tabela5[[#This Row],[Área Efetiva em Diária]]/Tabela5[[#This Row],[Produtividade]] -> 0.099175 | N9: =(IF(Tabela5[[#This Row],[Produtividade]]="","",1/Tabela5[[#This Row],[Produtividade]])) -> 0.00083333333 | O9: =IF(Tabela5[[#This Row],[Produtividade]]="","",(VLOOKUP(Tabela5[[#This Row],[Periodicidade]],Tabela3[#All],2,FALSE))) -> 220 | P9: =1/Tabela5[[#This Row],[Frequência de Horas no Mês]] -> 0.0045454545 | Q9: =Tabela5[[#This Row],[Jornada de Trabalho mês]]*Tabela5[[#This Row],[Frequência de Horas no Mês]]*Tabela5[[#This Row],[Produtividade (1/M2)]] -> 0.00083333333 | R9: =IF(Tabela5[[#This Row],[Atividades]]<>"Roçar",'PLANILHA DE CUSTOS'!$G$14,'PLANILHA DE CUSTOS'!$G$15) -> 2710.1715 | S9: ='PLANILHA DE CUSTOS'!$G$92 -> 3139.885 | T9: =IF(Tabela5[[#This Row],[Proporção de Horas Trabalhadas pela Produtividade Adotada2]]="","",Tabela5[[#This Row],[Proporção de Horas Trabalhadas pela Produtividade Adotada2]]*Tabela5[[#This Row],[ Valor Total por Agente de Limpeza ]]) -> 2.2584762 | U9: =IF(Tabela5[[#This Row],[Proporção de Horas Trabalhadas pela Produtividade Adotada2]]="","",Tabela5[[#This Row],[ Valor Total por Líder de Serviços ]]/Tabela5[[#Totals],[Mão de Obras]]*Tabela5[[#This Row],[Proporção de Horas Trabalhadas pela Produtividade Adotada2]]) -> 0.52328362 | V9: =IF(Tabela5[[#This Row],[Proporção de Horas Trabalhadas pela Produtividade Adotada2]]="","",Tabela5[[#This Row],[Custo do M2 limpo pelo Líder]]+Tabela5[[#This Row],[Custo do M2 limpo pelo Agente]]) -> 2.7817598 | W9: =IF(Tabela5[[#This Row],[Proporção de Horas Trabalhadas pela Produtividade Adotada2]]="","",Tabela5[[#This Row],[Área Efetiva em Diária]]) -> 119.01 | X9: =Tabela5[[#This Row],[Custo do M2 limpo pelo Agente]]*Tabela5[[#This Row],[Área Efetiva em Diária]] -> 268.78125 | Y9: =Tabela5[[#This Row],[Custo do M2 limpo pelo Líder]]*Tabela5[[#This Row],[Área Efetiva em Diária]] -> 62.275983 | Z9: =IF(Tabela5[[#Totals],[Mão de Obras]]<=4,Tabela5[[#This Row],[Custo do M2 limpo pelo Agente]]*Tabela5[[#This Row],[Área Final para Remuneração]],Tabela5[[#This Row],[Custo Total do M2 limpo]]*Tabela5[[#This Row],[Área Final para Remuneração]]) -> 331.05724 | AA9: =IF(Tabela5[[#This Row],[Área Final para Remuneração]]="","",((Tabela5[[#This Row],[Área Efetiva em Diária]])*(8.8))/Tabela5[[#This Row],[Produtividade]]/24) -> 0.036364167 | AB9: =IF(Tabela5[[#This Row],[Área Final para Remuneração]]="","",((Tabela5[[#This Row],[Área Efetiva em Diária]])*(8.8))/Tabela5[[#This Row],[Produtividade]]/24*Tabela5[[#This Row],[Frequência]]) -> 0.1090925
A10: Diário | B10: Área externa (calçada 1) | C10: Lavar | D10: Térreo | E10: Lavar com jato de água de alta pressão quando necessário. Enxugar sempre que chover. | F10: 02.01.Pisos pavimentados adjacentes e contíguos às edificações | G10: 26.4 | H10: 02.Semanal | I10: 2700 | J10: 2 | K10: =IF(Tabela5[[#This Row],[Periodicidade]]="","",(VLOOKUP(Tabela5[[#This Row],[Periodicidade]],'PADRAO E REFERENCIA'!$F$3:$J$7,3,FALSE)*Tabela5[[#This Row],[Frequência]])) -> 0.4 | L10: =IF(Tabela5[[#This Row],[Rotina Diária]]="","",Tabela5[[#This Row],[Tamanho Real]]*Tabela5[[#This Row],[Rotina Diária]]) -> 10.56 | M10: =Tabela5[[#This Row],[Área Efetiva em Diária]]/Tabela5[[#This Row],[Produtividade]] -> 0.0039111111 | N10: =(IF(Tabela5[[#This Row],[Produtividade]]="","",1/Tabela5[[#This Row],[Produtividade]])) -> 0.00037037037 | O10: =IF(Tabela5[[#This Row],[Produtividade]]="","",(VLOOKUP(Tabela5[[#This Row],[Periodicidade]],Tabela3[#All],2,FALSE))) -> 44 | P10: =1/Tabela5[[#This Row],[Frequência de Horas no Mês]] -> 0.022727273 | Q10: =Tabela5[[#This Row],[Jornada de Trabalho mês]]*Tabela5[[#This Row],[Frequência de Horas no Mês]]*Tabela5[[#This Row],[Produtividade (1/M2)]] -> 0.00037037037 | R10: =IF(Tabela5[[#This Row],[Atividades]]<>"Roçar",'PLANILHA DE CUSTOS'!$G$14,'PLANILHA DE CUSTOS'!$G$15) -> 2710.1715 | S10: ='PLANILHA DE CUSTOS'!$G$92 -> 3139.885 | T10: =IF(Tabela5[[#This Row],[Proporção de Horas Trabalhadas pela Produtividade Adotada2]]="","",Tabela5[[#This Row],[Proporção de Horas Trabalhadas pela Produtividade Adotada2]]*Tabela5[[#This Row],[ Valor Total por Agente de Limpeza ]]) -> 1.0037672 | U10: =IF(Tabela5[[#This Row],[Proporção de Horas Trabalhadas pela Produtividade Adotada2]]="","",Tabela5[[#This Row],[ Valor Total por Líder de Serviços ]]/Tabela5[[#Totals],[Mão de Obras]]*Tabela5[[#This Row],[Proporção de Horas Trabalhadas pela Produtividade Adotada2]]) -> 0.2325705 | V10: =IF(Tabela5[[#This Row],[Proporção de Horas Trabalhadas pela Produtividade Adotada2]]="","",Tabela5[[#This Row],[Custo do M2 limpo pelo Líder]]+Tabela5[[#This Row],[Custo do M2 limpo pelo Agente]]) -> 1.2363377 | W10: =IF(Tabela5[[#This Row],[Proporção de Horas Trabalhadas pela Produtividade Adotada2]]="","",Tabela5[[#This Row],[Área Efetiva em Diária]]) -> 10.56 | X10: =Tabela5[[#This Row],[Custo do M2 limpo pelo Agente]]*Tabela5[[#This Row],[Área Efetiva em Diária]] -> 10.599782 | Y10: =Tabela5[[#This Row],[Custo do M2 limpo pelo Líder]]*Tabela5[[#This Row],[Área Efetiva em Diária]] -> 2.4559444 | Z10: =IF(Tabela5[[#Totals],[Mão de Obras]]<=4,Tabela5[[#This Row],[Custo do M2 limpo pelo Agente]]*Tabela5[[#This Row],[Área Final para Remuneração]],Tabela5[[#This Row],[Custo Total do M2 limpo]]*Tabela5[[#This Row],[Área Final para Remuneração]]) -> 13.055726 | AA10: =IF(Tabela5[[#This Row],[Área Final para Remuneração]]="","",((Tabela5[[#This Row],[Área Efetiva em Diária]])*(8.8))/Tabela5[[#This Row],[Produtividade]]/24) -> 0.0014340741 | AB10: =IF(Tabela5[[#This Row],[Área Final para Remuneração]]="","",((Tabela5[[#This Row],[Área Efetiva em Diária]])*(8.8))/Tabela5[[#This Row],[Produtividade]]/24*Tabela5[[#This Row],[Frequência]]) -> 0.0028681481
A11: Diário | B11: Área externa (calçada 2) | C11: Lavar | D11: Térreo | E11: Lavar com jato de água de alta pressão quando necessário. Enxugar sempre que chover. | F11: 02.01.Pisos pavimentados adjacentes e contíguos às edificações | G11: 77 | H11: 02.Semanal | I11: 2700 | J11: 2 | K11: =IF(Tabela5[[#This Row],[Periodicidade]]="","",(VLOOKUP(Tabela5[[#This Row],[Periodicidade]],'PADRAO E REFERENCIA'!$F$3:$J$7,3,FALSE)*Tabela5[[#This Row],[Frequência]])) -> 0.4 | L11: =IF(Tabela5[[#This Row],[Rotina Diária]]="","",Tabela5[[#This Row],[Tamanho Real]]*Tabela5[[#This Row],[Rotina Diária]]) -> 30.8 | M11: =Tabela5[[#This Row],[Área Efetiva em Diária]]/Tabela5[[#This Row],[Produtividade]] -> 0.011407407 | N11: =(IF(Tabela5[[#This Row],[Produtividade]]="","",1/Tabela5[[#This Row],[Produtividade]])) -> 0.00037037037 | O11: =IF(Tabela5[[#This Row],[Produtividade]]="","",(VLOOKUP(Tabela5[[#This Row],[Periodicidade]],Tabela3[#All],2,FALSE))) -> 44 | P11: =1/Tabela5[[#This Row],[Frequência de Horas no Mês]] -> 0.022727273 | Q11: =Tabela5[[#This Row],[Jornada de Trabalho mês]]*Tabela5[[#This Row],[Frequência de Horas no Mês]]*Tabela5[[#This Row],[Produtividade (1/M2)]] -> 0.00037037037 | R11: =IF(Tabela5[[#This Row],[Atividades]]<>"Roçar",'PLANILHA DE CUSTOS'!$G$14,'PLANILHA DE CUSTOS'!$G$15) -> 2710.1715 | S11: ='PLANILHA DE CUSTOS'!$G$92 -> 3139.885 | T11: =IF(Tabela5[[#This Row],[Proporção de Horas Trabalhadas pela Produtividade Adotada2]]="","",Tabela5[[#This Row],[Proporção de Horas Trabalhadas pela Produtividade Adotada2]]*Tabela5[[#This Row],[ Valor Total por Agente de Limpeza ]]) -> 1.0037672 | U11: =IF(Tabela5[[#This Row],[Proporção de Horas Trabalhadas pela Produtividade Adotada2]]="","",Tabela5[[#This Row],[ Valor Total por Líder de Serviços ]]/Tabela5[[#Totals],[Mão de Obras]]*Tabela5[[#This Row],[Proporção de Horas Trabalhadas pela Produtividade Adotada2]]) -> 0.2325705 | V11: =IF(Tabela5[[#This Row],[Proporção de Horas Trabalhadas pela Produtividade Adotada2]]="","",Tabela5[[#This Row],[Custo do M2 limpo pelo Líder]]+Tabela5[[#This Row],[Custo do M2 limpo pelo Agente]]) -> 1.2363377 | W11: =IF(Tabela5[[#This Row],[Proporção de Horas Trabalhadas pela Produtividade Adotada2]]="","",Tabela5[[#This Row],[Área Efetiva em Diária]]) -> 30.8 | X11: =Tabela5[[#This Row],[Custo do M2 limpo pelo Agente]]*Tabela5[[#This Row],[Área Efetiva em Diária]] -> 30.91603 | Y11: =Tabela5[[#This Row],[Custo do M2 limpo pelo Líder]]*Tabela5[[#This Row],[Área Efetiva em Diária]] -> 7.1631713 | Z11: =IF(Tabela5[[#Totals],[Mão de Obras]]<=4,Tabela5[[#This Row],[Custo do M2 limpo pelo Agente]]*Tabela5[[#This Row],[Área Final para Remuneração]],Tabela5[[#This Row],[Custo Total do M2 limpo]]*Tabela5[[#This Row],[Área Final para Remuneração]]) -> 38.079201 | AA11: =IF(Tabela5[[#This Row],[Área Final para Remuneração]]="","",((Tabela5[[#This Row],[Área Efetiva em Diária]])*(8.8))/Tabela5[[#This Row],[Produtividade]]/24) -> 0.004182716 | AB11: =IF(Tabela5[[#This Row],[Área Final para Remuneração]]="","",((Tabela5[[#This Row],[Área Efetiva em Diária]])*(8.8))/Tabela5[[#This Row],[Produtividade]]/24*Tabela5[[#This Row],[Frequência]]) -> 0.0083654321
A12: Diário | B12: Sala de aula 3 -Anexo | C12: Recolher o lixo, varrer e passar pano | D12: Térreo | E12: Limpar e polir piso, as mesas, cadeiras, poltronas, armários, arquivos, prateleiras, peitoris, caixilhos das janelas e demais móveis existentes, extintores de incêndio e outros similares; Limpar os projetores e demais equipamentos sobre as mesas, com flanelas e com produtos adequados. Retirar o lixo, acondicionando-o em sacos plásticos de cem litros, removendo-os para local indicado pela Administração; Limpar os quadros em geral. Verificar e se necessário, limpar atrás, em cima ou embaixo dos móveis (armários, gaveteiros, mesas e etc.); | F12: 01.02.Pisos Frios | G12: 39 | H12: 01.Diária | I12: 1200 | J12: 3 | K12: =IF(Tabela5[[#This Row],[Periodicidade]]="","",(VLOOKUP(Tabela5[[#This Row],[Periodicidade]],'PADRAO E REFERENCIA'!$F$3:$J$7,3,FALSE)*Tabela5[[#This Row],[Frequência]])) -> 3 | L12: =IF(Tabela5[[#This Row],[Rotina Diária]]="","",Tabela5[[#This Row],[Tamanho Real]]*Tabela5[[#This Row],[Rotina Diária]]) -> 117 | M12: =Tabela5[[#This Row],[Área Efetiva em Diária]]/Tabela5[[#This Row],[Produtividade]] -> 0.0975 | N12: =(IF(Tabela5[[#This Row],[Produtividade]]="","",1/Tabela5[[#This Row],[Produtividade]])) -> 0.00083333333 | O12: =IF(Tabela5[[#This Row],[Produtividade]]="","",(VLOOKUP(Tabela5[[#This Row],[Periodicidade]],Tabela3[#All],2,FALSE))) -> 220 | P12: =1/Tabela5[[#This Row],[Frequência de Horas no Mês]] -> 0.0045454545 | Q12: =Tabela5[[#This Row],[Jornada de Trabalho mês]]*Tabela5[[#This Row],[Frequência de Horas no Mês]]*Tabela5[[#This Row],[Produtividade (1/M2)]] -> 0.00083333333 | R12: =IF(Tabela5[[#This Row],[Atividades]]<>"Roçar",'PLANILHA DE CUSTOS'!$G$14,'PLANILHA DE CUSTOS'!$G$15) -> 2710.1715 | S12: ='PLANILHA DE CUSTOS'!$G$92 -> 3139.885 | T12: =IF(Tabela5[[#This Row],[Proporção de Horas Trabalhadas pela Produtividade Adotada2]]="","",Tabela5[[#This Row],[Proporção de Horas Trabalhadas pela Produtividade Adotada2]]*Tabela5[[#This Row],[ Valor Total por Agente de Limpeza ]]) -> 2.2584762 | U12: =IF(Tabela5[[#This Row],[Proporção de Horas Trabalhadas pela Produtividade Adotada2]]="","",Tabela5[[#This Row],[ Valor Total por Líder de Serviços ]]/Tabela5[[#Totals],[Mão de Obras]]*Tabela5[[#This Row],[Proporção de Horas Trabalhadas pela Produtividade Adotada2]]) -> 0.52328362 | V12: =IF(Tabela5[[#This Row],[Proporção de Horas Trabalhadas pela Produtividade Adotada2]]="","",Tabela5[[#This Row],[Custo do M2 limpo pelo Líder]]+Tabela5[[#This Row],[Custo do M2 limpo pelo Agente]]) -> 2.7817598 | W12: =IF(Tabela5[[#This Row],[Proporção de Horas Trabalhadas pela Produtividade Adotada2]]="","",Tabela5[[#This Row],[Área Efetiva em Diária]]) -> 117 | X12: =Tabela5[[#This Row],[Custo do M2 limpo pelo Agente]]*Tabela5[[#This Row],[Área Efetiva em Diária]] -> 264.24172 | Y12: =Tabela5[[#This Row],[Custo do M2 limpo pelo Líder]]*Tabela5[[#This Row],[Área Efetiva em Diária]] -> 61.224183 | Z12: =IF(Tabela5[[#Totals],[Mão de Obras]]<=4,Tabela5[[#This Row],[Custo do M2 limpo pelo Agente]]*Tabela5[[#This Row],[Área Final para Remuneração]],Tabela5[[#This Row],[Custo Total do M2 limpo]]*Tabela5[[#This Row],[Área Final para Remuneração]]) -> 325.4659 | AA12: =IF(Tabela5[[#This Row],[Área Final para Remuneração]]="","",((Tabela5[[#This Row],[Área Efetiva em Diária]])*(8.8))/Tabela5[[#This Row],[Produtividade]]/24) -> 0.03575 | AB12: =IF(Tabela5[[#This Row],[Área Final para Remuneração]]="","",((Tabela5[[#This Row],[Área Efetiva em Diária]])*(8.8))/Tabela5[[#This Row],[Produtividade]]/24*Tabela5[[#This Row],[Frequência]]) -> 0.10725
A13: Diário | B13: Sala de aula 4 -Anexo | C13: Recolher o lixo, varrer e passar pano | D13: Térreo | E13: Limpar e polir piso, as mesas, cadeiras, poltronas, armários, arquivos, prateleiras, peitoris, caixilhos das janelas e demais móveis existentes, extintores de incêndio e outros similares; Limpar os projetores e demais equipamentos sobre as mesas, com flanelas e com produtos adequados. Retirar o lixo, acondicionando-o em sacos plásticos de cem litros, removendo-os para local indicado pela Administração; Limpar os quadros em geral. Verificar e se necessário, limpar atrás, em cima ou embaixo dos móveis (armários, gaveteiros, mesas e etc.); | F13: 01.02.Pisos Frios | G13: 39 | H13: 01.Diária | I13: 1200 | J13: 3 | K13: =IF(Tabela5[[#This Row],[Periodicidade]]="","",(VLOOKUP(Tabela5[[#This Row],[Periodicidade]],'PADRAO E REFERENCIA'!$F$3:$J$7,3,FALSE)*Tabela5[[#This Row],[Frequência]])) -> 3 | L13: =IF(Tabela5[[#This Row],[Rotina Diária]]="","",Tabela5[[#This Row],[Tamanho Real]]*Tabela5[[#This Row],[Rotina Diária]]) -> 117 | M13: =Tabela5[[#This Row],[Área Efetiva em Diária]]/Tabela5[[#This Row],[Produtividade]] -> 0.0975 | N13: =(IF(Tabela5[[#This Row],[Produtividade]]="","",1/Tabela5[[#This Row],[Produtividade]])) -> 0.00083333333 | O13: =IF(Tabela5[[#This Row],[Produtividade]]="","",(VLOOKUP(Tabela5[[#This Row],[Periodicidade]],Tabela3[#All],2,FALSE))) -> 220 | P13: =1/Tabela5[[#This Row],[Frequência de Horas no Mês]] -> 0.0045454545 | Q13: =Tabela5[[#This Row],[Jornada de Trabalho mês]]*Tabela5[[#This Row],[Frequência de Horas no Mês]]*Tabela5[[#This Row],[Produtividade (1/M2)]] -> 0.00083333333 | R13: =IF(Tabela5[[#This Row],[Atividades]]<>"Roçar",'PLANILHA DE CUSTOS'!$G$14,'PLANILHA DE CUSTOS'!$G$15) -> 2710.1715 | S13: ='PLANILHA DE CUSTOS'!$G$92 -> 3139.885 | T13: =IF(Tabela5[[#This Row],[Proporção de Horas Trabalhadas pela Produtividade Adotada2]]="","",Tabela5[[#This Row],[Proporção de Horas Trabalhadas pela Produtividade Adotada2]]*Tabela5[[#This Row],[ Valor Total por Agente de Limpeza ]]) -> 2.2584762 | U13: =IF(Tabela5[[#This Row],[Proporção de Horas Trabalhadas pela Produtividade Adotada2]]="","",Tabela5[[#This Row],[ Valor Total por Líder de Serviços ]]/Tabela5[[#Totals],[Mão de Obras]]*Tabela5[[#This Row],[Proporção de Horas Trabalhadas pela Produtividade Adotada2]]) -> 0.52328362 | V13: =IF(Tabela5[[#This Row],[Proporção de Horas Trabalhadas pela Produtividade Adotada2]]="","",Tabela5[[#This Row],[Custo do M2 limpo pelo Líder]]+Tabela5[[#This Row],[Custo do M2 limpo pelo Agente]]) -> 2.7817598 | W13: =IF(Tabela5[[#This Row],[Proporção de Horas Trabalhadas pela Produtividade Adotada2]]="","",Tabela5[[#This Row],[Área Efetiva em Diária]]) -> 117 | X13: =Tabela5[[#This Row],[Custo do M2 limpo pelo Agente]]*Tabela5[[#This Row],[Área Efetiva em Diária]] -> 264.24172 | Y13: =Tabela5[[#This Row],[Custo do M2 limpo pelo Líder]]*Tabela5[[#This Row],[Área Efetiva em Diária]] -> 61.224183 | Z13: =IF(Tabela5[[#Totals],[Mão de Obras]]<=4,Tabela5[[#This Row],[Custo do M2 limpo pelo Agente]]*Tabela5[[#This Row],[Área Final para Remuneração]],Tabela5[[#This Row],[Custo Total do M2 limpo]]*Tabela5[[#This Row],[Área Final para Remuneração]]) -> 325.4659 | AA13: =IF(Tabela5[[#This Row],[Área Final para Remuneração]]="","",((Tabela5[[#This Row],[Área Efetiva em Diária]])*(8.8))/Tabela5[[#This Row],[Produtividade]]/24) -> 0.03575 | AB13: =IF(Tabela5[[#This Row],[Área Final para Remuneração]]="","",((Tabela5[[#This Row],[Área Efetiva em Diária]])*(8.8))/Tabela5[[#This Row],[Produtividade]]/24*Tabela5[[#This Row],[Frequência]]) -> 0.10725
... A50: Mensal | B50: Caixa D'água | C50: Lavar | D50: Térreo | E50: Com o reservatório vazio, escovar as paredes e o fundo do reservatório com escova com cerdas de nylon ou piaçava e remover todo material desprendido. Pode ser utilizado esguicho de água nas paredes e no fundo e, nesse caso, as águas de lavagens devem ser descartadas através da tubulação de limpeza na galeria de água pluviais. Enxaguar todo o reservatório lançando o resíduo através da tubulação de limpeza, na galeria de águas pluviais. Encher a caixa e acrescente 1 litro de água sanitária para cada 1.000 (mil) litros de água. Esperar 2 horas, feche a entrada de água e esvazie a caixa. Esta água servirá para limpar e desinfetar os canos. | F50: 01.06.Banheiros | G50: 2.49 | H50: 04.Mensal | I50: 300 | J50: 2 | K50: =IF(Tabela5[[#This Row],[Periodicidade]]="","",(VLOOKUP(Tabela5[[#This Row],[Periodicidade]],'PADRAO E REFERENCIA'!$F$3:$J$7,3,FALSE)*Tabela5[[#This Row],[Frequência]])) -> 0.08 | L50: =IF(Tabela5[[#This Row],[Rotina Diária]]="","",Tabela5[[#This Row],[Tamanho Real]]*Tabela5[[#This Row],[Rotina Diária]]) -> 0.1992 | M50: =Tabela5[[#This Row],[Área Efetiva em Diária]]/Tabela5[[#This Row],[Produtividade]] -> 0.000664 | N50: =(IF(Tabela5[[#This Row],[Produtividade]]="","",1/Tabela5[[#This Row],[Produtividade]])) -> 0.0033333333 | O50: =IF(Tabela5[[#This Row],[Produtividade]]="","",(VLOOKUP(Tabela5[[#This Row],[Periodicidade]],Tabela3[#All],2,FALSE))) -> 8.8 | P50: =1/Tabela5[[#This Row],[Frequência de Horas no Mês]] -> 0.11363636 | Q50: =Tabela5[[#This Row],[Jornada de Trabalho mês]]*Tabela5[[#This Row],[Frequência de Horas no Mês]]*Tabela5[[#This Row],[Produtividade (1/M2)]] -> 0.0033333333 | R50: =IF(Tabela5[[#This Row],[Atividades]]<>"Roçar",'PLANILHA DE CUSTOS'!$G$14,'PLANILHA DE CUSTOS'!$G$15) -> 2710.1715 | S50: ='PLANILHA DE CUSTOS'!$G$92 -> 3139.885 | T50: =IF(Tabela5[[#This Row],[Proporção de Horas Trabalhadas pela Produtividade Adotada2]]="","",Tabela5[[#This Row],[Proporção de Horas Trabalhadas pela Produtividade Adotada2]]*Tabela5[[#This Row],[ Valor Total por Agente de Limpeza ]]) -> 9.0339049 | U50: =IF(Tabela5[[#This Row],[Proporção de Horas Trabalhadas pela Produtividade Adotada2]]="","",Tabela5[[#This Row],[ Valor Total por Líder de Serviços ]]/Tabela5[[#Totals],[Mão de Obras]]*Tabela5[[#This Row],[Proporção de Horas Trabalhadas pela Produtividade Adotada2]]) -> 2.0931345 | V50: =IF(Tabela5[[#This Row],[Proporção de Horas Trabalhadas pela Produtividade Adotada2]]="","",Tabela5[[#This Row],[Custo do M2 limpo pelo Líder]]+Tabela5[[#This Row],[Custo do M2 limpo pelo Agente]]) -> 11.127039 | W50: =IF(Tabela5[[#This Row],[Proporção de Horas Trabalhadas pela Produtividade Adotada2]]="","",Tabela5[[#This Row],[Área Efetiva em Diária]]) -> 0.1992 | X50: =Tabela5[[#This Row],[Custo do M2 limpo pelo Agente]]*Tabela5[[#This Row],[Área Efetiva em Diária]] -> 1.7995538 | Y50: =Tabela5[[#This Row],[Custo do M2 limpo pelo Líder]]*Tabela5[[#This Row],[Área Efetiva em Diária]] -> 0.41695239 | Z50: =IF(Tabela5[[#Totals],[Mão de Obras]]<=4,Tabela5[[#This Row],[Custo do M2 limpo pelo Agente]]*Tabela5[[#This Row],[Área Final para Remuneração]],Tabela5[[#This Row],[Custo Total do M2 limpo]]*Tabela5[[#This Row],[Área Final para Remuneração]]) -> 2.2165062 | AA50: =IF(Tabela5[[#This Row],[Área Final para Remuneração]]="","",((Tabela5[[#This Row],[Área Efetiva em Diária]])*(8.8))/Tabela5[[#This Row],[Produtividade]]/24) -> 0.00024346667 | AB50: =IF(Tabela5[[#This Row],[Área Final para Remuneração]]="","",((Tabela5[[#This Row],[Área Efetiva em Diária]])*(8.8))/Tabela5[[#This Row],[Produtividade]]/24*Tabela5[[#This Row],[Frequência]]) -> 0.00048693333
A51: Total | G51: =SUBTOTAL(109,Tabela5[Tamanho Real]) -> 1578.154 | L51: =SUBTOTAL(109,Tabela5[Área Efetiva em Diária]) -> 4252.1404 | M51: =SUBTOTAL(109,Tabela5[Mão de Obras]) -> 5.0002919 | R51: =SUBTOTAL(101,Tabela5[[ Valor Total por Agente de Limpeza ]]) -> 2710.1715 | S51: =SUBTOTAL(101,Tabela5[[ Valor Total por Líder de Serviços ]]) -> 3139.885 | T51: =SUBTOTAL(101,Tabela5[Custo do M2 limpo pelo Agente]) -> 4.0820467 | U51: =SUBTOTAL(101,Tabela5[Custo do M2 limpo pelo Líder]) -> 0.9458006 | V51: =SUBTOTAL(101,Tabela5[Custo Total do M2 limpo]) -> 5.0278473 | W51: =SUBTOTAL(109,Tabela5[Área Final para Remuneração]) -> 4252.1404 | X51: =SUBTOTAL(109,Tabela5[Custo Mensal Estimado Agente]) -> 13551.648 | Y51: =SUBTOTAL(109,Tabela5[Custo Mensal Estimado Lider]) -> 3139.885 | Z51: =SUBTOTAL(109,Tabela5[Remuneração Mensal]) -> 16691.533 | AA51: =SUBTOTAL(109,Tabela5[Tempo Unitário Estimado das Atividades]) -> 1.8334404 | AB51: =SUBTOTAL(109,Tabela5[Tempo Total Estimado das Atividades]) -> 5.1908079
X55: =#REF! -> #REF! | Y55: =#REF! -> #REF!
Y56: =Tabela5[[#Totals],[Custo Mensal Estimado Lider]]-Y55 -> #REF!
X57: =Tabela5[[#Totals],[Custo Mensal Estimado Agente]]-X55 -> #REF! | Y57: =X57*12 -> #REF!

Sheet Orientações
A1: O que é insalubridade?
A2: Segundo a CLT, é considerada atividade insalubre aquela em que o trabalhador é exposto a agentes nocivos à saúde acima dos limites tolerados pelo Ministério do Trabalho e Emprego.
A3: Como é determinada se a atividade é insalubre?
A4: A Norma Regulamentadora 15, do Ministério do Trabalho, é que define o que é atividade insalubre. Há grau mínimo, médio e máximo.
A5: Clique aqui para ver a norma e saber em qual grau cada atividade é enquadrada.
A6: Qual a diferença entre insalubridade e periculosidade?
A7: É considerada atividade perigosa aquela em que o trabalhador não está diretamente exposto a agentes nocivos, mas corre risco de sofrer ferimentos ou de morrer. Nesse caso, o adicional é calculado sobre 30% do salário-base. Os adicionais de periculosidade e de insalubridade não são cumulativos: ou o trabalhador recebe um ou recebe outro.
A8: Como é calculado o adicional de insalubridade?
A9: O trabalhador que atua com atividade insalubre no grau mínimo recebe 10% de adicional de insalubridade. Quem atua com grau médio, recebe o percentual de 20%. No grau máximo, o percentual é de 40%.
A10: Qual a base de cálculo para o benefício?
A11: A definição da base de cálculo é polêmica. Há diferentes decisões judiciais, que determinam o cálculo sobre o salário mínimo, sobre o salário base do trabalhador, sobre o piso da categoria ou sobre a remuneração total do empregado.
A12: Quem nunca recebeu e julga que tem o direito ou quem considera equivocada a base de cálculo utilizada pode questionar na Justiça?
... A44: Parágrafo Terceiro – Fica certo e de acordo entre as entidades sindicais, que será adotado 01 (um) líder de serviços, para contratos que tenham de 05 (cinco) até 10 (dez) Funcionários, acima de 10 (dez) deverá ser contratado um Encarregado de Serviços, conforme descrito na tabela de ordem salarial.
